Workbook

Sheet 收支总表
H1: 预算01表
A2: 收 支 总 表
H3: 单位:元
A4: 收 入 | C4: 支 出
A5: 项 目 | B5: 本年预算 | C5: 项 目(按功能分类) | D5: 本年预算 | E5: 项 目(按部门预算经济分类) | F5: 本年预算 | G5: 项 目(按政府预算经济分类) | H5: 本年预算
A6: 一、一般公共预算拨款 | B6: =B7+B8+B9 -> 48083397 | C6: 一、一般公共服务支出 | D6: 916744 | E6: 一、基本支出 | F6: =F7+F8+F9 -> 46583397 | G6: 一、机关工资福利支出 | H6: =[1]收支总表!$H$6+[2]收支总表!$H$6+[3]收支总表!$H$6+[4]收支总表!$H$6 -> 19519089
A7: 经费拨款 | B7: 38083397 | C7: 二、外交支出 | E7: 工资福利支出 | F7: =[1]收支总表!$F$7+[2]收支总表!$F$7+[3]收支总表!$F$7+[4]收支总表!$F$7 -> 36709535 | G7: 二、机关商品和服务支出 | H7: =[1]收支总表!$H$7+[2]收支总表!$H$7+[3]收支总表!$H$7+[4]收支总表!$H$7 -> 29201915
A8: 纳入预算管理的非税收入拨款 | B8: 8000000 | C8: 三、国防支出 | E8: 商品和服务支出 | F8: =[1]收支总表!$F$8+[2]收支总表!$F$8+[3]收支总表!$F$8+[4]收支总表!$F$8 -> 9811222 | G8: 三、机关资本性支出(一)
A9: 罚没收入拨款 | B9: 2000000 | C9: 四、公共安全支出 | E9: 对个人和家庭的补助 | F9: =[1]收支总表!$F$9+[2]收支总表!$F$9+[3]收支总表!$F$9+[4]收支总表!$F$9 -> 62640 | G9: 四、机关资本性支出(二)
A10: 二、政府性基金预算拨款 | B10: 23216000 | C10: 五、教育支出 | G10: 五、对事业单位经常性补助 | H10: =[1]收支总表!$H$10+[2]收支总表!$H$10+[3]收支总表!$H$10+[4]收支总表!$H$10 -> 21849753
A11: 三、其他收入 | C11: 六、科学技术支出 | E11: 二、项目支出 | F11: =F12 -> 24716000 | G11: 六、对事业单位资本性补助
A12: 四、上年结转 | C12: 七、文化体育与传媒支出 | E12: 商品和服务支出 | F12: =[1]收支总表!$F$12+[2]收支总表!$F$12+[3]收支总表!$F$12+[4]收支总表!$F$12 -> 24716000 | G12: 七、对企业补助
A13: （一）、一般公共预算拨款 | C13: 八、社会保障和就业支出 | D13: 1432280 | E13: 对个人和家庭的补助 | G13: 八、对企业资本性支出
A14: （二）、政府性基金预算拨款 | C14: 九、社会保险支出 | E14: 债务利息及费用支出 | G14: 九、对个人和家庭的补助 | H14: ='一般公共预算拨款--经费拨款预算表(按政府预算经济分类)'!M7 -> 62640
A15: 五、事业单位经营服务收入 | C15: 十、卫生健康支出 | E15: 资本性支出(基本建设) | G15: 十、对社会保障基金补助
A16: 六、其他收入 | C16: 十一、节能环保支出 | E16: 资本性支出 | G16: 十一、债务利息及费用支出
C17: 十二、城乡社区支出 | D17: 24356000 | E17: 对企业补助(基本建设) | G17: 十二、债务还本支出
C18: 十三、农林水支出 | E18: 对企业补助 | G18: 十三、转移性支出
C19: 十四、交通运输支出 | E19: 对社会保障基金补助 | G19: 十四、预留费及预留
C20: 十五、资源勘探信息等支出 | E20: 其他支出 | G20: 十五、其他支出 | H20: ='支出总体情况表(政府预算)'!S7 -> 666000
C21: 十六、商业服务业等支出 | E21: 三、事业单位经营服务支出
C22: 十七、金融支出 | E22: 四、上缴上级支出
C23: 十八、援助其他地区支出 | E23: 五、对附属单位补助支出
C24: 十九、自然资源海洋气象支出 | D24: 40277293
C25: 二十、住房保障支出 | D25: 2817080
C26: 二一、粮油物资储备支出
C27: 二二、预备费
C28: 二三、其他支出 | D28: 1500000
C29: 二四、转移性支出
C30: 二五、债务还本支出
C31: 二六、债务付息支出
C32: 二七、债务发行费用支出
A33: 本 年 收 入 合 计 | B33: 71299397 | C33: 本 年 支 出 合 计 | D33: =SUM(D6:D32) -> 71299397 | E33: 本 年 支 出 合 计 | F33: =F6+F12 -> 71299397 | G33: 本 年 支 出 合 计 | H33: =SUM(H6:H20) -> 71299397
A34: 七、用事业基金弥补收支差额 | E34: 六、结转下年
A35: 八、上年结转
A36: 收 入 总 计 | B36: 71299397 | C36: 支 出 总 计 | D36: 71299397 | E36: 支 出 总 计 | F36: =F33 -> 71299397 | G36: 支 出 总 计 | H36: =H33 -> 71299397

Sheet 收入总体情况表
O1: 预算02表
A2: 收入总体情况表
O3: 单位：元
A4: 单位代码 | B4: 单位名称 | C4: 总计 | D4: 公共财政拨款 | H4: 政府性基金拨款 | I4: 纳入专户管理的非税收入拨款 | J4: 上级补助收入 | L4: 事业单位经营服务收入 | M4: 其他收入 | N4: 用事业基金弥补收支差额 | O4: 上年结转
D5: 公共财政拨款小计 | E5: 经费拨款 | F5: 纳入公共预算管理的非税收入拨款 | G5: 罚没收入拨款
J6: 公共财政补助 | K6: 政府性基金补助
A7: 401 | B7: 汨罗市自然资源局系统 | C7: =SUM(C8:C11) -> 71299397 | D7: =SUM(D8:D11) -> 48083397 | E7: =SUM(E8:E11) -> 38083397 | F7: =SUM(F8:F11) -> 8000000 | G7: =SUM(G8:G11) -> 2000000 | H7: =SUM(H8:H11) -> 23216000 | I7: =SUM(I8:I11) -> 0 | J7: =SUM(J8:J11) -> 0 | ... M7: =SUM(M8:M11) -> 0 | N7: =N8+N9+N10+N11 -> 0 | O7: =O8+O9+O10+O11 -> 0
A8: 401001 | B8: 汨罗市自然资源局本级 | C8: =D8+H8+K8+I8+L8+M8+N8+O8 -> 48783644 | D8: =E8+F8+G8 -> 26233644 | E8: 16233644 | F8: 8000000 | G8: 2000000 | H8: 22550000
A9: 401005 | B9: 汨罗市国土资源局乡镇国土所 | C9: =D9 -> 14493504 | D9: =E9 -> 14493504 | E9: 14493504
A10: 401006 | B10: 汨罗市土地综合整治中心 | C10: =D10 -> 2357013 | D10: =E10 -> 2357013 | E10: 2357013
A11: 401008 | B11: 汨罗市不动产登记中心 | C11: =D11+H11 -> 5665236 | D11: =E11 -> 4999236 | E11: =4999236 -> 4999236 | F11: 0 | H11: 666000

Sheet 支出总体情况表
P1: 预算03表
A2: 支出总体情况表
P3: 单位：元
A4: 功能科目 | B4: 单位代码 | C4: 单位名称(功能科目) | D4: 总 计 | E4: 公共财政拨款 | I4: 政府性基金拨款 | J4: 纳入专户管理的非税收入拨款 | K4: 上级补助收入 | M4: 事业单位经营服务收入 | N4: 其他收入 | O4: 用事业基金弥补收支差额 | P4: 上年结转
E5: 公共财政拨款合计 | F5: 经费拨款 | G5: 纳入公共预算管理的非税收入拨款 | H5: 罚没收入拨款
K6: 公共财政补助 | L6: 政府性基金补助
B7: 401 | C7: 汨罗市自然资源局系统 | D7: =D8+D21+D25+D29 -> 71299397 | E7: =F7+G7+H7 -> 48083397 | F7: =F8+F21+F25+F29 -> 38083397 | G7: 8000000 | H7: 2000000 | I7: =I8+I29 -> 23216000 | O7: =O8+O12+O16+O20 -> 0 | P7: =P8+P12+P16+P20 -> 0
B8: 401001 | C8: 汨罗市自然资源局本级 | D8: =D9+D13+D16 -> 48783644 | E8: =E9+E13+E16 -> 26233644 | F8: =F9+F13+F16 -> 16233644 | G8: =G9+G13+G16 -> 8000000 | H8: =H9+H13+H16 -> 2000000 | I8: =I9+I13+I16 -> 22550000 | N8: =N9+N13+N16 -> 0 | O8: =O9 -> 0
A9: 220 | B9: 401001 | C9: 自然资源海洋气象等支出 | D9: =D10 -> 23613420 | E9: =E10 -> 23613420 | F9: =F10 -> 13613420 | G9: =G10 -> 8000000 | H9: =H10 -> 2000000 | N9: =N10 -> 0 | O9: =O10 -> 0
A10: 22001 | B10: 401001 | C10: 自然资源事务 | D10: =D11+D12 -> 23613420 | E10: =E11+E12 -> 23613420 | F10: =F11+F12 -> 13613420 | G10: =G11+G12 -> 8000000 | H10: =H11+H12 -> 2000000 | N10: =N11+N12 -> 0 | O10: =O11 -> 0
A11: 2200101 | B11: 401001 | C11: 行政运行 | D11: =E11+I11+N11 -> 21000547 | E11: =SUM(F11:H11) -> 21000547 | F11: 11000547 | G11: 8000000 | H11: 2000000
A12: 2200102 | B12: 401001 | C12: 一般行政管理事务 | D12: =E12+I12+N12 -> 2612873 | E12: =SUM(F12:H12) -> 2612873 | F12: =2612873 -> 2612873 | O12: =O13 -> 0 | P12: =P13 -> 0
A13: 221 | B13: 401001 | C13: 住房保障支出 | D13: =D14 -> 1480224 | E13: =E14 -> 1480224 | F13: =F14 -> 1480224 | O13: =O14 -> 0 | P13: =P14 -> 0
A14: 22102 | B14: 401001 | C14: 住房改革支出 | D14: =D15 -> 1480224 | E14: =E15 -> 1480224 | F14: =F15 -> 1480224 | O14: =O15 -> 0 | P14: =P15 -> 0
A15: 2210201 | B15: 401001 | C15: 住房公积金 | D15: =E15+I15+N15 -> 1480224 | E15: =SUM(F15:H15) -> 1480224 | F15: 1480224
A16: 212 | B16: 401001 | C16: 城乡社区支出 | D16: =D17+D19 -> 23690000 | E16: =E17+E19 -> 1140000 | F16: =F17+F19 -> 1140000 | I16: =I17+I19 -> 22550000 | O16: =O17 -> 0 | P16: =P17 -> 0
A17: 21208 | B17: 401001 | C17: 国有土地使用权出让收入安排的支出 | D17: =D18 -> 22550000 | I17: =I18 -> 22550000 | O17: =O18 -> 0 | P17: =P18 -> 0
A18: 2120899 | B18: 401001 | C18: 其他国有土地使用权出让收入安排的支出 | D18: =E18+I18+N18 -> 22550000 | I18: 22550000 | O18: =O19 -> 0 | P18: =P19 -> 0
A19: 21202 | B19: 401001 | C19: 城乡社区规划与管理 | D19: =D20 -> 1140000 | E19: =E20 -> 1140000 | F19: =F20 -> 1140000
A20: 2120201 | B20: 401001 | C20: 城乡社区规划与管理 | D20: =E20+I20+N20 -> 1140000 | E20: =SUM(F20:H20) -> 1140000 | F20: 1140000 | O20: =O21 -> 0 | P20: =P21 -> 0
B21: 401005 | C21: 汨罗市国土资源局乡镇国土所 | D21: 14493504 | E21: 14493504 | F21: 14493504 | O21: =O22 -> 0 | P21: =P22 -> 0
A22: 220 | B22: 401005 | C22: 自然资源海洋气象等支出 | D22: 14493504 | E22: 14493504 | F22: 14493504 | O22: =O23 -> 0 | P22: =P23 -> 0
A23: 22001 | B23: 401005 | C23: 自然资源海洋事务 | D23: 14493504 | E23: 14493504 | F23: 14493504
A24: 2200150 | B24: 401005 | C24: 事业运行 | D24: 14493504 | E24: 14493504 | F24: 14493504
B25: 401006 | C25: 汨罗市土地综合整治中心 | D25: =E25 -> 2357013 | E25: 2357013 | F25: 2357013
A26: 220 | B26: 401006 | C26: 自然资源海洋气象等支出 | D26: =E26 -> 2357013 | E26: 2357013 | F26: 2357013
A27: 22001 | B27: 401006 | C27: 自然资源事务 | D27: =E27 -> 2357013 | E27: 2357013 | F27: 2357013
A28: 2200150 | B28: 401006 | C28: 事业运行 | D28: =E28 -> 2357013 | E28: 2357013 | F28: 2357013
B29: 401008 | C29: 汨罗市不动产登记中心 | D29: =D32+D38+D41+D35 -> 5665236 | E29: =E32+E38+E41+E35 -> 4999236 | F29: =F32+F38+F41+F35 -> 4999236 | G29: =G32+G38+G41+G35 -> 0 | I29: =I32+I38+I41+I35 -> 666000
A30: 201 | B30: 401008 | C30: 一般公共服务支出 | D30: =E30 -> 784733 | E30: =F30 -> 784733 | F30: =784212+521 -> 784733
A31: 20199 | B31: 401008 | C31: 其他一般公共服务支出 | D31: =D30 -> 784733 | E31: =E30 -> 784733 | F31: =F30 -> 784733
A32: 2019999 | B32: 401008 | C32: 其他一般公共服务支出 | D32: =E32+I32+M32 -> 784733 | E32: =F32 -> 784733 | F32: =784212+521 -> 784733
A33: 212 | B33: 401008 | C33: 城乡社区支出 | D33: =E33+I33+M33 -> 666000 | I33: 666000
A34: 21208 | B34: 401008 | C34: 国有土地使用权出让收入安排的支出 | D34: =E34+I34+M34 -> 666000 | I34: 666000
A35: 2120899 | B35: 401008 | C35: 其他国有土地使用权出让收入安排的支出 | D35: =E35+I35+M35 -> 666000 | I35: 666000
A36: 220 | B36: 401008 | C36: 自然资源海洋气象等支出 | D36: 3886249 | E36: 3886249 | F36: 3886249
A37: 22001 | B37: 401008 | C37: 自然资源海洋事务 | D37: 3886249 | E37: 3886249 | F37: 3886249
A38: 2200150 | B38: 401008 | C38: 事业运行 | D38: =E38+I38+M38 -> 3886249 | E38: =F38 -> 3886249 | F38: 3886249
A39: 221 | B39: 401008 | C39: 住房保障支出 | D39: =E39+I39+M39 -> 328254 | E39: =F39 -> 328254 | F39: 328254
A40: 22102 | B40: 401008 | C40: 住房改革支出 | D40: =E40+I40+M40 -> 328254 | E40: =F40 -> 328254 | F40: 328254
A41: 2210201 | B41: 401008 | C41: 住房公积金 | D41: =E41+I41+M41 -> 328254 | E41: =F41 -> 328254 | F41: 328254

Sheet 财政拨款收支总表
F1: 预算04表
A2: 财政拨款收支总表
A3: 单位名称：汨罗市自然资源局系统 | F3: 单位：元
A4: 收 入 | C4: 支 出
A5: 项 目 | B5: 预算数 | C5: 项 目（功能科目） | D5: 合计 | E5: 一般公共预算 | F5: 政府性基金预算
A6: 一、一般公共预算拨款 | B6: =SUM(B7:B9) -> 48083397 | C6: 一、一般公共服务支出 | D6: =E6 -> 916744 | E6: =[1]财政拨款收支总表!$E$7+[2]财政拨款收支总表!$E$7+[3]财政拨款收支总表!$E$11+[4]财政拨款收支总表!$E$8 -> 916744
A7: 经费拨款 | B7: 38083397 | C7: 二、外交支出 | D7: =E7+F7 -> 0
A8: 纳入预算管理的非税收入拨款 | B8: 8000000 | C8: 三、国防支出 | D8: =E8+F8 -> 0
A9: 罚没收入拨款 | B9: 2000000 | C9: 四、公共安全支出 | D9: =E9+F9 -> 0
A10: 二、政府性基金预算拨款 | B10: 23216000 | C10: 五、教育支出 | D10: =E10+F10 -> 0
A11: 三、上年结转 | C11: 六、科学技术支出 | D11: =E11+F11 -> 0
A12: （一）、一般公共预算拨款 | C12: 七、文化体育与传媒支出 | D12: =E12+F12 -> 0
A13: （二）、政府性基金预算拨款 | C13: 八、社会保障和就业支出 | D13: =E13+F13 -> 1432280 | E13: =[2]财政拨款收支总表!$E$14+[1]财政拨款收支总表!$E$14+[3]财政拨款收支总表!$E$18+[4]财政拨款收支总表!$E$15 -> 1432280
C14: 九、卫生健康支出 | D14: =E14+F14 -> 0
C15: 十、节能环保支出 | D15: =E15+F15 -> 0
C16: 十一、城乡社区支出 | D16: =E16+F16 -> 24356000 | E16: =[1]财政拨款收支总表!$E$17+[2]财政拨款收支总表!$E$17+[3]财政拨款收支总表!$E$21+[4]财政拨款收支总表!$E$18 -> 1140000 | F16: =[1]财政拨款收支总表!$F$17+[2]财政拨款收支总表!$F$17+[3]财政拨款收支总表!$F$21+[4]财政拨款收支总表!$F$18 -> 23216000
C17: 十二、农林水支出 | D17: =E17+F17 -> 0
C18: 十三、交通运输支出 | D18: =E18+F18 -> 0
C19: 十四、资源勘探信息等支出 | D19: =E19+F19 -> 0
C20: 十五、商业服务业等支出 | D20: =E20+F20 -> 0
C21: 十六、金融支出 | D21: =E21+F21 -> 0
C22: 十七、援助其他地区支出 | D22: =E22+F22 -> 0
C23: 十八、自然资源海洋气象支出 | D23: =E23 -> 40277293 | E23: =[1]财政拨款收支总表!$E$24+[2]财政拨款收支总表!$E$24+[3]财政拨款收支总表!$E$28+[4]财政拨款收支总表!$E$25 -> 40277293
C24: 十九、住房保障支出 | D24: =E24+F24 -> 2817080 | E24: =[1]财政拨款收支总表!$E$25+[2]财政拨款收支总表!$E$25+[3]财政拨款收支总表!$E$29+[4]财政拨款收支总表!$E$26 -> 2817080
C25: 二十、其他支出 | D25: =E25+F25 -> 1500000 | E25: 1500000
A26: 本 年 收 入 合 计 | B26: =SUM(B7:B25) -> 71299397 | C26: 总计 | D26: =SUM(D6:D25) -> 71299397 | E26: =SUM(E6:E25) -> 48083397 | F26: =SUM(F6:F25) -> 23216000

Sheet 一般公共预算支出情况表
V1: 预算05表
A2: 一般公共预算支出情况表
V3: 单位：元
A4: 功能科目 | B4: 单位代码 | C4: 单位名称(功能科目) | D4: 总计 | E4: 基本支出 | I4: 项目支出 | S4: 事业单位经营服务支出 | T4: 上缴上级支出 | U4: 对附属单位补助支出 | V4: 结转下年
E5: 合计 | F5: 工资福利支出 | G5: 一般商品和服务支出 | H5: 对个人和家庭的补助 | I5: 合计 | J5: 专项商品和服务支出 | K5: 专项对个人和家庭的补助 | L5: 债务利息及费用支出 | M5: 资本性支出(基本建设) | N5: 资本性支出 | O5: 对企业补助(基本建设) | P5: 对企业补助 | Q5: 对社会保障基金补助 | R5: 其他支出
B7: 401 | C7: 汨罗市自然资源局系统 | D7: =E7+I7 -> 48083397 | E7: =F7+G7+H7 -> 46583397 | F7: =SUM(F8+F19+F29+F48) -> 36709535 | G7: =SUM(G8+G19+G29+G48) -> 9811222 | H7: =SUM(H8+H19+H29+H48) -> 62640 | I7: =SUM(I8+I19+I29+I48) -> 1500000 | J7: =SUM(J8+J19+J29+J48) -> 1500000 | K7: =SUM(K8+K19+K29+K48) -> 0 | L7: =SUM(L8+L19+L29+L48) -> 0 | M7: =SUM(M8+M19+M29+M48) -> 0 | ... V7: =SUM(V8+V19+V29+V48) -> 0
B8: 401001 | C8: 汨罗市自然资源局本级 | D8: 26233644 | E8: 26233644 | F8: 19519089 | G8: 6651915 | H8: 62640 | K8: 0 | L8: 0 | M8: 0 | N8: 0 | O8: 0 | P8: 0 | Q8: 0 | R8: 0 | S8: 0 | T8: 0 | U8: 0 | V8: 0
A9: 220 | B9: 401001 | C9: 自然资源海洋气象等支出 | D9: 23613420 | E9: 23613420 | F9: 18038865 | G9: 5511915 | H9: 62640
A10: 22001 | B10: 401001 | C10: 自然资源事务 | D10: 23613420 | E10: 23613420 | F10: 18038865 | G10: 5511915 | H10: 62640
A11: 2200101 | B11: 401001 | C11: 行政运行 | D11: 21000547 | E11: 21000547 | F11: 18038865 | G11: 2899042 | H11: 62640 | I11: 0
A12: 2200102 | B12: 401001 | C12: 一般行政管理事务 | D12: 2612873 | E12: 2612873 | G12: 2612873
A13: 221 | B13: 401001 | C13: 住房保障支出 | D13: 1480224 | E13: 1480224 | F13: 1480224
A14: 22102 | B14: 401001 | C14: 住房改革支出 | D14: 1480224 | E14: 1480224 | F14: 1480224
A15: 2210201 | B15: 401001 | C15: 住房公积金 | D15: 1480224 | E15: 1480224 | F15: 1480224
A16: 212 | B16: 401001 | C16: 城乡社区支出 | D16: 1140000 | E16: 1140000 | G16: 1140000
A17: 21202 | B17: 401001 | C17: 城乡社区规划与管理 | D17: 1140000 | E17: 1140000 | G17: 1140000
A18: 2120201 | B18: 401001 | C18: 城乡社区规划与管理 | D18: 1140000 | E18: 1140000 | G18: 1140000
B19: 401005 | C19: 汨罗市国土资源局乡镇国土所 | D19: =E19 -> 14493504 | E19: =F19+G19 -> 14493504 | F19: 12250941 | G19: 2242563 | H19: 0 | K19: 0 | L19: 0 | M19: 0 | N19: 0 | O19: 0 | P19: 0 | Q19: 0 | R19: 0 | S19: 0 | T19: 0 | U19: 0 | V19: 0
A20: 220 | B20: 401005 | C20: 自然资源海洋气象等支出 | D20: =E20 -> 12271055 | E20: =F20+G20 -> 12271055 | F20: 10028492 | G20: 2242563 | H20: 0 | K20: 0 | L20: 0 | M20: 0 | N20: 0 | O20: 0 | P20: 0 | Q20: 0 | R20: 0 | S20: 0 | T20: 0 | U20: 0 | V20: 0
A21: 22001 | B21: 401005 | C21: 自然资源海洋事务 | D21: =E21 -> 12271055 | E21: =F21+G21 -> 12271055 | F21: 10028492 | G21: 2242563 | H21: 0 | K21: 0 | L21: 0 | M21: 0 | N21: 0 | O21: 0 | P21: 0 | Q21: 0 | R21: 0 | S21: 0 | T21: 0 | U21: 0 | V21: 0
A22: 2200150 | B22: 401005 | C22: 事业运行 | D22: =E22 -> 12271055 | E22: 12271055 | F22: 10028492 | G22: 2242563 | H22: 0 | K22: 0 | L22: 0 | M22: 0 | N22: 0 | O22: 0 | P22: 0 | Q22: 0 | R22: 0 | S22: 0 | T22: 0 | U22: 0 | V22: 0
A23: 221 | B23: 401005 | C23: 住房保障支出 | D23: =D24 -> 952478 | E23: =E24 -> 952478 | F23: =F24 -> 952478
A24: 22102 | B24: 401005 | C24: 住房改革支出 | D24: =D25 -> 952478 | E24: =E25 -> 952478 | F24: =F25 -> 952478
A25: 2210201 | B25: 401005 | C25: 住房公积金 | D25: =E25 -> 952478 | E25: 952478 | F25: 952478
A26: 208 | B26: 401005 | C26: 社会保障和就业支出 | D26: 1269971 | E26: 1269971 | F26: 1269971
A27: 20805 | B27: 401005 | C27: 行政事业单位养老支出 | D27: 1269971 | E27: 1269971 | F27: 1269971
A28: 2080505 | B28: 401005 | C28: 机关事业单位基本养老保险缴费支出 | D28: 1269971 | E28: 1269971 | F28: 1269971
B29: 401006 | C29: 汨罗市土地综合整治中心 | D29: =E29+I29 -> 2357013 | E29: =F29+G29 -> 857013 | F29: 725002 | G29: 132011 | H29: 0 | I29: =J29 -> 1500000 | J29: 1500000 | K29: 0 | L29: 0 | M29: 0 | N29: 0 | O29: 0 | P29: 0 | Q29: 0 | R29: 0 | S29: 0 | T29: 0 | U29: 0 | V29: 0
A30: 201 | B30: 401006 | C30: 一般公共服务支出 | D30: =E30+I30 -> 132011 | E30: =F30+G30 -> 132011 | G30: 132011 | H30: 0
A31: 22099 | B31: 401006 | C31: 其他一般公共服务支出 | D31: =E31+I31 -> 132011 | E31: =F31+G31 -> 132011 | G31: 132011
A32: 2019999 | B32: 401006 | C32: 其他一般公共服务支出 | D32: =E32+I32 -> 132011 | E32: =F32+G32 -> 132011 | G32: 132011
A33: 208 | B33: 401006 | C33: 社会保障和就业支出 | D33: =E33+I33 -> 162309 | E33: =F33 -> 162309 | F33: =F34+F37 -> 162309
A34: 20805 | B34: 401006 | C34: 行政事业单位养老支出 | D34: =E34+I34 -> 112248 | E34: =F34 -> 112248 | F34: =F35+F36 -> 112248
A35: 2080505 | B35: 401006 | C35: 机关事业单位基本养老保险缴费支出 | D35: =E35+I35 -> 74832 | E35: =F35 -> 74832 | F35: 74832
A36: 2080506 | B36: 401006 | C36: 机关事业单位职业年金缴费支出 | D36: =E36+I36 -> 37416 | E36: =F36 -> 37416 | F36: 37416
A37: 20899 | B37: 401006 | C37: 其他社会保障和就业支出 | D37: =E37+I37 -> 50061 | E37: =F37 -> 50061 | F37: 50061
A38: 2089999 | B38: 401006 | C38: 其他社会保障和就业支出 | D38: =E38+I38 -> 50061 | E38: =F38 -> 50061 | F38: 50061
A39: 220 | B39: 401006 | C39: 自然资源海洋气象等支出 | D39: =E39+I39 -> 506569 | E39: =F39 -> 506569 | F39: 506569
A40: 22001 | B40: 401006 | C40: 自然资源事务 | D40: =E40+I40 -> 506569 | E40: =F40 -> 506569 | F40: 506569
A41: 2200150 | B41: 401006 | C41: 事业运行 | D41: =E41+I41 -> 506569 | E41: =F41 -> 506569 | F41: 506569
A42: 221 | B42: 401006 | C42: 住房保障支出 | D42: =E42+I42 -> 56124 | E42: =F42 -> 56124 | F42: 56124
A43: 22102 | B43: 401006 | C43: 住房改革支出 | D43: =E43+I43 -> 56124 | E43: =F43 -> 56124 | F43: 56124
A44: 2210201 | B44: 401006 | C44: 住房公积金 | D44: =E44+I44 -> 56124 | E44: =F44 -> 56124 | F44: 56124
A45: 229 | B45: 401006 | C45: 其他支出 | D45: =E45+I45 -> 1500000 | E45: =F45 -> 0 | I45: 1500000 | J45: 1500000
A46: 22999 | B46: 401006 | C46: 其他支出 | D46: =E46+I46 -> 1500000 | E46: =F46 -> 0 | I46: 1500000 | J46: 1500000
A47: 2299999 | B47: 401006 | C47: 其他支出 | D47: =E47+I47 -> 1500000 | E47: =F47 -> 0 | I47: 1500000 | J47: 1500000
B48: 401008 | C48: 汨罗市不动产登记中心 | D48: 4999236 | E48: 4999236 | F48: 4214503 | G48: 784733
A49: 201 | B49: 401008 | C49: 一般公共服务支出 | D49: 784733 | E49: 784733 | G49: 784733 | I49: 0
A50: 20199 | B50: 401008 | C50: 其他一般公共服务支出 | D50: 784733 | E50: 784733 | G50: 784733 | I50: 0
A51: 2019999 | B51: 401008 | C51: 其他一般公共服务支出 | D51: 784733 | E51: 784733 | I51: 0
A52: 220 | B52: 401008 | C52: 自然资源海洋气象等支出 | D52: 3886249 | E52: 3886249 | F52: 3886249 | I52: 0
A53: 22001 | B53: 401008 | C53: 自然资源事务 | D53: 3886249 | E53: 3886249 | F53: 3886249 | I53: 0
A54: 2200150 | B54: 401008 | C54: 事业运行 | D54: 3886249 | E54: 3886249 | F54: 3886249 | I54: 0
A55: 221 | B55: 401008 | C55: 住房保障支出 | D55: 328254 | E55: 328254 | F55: 328254 | I55: 0
A56: 22102 | B56: 401008 | C56: 住房改革支出 | D56: 328254 | E56: 328254 | F56: 328254 | I56: 0
A57: 2210201 | B57: 401008 | C57: 住房公积金 | D57: 328254 | E57: 328254 | F57: 328254 | I57: 0

Sheet 一般公共预算基本支出情况表 
G1: 预算06表
A2: 一般公共预算基本支出情况表
G3: 单位：元
A4: 功能科目 | B4: 单位代码 | C4: 单位名称(功能科目) | D4: 总计 | E4: 基本支出
E5: 工资福利支出 | F5: 一般商品和服务支出 | G5: 对个人和家庭的补助
B7: 401 | C7: 汨罗市自然资源局系统 | D7: =SUM(E7:G7) -> 46583397 | E7: =E8+E19+E29+E45 -> 36709535 | F7: =F8+F19+F29+F45 -> 9811222 | G7: =G8 -> 62640
B8: 401001 | C8: 汨罗市自然资源局本级 | D8: 26233644 | E8: 19519089 | F8: 6651915 | G8: 62640
A9: 220 | B9: 401001 | C9: 自然资源海洋气象等支出 | D9: 26233644 | E9: 19519089 | F9: 6651915 | G9: 62640
A10: 22001 | B10: 401001 | C10: 自然资源事务 | D10: 23613420 | E10: 18038865 | F10: 5511915 | G10: 62640
A11: 2200101 | B11: 401001 | C11: 行政运行 | D11: 21000547 | E11: 18038865 | F11: 2899042 | G11: 62640
A12: 2200102 | B12: 401001 | C12: 一般行政管理事务 | D12: 2612873 | F12: 2612873
A13: 221 | B13: 401001 | C13: 住房保障支出 | D13: 1480224 | E13: 1480224 | G13: 0
A14: 22102 | B14: 401001 | C14: 住房改革支出 | D14: 1480224 | E14: 1480224
A15: 2210201 | B15: 401001 | C15: 住房公积金 | D15: 1480224 | E15: 1480224
A16: 212 | B16: 401001 | C16: 城乡社区支出 | D16: 1140000 | F16: 1140000
A17: 21202 | B17: 401001 | C17: 城乡社区规划与管理 | D17: 1140000 | F17: 1140000
A18: 2120201 | B18: 401001 | C18: 城乡社区规划与管理 | D18: 1140000 | F18: 1140000
B19: 401005 | C19: 汨罗市国土资源局乡镇国土所 | D19: =D20+D23+D26 -> 14493504 | E19: =E20+E23+E26 -> 12250941 | F19: =F20 -> 2242563 | G19: =G20 -> 0
A20: 220 | B20: 401005 | C20: 自然资源海洋气象等支出 | D20: =D21 -> 12271055 | E20: 10028492 | F20: =F21 -> 2242563
A21: 22001 | B21: 401005 | C21: 自然资源海洋事务 | D21: =E21+F21+G21 -> 12271055 | E21: 10028492 | F21: 2242563 | G21: 0
A22: 2200150 | B22: 401005 | C22: 事业运行 | D22: =E22+F22+G22 -> 12271055 | E22: 10028492 | F22: 2242563
A23: 221 | B23: 401005 | C23: 住房保障支出 | D23: 952478 | E23: 952478
A24: 22102 | B24: 401005 | C24: 住房改革支出 | D24: 952478 | E24: 952478
A25: 2210201 | B25: 401005 | C25: 住房公积金 | D25: 952478 | E25: 952478
A26: 208 | B26: 401005 | C26: 社会保障和就业支出 | D26: 1269971 | E26: 1269971
A27: 20805 | B27: 401005 | C27: 行政事业单位养老支出 | D27: 1269971 | E27: 1269971
A28: 2080505 | B28: 401005 | C28: 机关事业单位基本养老保险缴费支出 | D28: 1269971 | E28: 1269971
B29: 401006 | C29: 汨罗市土地综合整治中心 | D29: 857013 | E29: 725002 | F29: 132011
A30: 201 | B30: 401006 | C30: 一般公共服务支出 | D30: 132011 | F30: 132011
A31: 22099 | B31: 401006 | C31: 其他一般公共服务支出 | D31: 132011 | F31: 132011
A32: 2019999 | B32: 401006 | C32: 其他一般公共服务支出 | D32: 132011 | F32: 132011
A33: 208 | B33: 401006 | C33: 社会保障和就业支出 | D33: 162309 | E33: 162309
A34: 20805 | B34: 401006 | C34: 行政事业单位养老支出 | D34: 112248 | E34: 112248
A35: 2080505 | B35: 401006 | C35: 机关事业单位基本养老保险缴费支出 | D35: 74832 | E35: 74832
A36: 2080506 | B36: 401006 | C36: 机关事业单位职业年金缴费支出 | D36: 37416 | E36: 37416
A37: 20899 | B37: 401006 | C37: 其他社会保障和就业支出 | D37: 50061 | E37: 50061
A38: 2089999 | B38: 401006 | C38: 其他社会保障和就业支出 | D38: 50061 | E38: 50061
A39: 220 | B39: 401006 | C39: 自然资源海洋气象等支出 | D39: 506569 | E39: 506569
A40: 22001 | B40: 401006 | C40: 自然资源事务 | D40: 506569 | E40: 506569
A41: 2200150 | B41: 401006 | C41: 事业运行 | D41: 506569 | E41: 506569
A42: 221 | B42: 401006 | C42: 住房保障支出 | D42: 56124 | E42: 56124
A43: 22102 | B43: 401006 | C43: 住房改革支出 | D43: 56124 | E43: 56124
A44: 2210201 | B44: 401006 | C44: 住房公积金 | D44: 56124 | E44: 56124
B45: 401008 | C45: 汨罗市不动产登记中心 | D45: 4999236 | E45: 4214503 | F45: 784733
A46: 201 | B46: 401008 | C46: 一般公共服务支出 | D46: 784733 | F46: 784733
A47: 20199 | B47: 401008 | C47: 其他一般公共服务支出 | D47: 784733 | F47: 784733
A48: 2019999 | B48: 401008 | C48: 其他一般公共服务支出 | D48: 784733 | F48: 784733
A49: 220 | B49: 401008 | C49: 自然资源海洋气象等支出 | D49: 3886249 | E49: 3886249
A50: 22001 | B50: 401008 | C50: 自然资源海洋事务 | D50: 3886249 | E50: 3886249
A51: 2200150 | B51: 401008 | C51: 事业运行 | D51: 3886249 | E51: 3886249
A52: 221 | B52: 401008 | C52: 住房保障支出 | D52: 328254 | E52: 328254
A53: 22102 | B53: 401008 | C53: 住房改革支出 | D53: 328254 | E53: 328254
A54: 2210201 | B54: 401008 | C54: 住房公积金 | D54: 328254 | E54: 328254

Sheet 一般公共预算基本支出情况表—工资福利支出
T1: 预算07表
A2: 一般公共预算基本支出情况表—工资福利支出
Y3: 单位：元
A4: 功能科目 | B4: 单位代码 | C4: 单位名称(功能科目) | D4: 总 计 | E4: 工资性支出 | K4: 社会保障缴费 | S4: 住房公积金 | T4: 其他工资福利支出
E6: 合计 | F6: 基本工资 | G6: 津贴补贴 | H6: 特岗津贴 | I6: 奖金 | J6: 绩效工资 | K6: 合计 | L6: 机关事业单位基本养老保险缴费 | M6: 职业年金缴费 | N6: 职工基本医疗保险缴费 | O6: 公务员医疗补助缴费 | P6: 工伤保险 | Q6: 失业保险 | R6: 残疾人保障金 | T6: 合计 | U6: 女工费 | V6: 乡镇工作补贴 | W6: 职工教育培训经费 | X6: 职工福利费 | Y6: 其他工资福利支出
B7: 401 | C7: 汨罗市自然资源局系统 | D7: =D8+D15+D25+D38 -> 36709535 | E7: =E8+E15+E25+E38 -> 25197691 | F7: =F8+F15+F25+F38 -> 14815284 | G7: =G8+G15+G25+G38 -> 7660376 | H7: =H8+H15+H25+H38 -> 7200 | I7: =I8+I15+I25+I38 -> 1234607 | J7: =J8+J15+J25+J38 -> 0 | K7: =K8+K15+K25+K38 -> 8071012.9 | ... Y7: =Y8+Y15+Y25+Y38 -> 20700
B8: 401001 | C8: 汨罗市自然资源局本级 | D8: =D9+D12 -> 19519089 | E8: =E9+E12 -> 13466871 | F8: =F9+F12 -> 7731012 | G8: =G9+G12 -> 3604184 | H8: =H9+H12 -> 7200 | I8: =I9+I12 -> 644251 | J8: =J9+J12 -> 0 | K8: =K9+K12 -> 4249254 | ... Y8: =Y9+Y12 -> 13500
A9: 220 | B9: 401001 | C9: 自然资源海洋气象等支出 | D9: =D10 -> 18038865 | E9: =E10 -> 11986647 | F9: =F10 -> 7731012 | G9: =G10 -> 3604184 | H9: =H10 -> 7200 | I9: =I10 -> 644251 | J9: =J10 -> 0 | K9: =K10 -> 4249254 | ... R9: =R10 -> 153969 | T9: =T10 -> 322740 | U9: =U10 -> 0 | V9: =V10 -> 0 | W9: =W10 -> 115965 | X9: =X10 -> 193275 | Y9: =Y10 -> 13500
A10: 22001 | B10: 401001 | C10: 自然资源事务 | D10: =D11 -> 18038865 | E10: =E11 -> 11986647 | F10: =F11 -> 7731012 | G10: =G11 -> 3604184 | H10: =H11 -> 7200 | I10: =I11 -> 644251 | J10: =J11 -> 0 | K10: =K11 -> 4249254 | ... R10: =R11 -> 153969 | T10: =T11 -> 322740 | U10: =U11 -> 0 | V10: =V11 -> 0 | W10: =W11 -> 115965 | X10: =X11 -> 193275 | Y10: =Y11 -> 13500
A11: 2200101 | B11: 401001 | C11: 行政运行 | D11: =E11+K11+T11+S14 -> 18038865 | E11: =F11+G11+H11+I11 -> 11986647 | F11: 7731012 | G11: 3604184 | H11: 7200 | I11: 644251 | K11: =SUM(L11:R11) -> 4249254 | L11: 1973631 | M11: 986816 | N11: 925140 | P11: 123352 | Q11: 86346 | R11: 153969 | T11: =SUM(U11:Y11) -> 322740 | V11: 0 | W11: 115965 | X11: 193275 | Y11: 13500
A12: 221 | B12: 401001 | C12: 住房保障支出 | D12: =D13 -> 1480224 | E12: =E13 -> 1480224 | G12: =G13 -> 0 | S12: =S13 -> 1480224
A13: 22102 | B13: 401001 | C13: 住房改革支出 | D13: =D14 -> 1480224 | E13: =E14 -> 1480224 | S13: =S14 -> 1480224
A14: 2210201 | B14: 401001 | C14: 住房公积金 | D14: =E14+F14+G14 -> 1480224 | E14: 1480224 | S14: 1480224
B15: 401005 | C15: 汨罗市国土资源局乡镇国土所 | D15: 12250941 | E15: 8359996 | F15: 5072160 | G15: 2865156 | H15: 0 | I15: 422680 | J15: 0 | K15: 2727300.9 | L15: 1269970.6 | M15: 634985.28 | N15: 595298.7 | O15: 0 | P15: 79373.16 | Q15: 55561.21 | R15: 92112 | S15: 952477.92 | T15: 211166.4 | U15: 8280 | V15: 0 | W15: 76082.4 | X15: 126804 | Y15: 0
A16: 220 | B16: 401005 | C16: 自然资源海洋气象等支出 | D16: 10028493 | E16: 8359996 | F16: 5072160 | G16: 2865156 | H16: 0 | I16: 422680 | J16: 0 | K16: 1457330.4 | M16: 634985.28 | N16: 595298.7 | O16: 0 | P16: 79373.16 | Q16: 55561.21 | R16: 92112 | T16: 211166.4 | U16: 8280 | V16: 0 | W16: 76082.4 | X16: 126804 | Y16: 0
A17: 22001 | B17: 401005 | C17: 自然资源海洋事务 | D17: 10028493 | E17: 8359996 | F17: 5072160 | G17: 2865156 | H17: 0 | I17: 422680 | J17: 0 | K17: 1457330.4 | M17: 634985.28 | N17: 595298.7 | O17: 0 | P17: 79373.16 | Q17: 55561.21 | R17: 92112 | T17: 211166.4 | U17: 8280 | V17: 0 | W17: 76082.4 | X17: 126804 | Y17: 0
A18: 2200150 | B18: 401005 | C18: 事业运行 | D18: 10028493 | E18: 8359996 | F18: 5072160 | G18: 2865156 | H18: 0 | I18: 422680 | J18: 0 | K18: 1457330.4 | M18: 634985.28 | N18: 595298.7 | O18: 0 | P18: 79373.16 | Q18: 55561.21 | R18: 92112 | T18: 211166.4 | U18: 8280 | V18: 0 | W18: 76082.4 | X18: 126804 | Y18: 0
A19: 221 | B19: 401005 | C19: 住房保障支出 | D19: 952478 | S19: 952477.92
A20: 22102 | B20: 401005 | C20: 住房改革支出 | D20: 952478 | S20: 952477.92
A21: 2210201 | B21: 401005 | C21: 住房公积金 | D21: 952478 | S21: 952477.92
A22: 208 | B22: 401005 | C22: 社会保障和就业支出 | D22: 1269971 | K22: 1269970.6 | L22: 1269970.6
A23: 20805 | B23: 401005 | C23: 行政事业单位养老支出 | D23: 1269971 | K23: 1269970.6 | L23: 1269970.6
A24: 2080505 | B24: 401005 | C24: 机关事业单位基本养老保险缴费支出 | D24: 1269971 | K24: 1269970.6 | L24: 1269970.6
B25: 401006 | C25: 汨罗市土地综合整治中心 | D25: =E25+K25+S25+T25 -> 725002 | E25: =F25+G25+I25 -> 492503 | F25: 297636 | G25: 170064 | H25: 0 | I25: 24803 | J25: 0 | K25: =SUM(L25:R25) -> 162309 | L25: 74832 | M25: 37416 | N25: 35078 | O25: 0 | P25: 4677 | Q25: 3274 | R25: 7032 | S25: 56124 | T25: =U25+W25+X25 -> 14066 | U25: 2160 | V25: 0 | W25: 4465 | X25: 7441 | Y25: 0
A26: 220 | B26: 401006 | C26: 自然资源海洋气象等支出 | D26: =E26+K26+S26+T26 -> 506569 | E26: =F26+G26+I26 -> 492503 | F26: 297636 | G26: 170064 | H26: 0 | I26: 24803 | J26: 0 | K26: =SUM(L26:R26) -> 0 | S26: 0 | T26: =U26+W26+X26 -> 14066 | U26: 2160 | V26: 0 | W26: 4465 | X26: 7441 | Y26: 0
A27: 22001 | B27: 401006 | C27: 自然资源事务 | D27: =E27+K27+S27+T27 -> 506569 | E27: =F27+G27+I27 -> 492503 | F27: 297636 | G27: 170064 | H27: 0 | I27: 24803 | J27: 0 | K27: =SUM(L27:R27) -> 0 | S27: 0 | T27: =U27+W27+X27 -> 14066 | U27: 2160 | V27: 0 | W27: 4465 | X27: 7441 | Y27: 0
A28: 2200150 | B28: 401006 | C28: 事业运行（自然资源事务） | D28: =E28+K28+S28+T28 -> 506569 | E28: =F28+G28+I28 -> 492503 | F28: 297636 | G28: 170064 | H28: 0 | I28: 24803 | J28: 0 | K28: =SUM(L28:R28) -> 0 | S28: 0 | T28: =U28+W28+X28 -> 14066 | U28: 2160 | V28: 0 | W28: 4465 | X28: 7441 | Y28: 0
A29: 208 | B29: 401006 | C29: 社会保障和就业支出 | D29: =E29+K29+S29+T29 -> 162309 | K29: =SUM(L29:R29) -> 162309 | L29: 74832 | M29: 37416 | N29: 35078 | P29: 4677 | Q29: 3274 | R29: 7032
A30: 20805 | B30: 401006 | C30: 行政事业单位养老支出 | D30: =E30+K30+S30+T30 -> 112248 | K30: =SUM(L30:R30) -> 112248 | L30: 74832 | M30: 37416
A31: 2080505 | B31: 401006 | C31: 机关事业单位基本养老保险缴费支出 | D31: =E31+K31+S31+T31 -> 74832 | K31: =SUM(L31:R31) -> 74832 | L31: 74832
A32: 2080506 | B32: 401006 | C32: 机关事业单位职业年金缴费支出 | D32: =E32+K32+S32+T32 -> 37416 | K32: =SUM(L32:R32) -> 37416 | M32: 37416
A33: 20899 | B33: 401006 | C33: 其他社会保障和就业支出 | D33: =E33+K33+S33+T33 -> 50061 | K33: =SUM(L33:R33) -> 50061 | N33: 35078 | P33: 4677 | Q33: 3274 | R33: 7032
A34: 2089999 | B34: 401006 | C34: 其他社会保障和就业支出 | D34: =E34+K34+S34+T34 -> 50061 | K34: =SUM(L34:R34) -> 50061 | N34: 35078 | P34: 4677 | Q34: 3274 | R34: 7032
A35: 221 | B35: 401006 | C35: 住房保障支出 | D35: =E35+K35+S35+T35 -> 56124 | K35: =SUM(L35:R35) -> 0 | S35: 56124
A36: 22102 | B36: 401006 | C36: 住房改革支出 | D36: =E36+K36+S36+T36 -> 56124 | K36: =SUM(L36:R36) -> 0 | S36: 56124
A37: 2210201 | B37: 401006 | C37: 住房公积金 | D37: =E37+K37+S37+T37 -> 56124 | K37: =SUM(L37:R37) -> 0 | S37: 56124
B38: 401008 | C38: 汨罗市不动产登记中心 | D38: =D39+D42 -> 4214503 | E38: =F38+G38+H38+I38 -> 2878321 | F38: 1714476 | G38: 1020972 | I38: 142873 | K38: =L38+M38+N38+P38+Q38+R38 -> 932149 | L38: 437672 | M38: 218836 | N38: 205159 | P38: 27354 | Q38: 19148 | R38: 23980 | S38: 328254 | T38: =SUM(U38:Y38) -> 75779 | V38: 0 | W38: 25717 | X38: 42862 | Y38: 7200
A39: 220 | B39: 401008 | C39: 自然资源海洋气象等支出 | D39: =E39+K39+T39+S39 -> 3886249 | E39: =F39+G39+H39+I39 -> 2878321 | F39: 1714476 | G39: 1020972 | I39: 142873 | K39: =L39+M39+N39+P39+Q39+R39 -> 932149 | L39: 437672 | M39: 218836 | N39: 205159 | P39: 27354 | Q39: 19148 | R39: 23980 | T39: =SUM(U39:Y39) -> 75779 | V39: 0 | W39: 25717 | X39: 42862 | Y39: 7200
A40: 22001 | B40: 401008 | C40: 自然资源海洋事务 | D40: =E40+K40+T40+S40 -> 3886249 | E40: =F40+G40+H40+I40 -> 2878321 | F40: 1714476 | G40: 1020972 | I40: 142873 | K40: =L40+M40+N40+P40+Q40+R40 -> 932149 | L40: 437672 | M40: 218836 | N40: 205159 | P40: 27354 | Q40: 19148 | R40: 23980 | T40: =SUM(U40:Y40) -> 75779 | V40: 0 | W40: 25717 | X40: 42862 | Y40: 7200
A41: 2200150 | B41: 401008 | C41: 事业运行 | D41: =E41+K41+T41+S41 -> 3886249 | E41: =F41+G41+H41+I41 -> 2878321 | F41: 1714476 | G41: 1020972 | I41: 142873 | K41: =L41+M41+N41+P41+Q41+R41 -> 932149 | L41: 437672 | M41: 218836 | N41: 205159 | P41: 27354 | Q41: 19148 | R41: 23980 | T41: =SUM(U41:Y41) -> 75779 | V41: 0 | W41: 25717 | X41: 42862 | Y41: 7200
A42: 221 | B42: 401008 | C42: 住房保障支出 | D42: =E42+K42+T42+S42 -> 328254 | S42: 328254
A43: 22102 | B43: 401008 | C43: 住房改革支出 | D43: =E43+K43+T43+S43 -> 328254 | S43: 328254
A44: 2210201 | B44: 401008 | C44: 住房公积金 | D44: =E44+K44+T44+S44 -> 328254 | S44: 328254

Sheet 一般公共预算基本支出情况表—商品和服务支出
U1: 预算08表
A2: 一般公共预算基本支出情况表-商品和服务支出
U3: 单位：元
A4: 功能科目 | B4: 单位代码 | C4: 单位名称(功能科目) | D4: 总 计 | E4: 办公费 | F4: 印刷费 | G4: 水费 | H4: 电费 | I4: 邮电费 | J4: 物业管理费 | K4: 差旅费 | L4: 维修（护）费 | M4: 因公出国（境）费用 | N4: 会议费 | O4: 培训费 | P4: 劳务费 | Q4: 公务接待费 | R4: 工会经费 | S4: 福利费 | T4: 公务用车运行维护费 | U4: 其他交通费用 | V4: 执收成本 | W4: 其他商品和服务支出
B7: 401 | C7: 汨罗市自然资源局系统 | D7: =D8+D16+D20+D24 -> 9811222 | E7: =E8+E16+E20+E24 -> 509800 | F7: =F8+F16+F20+F24 -> 122100 | G7: =G8+G16+G20+G24 -> 81400 | H7: =H8+H16+H20+H24 -> 164900 | I7: =I8+I16+I20+I24 -> 203500 | J7: =J8+J16+J20+J24 -> 0 | K7: =K8+K16+K20+K24 -> 814000 | ... W7: =W8+W16+W20+W24 -> 1594200
B8: 401001 | C8: 汨罗市自然资源局本级 | D8: =D9+D13 -> 6651915 | E8: =E9+E13 -> 278200 | F8: =F9+F13 -> 64200 | G8: =G9+G13 -> 42800 | H8: =H9+H13 -> 107000 | I8: =I9+I13 -> 107000 | J8: =J9+J13 -> 0 | K8: =K9+K13 -> 428000 | ... W8: =W9+W13 -> 1285400
A9: 220 | B9: 401001 | C9: 自然资源海洋气象等支出 | D9: =D10 -> 5511915 | E9: =E10 -> 278200 | F9: =F10 -> 64200 | G9: =G10 -> 42800 | H9: =H10 -> 107000 | I9: =I10 -> 107000 | J9: =J10 -> 0 | K9: =K10 -> 428000 | ... W9: =W10 -> 1285400
A10: 22001 | B10: 401001 | C10: 自然资源事务 | D10: =D11+D12 -> 5511915 | E10: =E11+E12 -> 278200 | F10: =F11+F12 -> 64200 | G10: =G11+G12 -> 42800 | H10: =H11+H12 -> 107000 | I10: =I11+I12 -> 107000 | J10: =J11+J12 -> 0 | K10: =K11+K12 -> 428000 | ... W10: =W11+W12 -> 1285400
A11: 2200101 | B11: 401001 | C11: 行政运行 | D11: =SUM(E11:W11) -> 2899042 | E11: 278200 | F11: 64200 | G11: 42800 | H11: 107000 | I11: 107000 | K11: 428000 | L11: 107000 | N11: 214000 | Q11: =428000+78400 -> 506400 | R11: 65379 | W11: =1057463-78400 -> 979063
A12: 2200102 | B12: 401001 | C12: 一般行政管理事务 | D12: =SUM(E12:W12) -> 2612873 | U12: 1466760 | V12: 839776 | W12: =363800-57463 -> 306337 | X12: =D12-U12-V12-W12 -> 0
A13: 212 | B13: 401001 | C13: 城乡社区支出 | D13: =D14 -> 1140000 | E13: =E14 -> 0 | F13: =F14 -> 0 | G13: =G14 -> 0 | H13: =H14 -> 0 | I13: =I14 -> 0 | J13: =J14 -> 0 | K13: =K14 -> 0 | ... W13: =W14 -> 0
A14: 21202 | B14: 401001 | C14: 城乡社区规划与管理 | D14: =D15 -> 1140000 | E14: =E15 -> 0 | F14: =F15 -> 0 | G14: =G15 -> 0 | H14: =H15 -> 0 | I14: =I15 -> 0 | J14: =J15 -> 0 | K14: =K15 -> 0 | ... W14: =W15 -> 0
A15: 2120201 | B15: 401001 | C15: 城乡社区规划与管理 | D15: =SUM(E15:W15) -> 1140000 | V15: 1140000
B16: 401005 | C16: 汨罗市国土资源局乡镇国土所 | D16: 2242563 | E16: 164400 | F16: 41100 | G16: 27400 | H16: 41100 | I16: 68500 | J16: 0 | K16: 274000 | L16: 68500 | M16: 0 | N16: 137000 | O16: 0 | P16: 0 | Q16: 274000 | R16: 42363 | S16: 0 | T16: 0 | U16: 885000 | V16: 0 | W16: 219200
A17: 220 | B17: 401005 | C17: 自然资源海洋气象等支出 | D17: 2242563 | E17: 164400 | F17: 41100 | G17: 27400 | H17: 41100 | I17: 68500 | J17: 0 | K17: 274000 | L17: 68500 | M17: 0 | N17: 137000 | O17: 0 | P17: 0 | Q17: 274000 | R17: 42363 | S17: 0 | T17: 0 | U17: 885000 | V17: 0 | W17: 219200
A18: 22001 | B18: 401005 | C18: 自然资源海洋事务 | D18: 2242563 | E18: 164400 | F18: 41100 | G18: 27400 | H18: 41100 | I18: 68500 | J18: 0 | K18: 274000 | L18: 68500 | M18: 0 | N18: 137000 | O18: 0 | P18: 0 | Q18: 274000 | R18: 42363 | S18: 0 | T18: 0 | U18: 885000 | V18: 0 | W18: 219200
A19: 2200150 | B19: 401005 | C19: 事业运行 | D19: 2242563 | E19: 164400 | F19: 41100 | G19: 27400 | H19: 41100 | I19: 68500 | J19: 0 | K19: 274000 | L19: 68500 | M19: 0 | N19: 137000 | O19: 0 | P19: 0 | Q19: 274000 | R19: 42363 | S19: 0 | T19: 0 | U19: 885000 | V19: 0 | W19: 219200
B20: 401006 | C20: 汨罗市土地综合整治中心 | D20: 132011 | E20: 9600 | F20: 2400 | G20: 1600 | H20: 2400 | I20: 4000 | J20: 0 | K20: 16000 | L20: 4000 | M20: 0 | N20: 8000 | O20: 0 | P20: 0 | Q20: 16000 | R20: 2411 | S20: 0 | T20: 0 | U20: 52800 | V20: 0 | W20: 12800
A21: 201 | B21: 401006 | C21: 一般公共服务支出 | D21: 132011 | E21: 9600 | F21: 2400 | G21: 1600 | H21: 2400 | I21: 4000 | J21: 0 | K21: 16000 | L21: 4000 | M21: 0 | N21: 8000 | O21: 0 | P21: 0 | Q21: 16000 | R21: 2411 | S21: 0 | T21: 0 | U21: 52800 | V21: 0 | W21: 12800
A22: 22099 | B22: 401006 | C22: 其他一般公共服务支出 | D22: 132011 | E22: 9600 | F22: 2400 | G22: 1600 | H22: 2400 | I22: 4000 | J22: 0 | K22: 16000 | L22: 4000 | M22: 0 | N22: 8000 | O22: 0 | P22: 0 | Q22: 16000 | R22: 2411 | S22: 0 | T22: 0 | U22: 52800 | V22: 0 | W22: 12800
A23: 2019999 | B23: 401006 | C23: 其他一般公共服务支出 | D23: 132011 | E23: 9600 | F23: 2400 | G23: 1600 | H23: 2400 | I23: 4000 | J23: 0 | K23: 16000 | L23: 4000 | M23: 0 | N23: 8000 | O23: 0 | P23: 0 | Q23: 16000 | R23: 2411 | S23: 0 | T23: 0 | U23: 52800 | V23: 0 | W23: 12800
B24: 401008 | C24: 汨罗市不动产登记中心 | D24: =SUM(E24:W24) -> 784733 | E24: 57600 | F24: 14400 | G24: 9600 | H24: 14400 | I24: 24000 | K24: 96000 | L24: 24000 | N24: 48000 | Q24: 96000 | R24: 13733 | U24: 310200 | W24: 76800
A25: 201 | B25: 401008 | C25: 一般公共服务支出 | D25: =SUM(E25:W25) -> 784733 | E25: 57600 | F25: 14400 | G25: 9600 | H25: 14400 | I25: 24000 | K25: 96000 | L25: 24000 | N25: 48000 | Q25: 96000 | R25: 13733 | U25: 310200 | W25: 76800
A26: 20199 | B26: 401008 | C26: 其他一般公共服务支出 | D26: =SUM(E26:W26) -> 784733 | E26: 57600 | F26: 14400 | G26: 9600 | H26: 14400 | I26: 24000 | K26: 96000 | L26: 24000 | N26: 48000 | Q26: 96000 | R26: 13733 | U26: 310200 | W26: 76800
A27: 2019999 | B27: 401008 | C27: 其他一般公共服务支出 | D27: =SUM(E27:W27) -> 784733 | E27: 57600 | F27: 14400 | G27: 9600 | H27: 14400 | I27: 24000 | K27: 96000 | L27: 24000 | N27: 48000 | Q27: 96000 | R27: 13733 | U27: 310200 | W27: 76800

Sheet 一般公共预算基本支出情况表—对个人和家庭的补助
O1: 预算09表
A2: 一般公共预算基本支出情况表——对个人和家庭的补助
N3: 单位：元
A4: 功能科目 | B4: 单位代码 | C4: 单位名称(功能科目) | D4: 总 计 | E4: 离休费 | F4: 退休费 | G4: 退职(役)费 | H4: 抚恤金 | I4: 生活补助 | J4: 救济费 | K4: 医疗补助费 | L4: 助学金 | M4: 奖励金 | N4: 个人农业生产补贴 | O4: 其他对个人和家庭的补助
B7: 401 | C7: 汨罗市自然资源局系统 | D7: =D8 -> 62640 | E7: =E8 -> 0 | F7: =F8 -> 0 | G7: =G8 -> 0 | H7: =H8 -> 0 | I7: =I8 -> 62640
B8: 401001 | C8: 汨罗市自然资源局本级 | D8: =D9 -> 62640 | E8: =E9 -> 0 | F8: =F9 -> 0 | G8: =G9 -> 0 | H8: =H9 -> 0 | I8: =I9 -> 62640 | J8: =J9 -> 0 | K8: =K9 -> 0 | ... O8: =O9 -> 0
A9: 220 | B9: 401001 | C9: 自然资源海洋气象等支出 | D9: =D10 -> 62640 | E9: =E10 -> 0 | F9: =F10 -> 0 | G9: =G10 -> 0 | H9: =H10 -> 0 | I9: =I10 -> 62640 | J9: =J10 -> 0 | K9: =K10 -> 0 | ... O9: =O10 -> 0
A10: 22001 | B10: 401001 | C10: 自然资源事务 | D10: =D11 -> 62640 | E10: =E11 -> 0 | F10: =F11 -> 0 | G10: =G11 -> 0 | H10: =H11 -> 0 | I10: =I11 -> 62640 | J10: =J11 -> 0 | K10: =K11 -> 0 | ... O10: =O11 -> 0
A11: 2200101 | B11: 401001 | C11: 行政运行 | D11: =I11 -> 62640 | I11: 62640

Sheet 项目支出预算总表
P1: 预算10表
A2: 项目支出预算总表
P3: 单位：元
A4: 单位名称 | B4: 功能科目 | C4: 功能科目名称 | D4: 项目名称 | E4: 总 计 | F4: 公共财政拨款 | I4: 政府性基金拨款 | J4: 纳入专户管理的非税收入拨款 | K4: 上级补助收入 | M4: 事业单位经营服务收入 | N4: 其他收入 | O4: 用事业基金弥补收支差额 | P4: 上年结转
F5: 公共财政拨款合计 | G5: 经费拨款 | H5: 纳入公共预算管理的非税收入拨款
K6: 公共财政补助 | L6: 政府性基金补助
A7: 汨罗市自然资源局系统 | E7: =E8+E20+E24 -> 24716000 | F7: =G7 -> 1500000 | G7: =G20 -> 1500000 | H7: =H8 -> 0 | I7: =I8+I24 -> 22216000 | J7: =J8 -> 0 | K7: =K8 -> 0 | L7: =L8 -> 0 | M7: =M8 -> 0 | N7: =N8 -> 1000000
A8: 汨罗市自然资源局本级 | E8: =E9 -> 22550000 | F8: =F9 -> 0 | G8: =G9 -> 0 | H8: =H9 -> 0 | I8: =I9 -> 21550000 | J8: =J9 -> 0 | K8: =K9 -> 0 | L8: =L9 -> 0 | ... P8: =P9 -> 0
A9: 汨罗市自然资源局本级 | B9: 212 | C9: 城乡社区支出 | E9: =E10 -> 22550000 | F9: =F10 -> 0 | G9: =G10 -> 0 | H9: =H10 -> 0 | I9: =I10 -> 21550000 | J9: =J10 -> 0 | K9: =K10 -> 0 | L9: =L10 -> 0 | ... P9: =P10 -> 0
A10: 汨罗市自然资源局本级 | B10: 21208 | C10: 国有土地使用权出让收入安排的支出 | E10: =SUM(E11:E19) -> 22550000 | F10: =SUM(F11:F19) -> 0 | G10: =SUM(G11:G19) -> 0 | H10: =SUM(H11:H19) -> 0 | I10: =SUM(I11:I19) -> 21550000 | J10: =SUM(J11:J19) -> 0 | K10: =SUM(K11:K19) -> 0 | L10: =SUM(L11:L19) -> 0 | ... P10: =SUM(P11:P19) -> 0
A11: 汨罗市自然资源局本级 | B11: 2120899 | C11: 其他国有土地使用权出让收入安排的支出 | D11: 多规合一村庄规划编制经费 | E11: =I11 -> 3000000 | I11: 3000000
A12: 汨罗市自然资源局本级 | B12: 2120899 | C12: 其他国有土地使用权出让收入安排的支出 | D12: 汨罗市第三次国土调查相关专项经费 | E12: =I12 -> 1700000 | I12: 1700000
A13: 汨罗市自然资源局本级 | B13: 2120899 | C13: 其他国有土地使用权出让收入安排的支出 | D13: 农村宅基地和集体建设用地房地一体确权登记颁证专项 | E13: =I13 -> 15000000 | I13: 15000000
A14: 汨罗市自然资源局本级 | B14: 2120899 | C14: 其他国有土地使用权出让收入安排的支出 | D14: 永久基本农田补划工作计数单位服务经费 | E14: =I14 -> 50000 | I14: 50000
A15: 汨罗市自然资源局本级 | B15: 2120899 | C15: 其他国有土地使用权出让收入安排的支出 | D15: 汨罗市耕地保护专项规划和耕地保护一张图编制工作技术服务经费 | E15: =I15 -> 400000 | I15: 400000
A16: 汨罗市自然资源局本级 | B16: 2120899 | C16: 其他国有土地使用权出让收入安排的支出 | D16: 土地储备委员会办专项 | E16: =I16 -> 350000 | I16: 350000
A17: 汨罗市自然资源局本级 | B17: 2120899 | C17: 其他国有土地使用权出让收入安排的支出 | D17: 控建拆违执法专项 | E17: =I17 -> 1000000 | I17: 1000000
A18: 汨罗市自然资源局本级 | B18: 2120899 | C18: 其他国有土地使用权出让收入安排的支出 | D18: 地质灾害防治专项 | E18: =I18 -> 50000 | I18: 50000
A19: 汨罗市自然资源局本级 | B19: 2120899 | C19: 其他国有土地使用权出让收入安排的支出 | D19: 汨罗市城镇开发边界内1:500DLG生产项目 | E19: 1000000 | N19: 1000000
A20: 汨罗市土地综合整治中心 | D20: 社会垫资耕地开发基本项目建设指挥部 | E20: 1500000 | F20: 1500000 | G20: 1500000
A21: 汨罗市土地综合整治中心 | B21: 220 | C21: 自然资源海洋气象等支出 | D21: 社会垫资耕地开发基本项目建设指挥部 | E21: 1500000 | F21: 1500000 | G21: 1500000
A22: 汨罗市土地综合整治中心 | B22: 22001 | C22: 自然资源事务 | D22: 社会垫资耕地开发基本项目建设指挥部 | E22: 1500000 | F22: 1500000 | G22: 1500000
A23: 汨罗市土地综合整治中心 | B23: 2200150 | C23: 事业运行（自然资源事务） | D23: 社会垫资耕地开发基本项目建设指挥部 | E23: 1500000 | F23: 1500000 | G23: 1500000
A24: 不动产登记中心 | E24: 666000 | I24: 666000
A25: 不动产登记中心 | B25: 212 | C25: 城乡社区支出 | E25: 666000 | I25: 666000
A26: 不动产登记中心 | B26: 21208 | C26: 国有土地使用权出让收入安排的支出 | E26: 666000 | I26: 666000
A27: 不动产登记中心 | B27: 2120899 | C27: 其他国有土地使用权出让收入安排的支出 | E27: =E28+E29+E30 -> 666000 | I27: =I28+I29+I30 -> 666000
A28: 不动产登记中心 | B28: 2120899 | C28: 其他国有土地使用权出让收入安排的支出 | D28: 省互联网+不动产登记网上“一窗办事”平台接口建设项目 | E28: =I28 -> 50000 | I28: 50000
A29: 不动产登记中心 | B29: 2120899 | C29: 其他国有土地使用权出让收入安排的支出 | D29: 城镇房地历史存量数据整合项目 | E29: =I29 -> 586000 | I29: 586000
A30: 不动产登记中心 | B30: 2120899 | C30: 其他国有土地使用权出让收入安排的支出 | D30: 不动产登记证书使用管理费用（包含不动产证书、证明、档案袋等） | E30: =I30 -> 30000 | I30: 30000

Sheet 政府性基金拨款支出预算表
U1: 预算11表
A2: 政府性基金拨款支出预算表
T3: 单位：元
A4: 功能科目 | B4: 单位代码 | C4: 单位名称(功能科目) | D4: 总 计 | E4: 基本支出 | I4: 项目支出 | S4: 事业单位经营支出 | T4: 上缴上级支出 | U4: 对附属单位补助支出
E5: 合计 | F5: 工资福利支出 | G5: 一般商品和服务支出 | H5: 对个人和家庭的补助 | I5: 合计 | J5: 专项商品和服务支出 | K5: 专项对个人和家庭的补助 | L5: 债务利息及费用支出 | M5: 资本性支出(基本建设) | N5: 资本性支出 | O5: 对企业补助(基本建设) | P5: 对企业补助 | Q5: 对社会保障基金补助 | R5: 其他支出
B7: 401 | C7: 汨罗市自然资源局系统 | D7: =D8+D12 -> 23216000 | E7: =E10 -> 0 | F7: =F10 -> 0 | G7: =G10 -> 0 | H7: =H10 -> 0 | I7: =I8+I12 -> 23216000 | J7: =J8+J12 -> 23216000
B8: 401001 | C8: 汨罗市自然资源局本级 | D8: =D11 -> 22550000 | E8: =E11 -> 0 | F8: =F11 -> 0 | G8: =G11 -> 0 | H8: =H11 -> 0 | I8: =I11 -> 22550000 | J8: =J11 -> 22550000 | K8: =K11 -> 0 | ... U8: =U11 -> 0
A9: 212 | B9: 401001 | C9: 城乡社区支出 | D9: =D10 -> 22550000 | E9: =E10 -> 0 | F9: =F10 -> 0 | G9: =G10 -> 0 | H9: =H10 -> 0 | I9: =I10 -> 22550000 | J9: =J10 -> 22550000 | K9: =K10 -> 0 | ... U9: =U10 -> 0
A10: 21208 | B10: 401001 | C10: 国有土地使用权出让收入安排的支出 | D10: =D11 -> 22550000 | E10: =E11 -> 0 | F10: =F11 -> 0 | G10: =G11 -> 0 | H10: =H11 -> 0 | I10: =I11 -> 22550000 | J10: =J11 -> 22550000 | K10: =K11 -> 0 | ... U10: =U11 -> 0
A11: 2120899 | B11: 401001 | C11: 其他国有土地使用权出让收入安排的支出 | D11: =J11 -> 22550000 | I11: =J11 -> 22550000 | J11: 22550000
B12: 401008 | C12: 汨罗市不动产登记中心 | D12: =J12 -> 666000 | I12: =J12 -> 666000 | J12: 666000
A13: 220 | B13: 401008 | C13: 自然资源海洋气象等支出 | D13: =J13 -> 666000 | I13: =J13 -> 666000 | J13: 666000
A14: 22001 | B14: 401008 | C14: 自然资源海洋事务 | D14: =J14 -> 666000 | I14: =J14 -> 666000 | J14: 666000
A15: 2200150 | B15: 401008 | C15: 事业运行 | D15: =J15 -> 666000 | I15: =J15 -> 666000 | J15: 666000
E16: 0

Sheet 国有资本经营预算支出表
H1: 预算12表
A2: 国有资本经营预算支出表
G4: 单位：元
A5: 科目编码 | B5: 科目名称 | C5: 合计 | D5: 本年国有资本经营预算支出 | H5: 项目支出
D6: 小计 | E6: 人员经费 | G6: 公用经费
E7: 工资福利支出 | F7: 对个人和家庭的补助
C8: 0 | D8: 0 | E8: 0 | F8: 0
F18: 0

Sheet “三公”经费预算公开表
C1: 预算13表
A2: “三公”经费预算公开表
A4: 填报单位：汨罗市自然资源局系统 | C4: 单位：元
A5: 项目 | B5: 本年预算数 | C5: 备注
A6: 合计 | B6: =B8+B10 -> 1470800
A7: 1、因公出国（境）费用
A8: 2、公务接待费 | B8: 892400
A9: 3、公务用车费 | B9: =B10 -> 578400
A10: 其中：（1）公务用车运行维护费 | B10: 578400
A11: （2）公务用车购置
B13: =B8-一般公共预算基本支出情况表—商品和服务支出!Q7 -> 0

Sheet 非税收入计划表
U1: 预算14表
A2: 非税收入征收计划表
U3: 单位：元
A4: 单位名称 | B4: 项目名称 | C4: 2020年完成数 | D4: 2021年预计完成数 | E4: 非税收入征收计划 | I4: 2022年非税收入申报计划 | P4: 执收成本 | R4: 可支配收入
E5: 小计 | F5: 单位执收 | G5: 上级分成收入 | H5: 其他单位分成收入 | I5: 专项收入 | J5: 行政事业性收费 | K5: 政府性基金 | L5: 罚没收入 | M5: 国有资源有偿使用收入 | N5: 其他收入 | O5: 小计 | P5: 成本率 | Q5: 直接成本 | R5: 合计 | S5: 纳入公共预算管理 | T5: 政府性基金 | U5: 专户管理
A7: 汨罗市自然资源局系统 | C7: 15454244 | D7: 13614720 | E7: 0 | F7: 0 | G7: 0 | H7: 0 | I7: 0 | J7: 16000000 | K7: 0 | L7: 4000000 | M7: 0 | N7: 0 | O7: 20000000 | P7: 0 | Q7: 0 | R7: 8000000 | S7: 8000000 | T7: 0 | U7: 0
A8: 汨罗市自然资源局本级 | C8: =SUM(C9:C18) -> 15454244 | D8: =SUM(D9:D18) -> 13614720 | E8: =SUM(E9:E18) -> 0 | F8: =SUM(F9:F18) -> 0 | G8: =SUM(G9:G18) -> 0 | H8: =SUM(H9:H18) -> 0 | I8: =SUM(I9:I18) -> 0 | J8: =SUM(J9:J18) -> 16000000 | ... U8: =SUM(U9:U18) -> 0
A9: 汨罗市自然资源局本级 | B9: 产籍测绘费 | C9: 227192 | D9: =SUM(D11:D18) -> 6807360 | E9: 0 | F9: 0 | G9: 0 | H9: 0 | I9: 0 | J9: =SUM(J12:J18) -> 8000000 | K9: 0 | L9: =L11 -> 2000000 | M9: 0 | N9: 0 | O9: =SUM(O11:O18) -> 10000000 | Q9: 0 | R9: 0 | S9: 0 | T9: 0 | U9: 0
A10: 汨罗市自然资源局本级 | B10: 交易服务费 | C10: 5074000 | D10: 0 | E10: 0 | F10: 0 | G10: 0 | H10: 0 | I10: 0 | J10: 0 | K10: 0 | L10: 0 | M10: 0 | N10: 0 | O10: 0 | Q10: 0 | R10: 0 | S10: 0 | T10: 0 | U10: 0
A11: 汨罗市自然资源局本级 | B11: 罚没收入 | C11: 3113976 | D11: 1000000 | E11: 0 | F11: 0 | G11: 0 | H11: 0 | I11: 0 | J11: 0 | K11: 0 | L11: 2000000 | M11: 0 | N11: 0 | O11: 2000000 | Q11: 0 | R11: 1000000 | S11: 1000000 | T11: 0 | U11: 0
A12: 汨罗市自然资源局本级 | B12: 土地证书工本费 | C12: 7635 | D12: 1570 | E12: 0 | F12: 0 | G12: 0 | H12: 0 | I12: 0 | J12: 5000 | K12: 0 | L12: 0 | M12: 0 | N12: 0 | O12: 5000 | Q12: 0 | R12: 5000 | S12: 5000 | T12: 0 | U12: 0
A13: 汨罗市自然资源局本级 | B13: 集体土地征地拆迁服务费 | C13: 601569 | D13: 1845300 | E13: 0 | F13: 0 | G13: 0 | H13: 0 | I13: 0 | J13: 2000000 | K13: 0 | L13: 0 | M13: 0 | N13: 0 | O13: 2000000 | Q13: 0 | R13: 2000000 | S13: 2000000 | T13: 0 | U13: 0
A14: 汨罗市自然资源局本级 | B14: 非住宅类不动产登记费 | C14: 4340190 | D14: 610764 | E14: 0 | F14: 0 | G14: 0 | H14: 0 | I14: 0 | J14: 2000000 | K14: 0 | L14: 0 | M14: 0 | N14: 0 | O14: 2000000 | Q14: 0 | R14: 1000000 | S14: 1000000 | T14: 0 | U14: 0
A15: 汨罗市自然资源局本级 | B15: 其他非税收入 | C15: 0 | D15: 230000 | E15: 0 | F15: 0 | G15: 0 | H15: 0 | I15: 0 | J15: 500000 | K15: 0 | L15: 0 | M15: 0 | N15: 0 | O15: 500000 | Q15: 0 | R15: 500000 | S15: 500000 | T15: 0 | U15: 0
A16: 汨罗市自然资源局本级 | B16: 地籍测绘费 | C16: 1776032 | D16: 2677100 | E16: 0 | F16: 0 | G16: 0 | H16: 0 | I16: 0 | J16: 3000000 | K16: 0 | L16: 0 | M16: 0 | N16: 0 | O16: 3000000 | Q16: 0 | R16: 3000000 | S16: 3000000 | T16: 0 | U16: 0
A17: 汨罗市自然资源局本级 | B17: 住宅类不动产登记费 | C17: 313650 | D17: 279276 | E17: 0 | F17: 0 | G17: 0 | H17: 0 | I17: 0 | J17: 300000 | K17: 0 | L17: 0 | M17: 0 | N17: 0 | O17: 300000 | Q17: 0 | R17: 300000 | S17: 300000 | T17: 0 | U17: 0
A18: 汨罗市自然资源局本级 | B18: 概算审查费 | C18: 0 | D18: 163350 | E18: 0 | F18: 0 | G18: 0 | H18: 0 | I18: 0 | J18: 195000 | K18: 0 | L18: 0 | M18: 0 | N18: 0 | O18: 195000 | Q18: 0 | R18: 195000 | S18: 195000 | T18: 0 | U18: 0

Sheet 上年结转支出预算表
U1: 预算15表
A2: 上年结转支出预算表
T3: 单位：元
A4: 功能科目 | B4: 单位代码 | C4: 单位名称(功能科目) | D4: 总 计 | E4: 基本支出 | I4: 项目支出 | S4: 事业单位经营支出 | T4: 上缴上级支出 | U4: 对附属单位补助支出
E5: 合计 | F5: 工资福利支出 | G5: 一般商品和服务支出 | H5: 对个人和家庭的补助 | I5: 合计 | J5: 专项商品和服务支出 | K5: 专项对个人和家庭的补助 | L5: 债务利息及费用支出 | M5: 资本性支出(基本建设) | N5: 资本性支出 | O5: 对企业补助(基本建设) | P5: 对企业补助 | Q5: 对社会保障基金补助 | R5: 其他支出
B7: 401 | C7: 汨罗市自然资源局系统 | D7: 0
B8: 401001 | C8: 汨罗市自然资源局本级 | D8: 0
B9: 401005 | C9: 汨罗市国土资源局乡镇国土所 | D9: 0
B10: 401006 | C10: 汨罗市土地综合整治中心 | D10: 0
B11: 401008 | C11: 汨罗市不动产登记中心 | D11: 0

Sheet 政府采购预算表
Q1: 预算16表
B2: 政府采购预算表
Q3: 单位;元
A4: 序号 | B4: 单位代码 | C4: 单位名称 | D4: 采购项目名称 | E4: 采购目录编码 | F4: 支出功能科目 | G4: 采购数量 | H4: 计量单位 | I4: 总计 | J4: 公共财政拨款 | M4: 政府性基金拨款 | N4: 纳入专户管理的非税收入拨款 | O4: 上级补助收入 | Q4: 事业单位经营服务收入 | R4: 其他收入 | S4: 用事业基金弥补收支差额 | T4: 上年结转
J5: 公共财政拨款合计 | K5: 经费拨款 | L5: 纳入公共预算管理的非税收入拨款
O6: 公共财政补助 | P6: 政府性基金补助
B8: 401 | C8: 汨罗市自然资源局系统 | I8: =I9+I26+I36+I41 -> 10446000 | J8: =J9+J26+J36+J41 -> 10446000 | K8: =K9+K26+K36+K41 -> 10446000
B9: 401001 | C9: 汨罗市自然资源局本级 | I9: =J9 -> 8570000 | J9: =K9 -> 8570000 | K9: =SUM(K10:K25) -> 8570000
A10: 1 | B10: 401001 | C10: 汨罗市自然资源局本级 | D10: 办公桌椅 | E10: 台、桌类 | G10: 400 | I10: =J10 -> 200000 | J10: =K10 -> 200000 | K10: 200000
A11: 2 | B11: 401001 | C11: 汨罗市自然资源局本级 | D11: 办公家具 | E11: 金属质柜类 | G11: 50 | I11: =J11 -> 50000 | J11: =K11 -> 50000 | K11: 50000
A12: 3 | B12: 401001 | C12: 汨罗市自然资源局本级 | D12: 大型修缮 | E12: 行政单位用房 | G12: 1 | I12: =J12 -> 500000 | J12: =K12 -> 500000 | K12: 500000
A13: 4 | B13: 401001 | C13: 汨罗市自然资源局本级 | D13: 办公设备 | E13: 扫描仪 | G13: 10 | I13: =J13 -> 15000 | J13: =K13 -> 15000 | K13: 15000
A14: 3 | B14: 401001 | C14: 汨罗市自然资源局本级 | D14: 测绘专用 | E14: 测绘专用仪器 | G14: 2 | I14: =J14 -> 300000 | J14: =K14 -> 300000 | K14: 300000
A15: 4 | B15: 401001 | C15: 汨罗市自然资源局本级 | D15: 其他设备 | E15: 其他办公设备 | G15: 0 | I15: =J15 -> 665000 | J15: =K15 -> 665000 | K15: 665000
A16: 4 | B16: 401001 | C16: 汨罗市自然资源局本级 | D16: 办公设备 | E16: 其他计算机设备及软件 | G16: 10 | I16: =J16 -> 50000 | J16: =K16 -> 50000 | K16: 50000
A17: 5 | B17: 401001 | C17: 汨罗市自然资源局本级 | D17: 打印机 | E17: 打印设备 | G17: 40 | I17: =J17 -> 50000 | J17: =K17 -> 50000 | K17: 50000
A18: 5 | B18: 401001 | C18: 汨罗市自然资源局本级 | D18: 办公设备 | E18: 台式计算机 | G18: 50 | I18: =J18 -> 250000 | J18: =K18 -> 250000 | K18: 250000
A19: 6 | B19: 401001 | C19: 汨罗市自然资源局本级 | D19: 房屋维修 | E19: 房屋附属设施 | G19: 0 | I19: =J19 -> 6000000 | J19: =K19 -> 6000000 | K19: 6000000
A20: 6 | B20: 401001 | C20: 汨罗市自然资源局本级 | D20: 扫描仪 | E20: 打印设备 | G20: 40 | I20: =J20 -> 200000 | J20: =K20 -> 200000 | K20: 200000
A21: 7 | B21: 401001 | C21: 汨罗市自然资源局本级 | D21: 电脑 | E21: 台式计算机 | G21: 20 | I21: =J21 -> 100000 | J21: =K21 -> 100000 | K21: 100000
A22: 7 | B22: 401001 | C22: 汨罗市自然资源局本级 | D22: 服装 | E22: 制服 | G22: 60 | I22: =J22 -> 60000 | J22: =K22 -> 60000 | K22: 60000
A23: 8 | B23: 401001 | C23: 汨罗市自然资源局本级 | D23: 办公家具 | E23: 固定架、密集架 | G23: 10 | I23: =J23 -> 10000 | J23: =K23 -> 10000 | K23: 10000
A24: 8 | B24: 401001 | C24: 汨罗市自然资源局本级 | D24: 办公设备 | E24: 打印设备 | G24: 30 | I24: =J24 -> 100000 | J24: =K24 -> 100000 | K24: 100000
A25: 9 | B25: 401001 | C25: 汨罗市自然资源局本级 | D25: 文件柜 | E25: 柜类 | G25: 50 | I25: =J25 -> 20000 | J25: =K25 -> 20000 | K25: 20000
B26: 401005 | C26: 汨罗市国土资源局乡镇国土所 | F26: 2200150 | G26: =SUM(G27:G35) -> 140 | I26: =J26 -> 1213000 | J26: =K26 -> 1213000 | K26: =SUM(K27:K35) -> 1213000
A27: 1 | B27: 401005 | C27: 汨罗市国土资源局乡镇国土所 | D27: 房屋维修 | F27: 2200150 | G27: 10 | H27: 次 | I27: =J27 -> 200000 | J27: =K27 -> 200000 | K27: 200000
A28: 2 | B28: 401005 | C28: 汨罗市国土资源局乡镇国土所 | D28: 大型修缮 | F28: 2200150 | G28: 10 | H28: 次 | I28: =J28 -> 500000 | J28: =K28 -> 500000 | K28: 500000
A29: 3 | B29: 401005 | C29: 汨罗市国土资源局乡镇国土所 | D29: 网络连接设备 | F29: 2200150 | G29: 15 | H29: 台 | I29: =J29 -> 75000 | J29: =K29 -> 75000 | K29: 75000
A30: 4 | B30: 401005 | C30: 汨罗市国土资源局乡镇国土所 | D30: 台式计算机 | F30: 2200150 | G30: 15 | H30: 台 | I30: =J30 -> 75000 | J30: =K30 -> 75000 | K30: 75000
A31: 5 | B31: 401005 | C31: 汨罗市国土资源局乡镇国土所 | D31: 台式计算机 | F31: 2200150 | G31: 30 | H31: 台 | I31: =J31 -> 150000 | J31: =K31 -> 150000 | K31: 150000
A32: 6 | B32: 401005 | C32: 汨罗市国土资源局乡镇国土所 | D32: 条码打印机 | F32: 2200150 | G32: 15 | H32: 台 | I32: =J32 -> 90000 | J32: =K32 -> 90000 | K32: 90000
A33: 7 | B33: 401005 | C33: 汨罗市国土资源局乡镇国土所 | D33: 打印设备 | F33: 2200150 | G33: 15 | H33: 台 | I33: =J33 -> 45000 | J33: =K33 -> 45000 | K33: 45000
A34: 8 | B34: 401005 | C34: 汨罗市国土资源局乡镇国土所 | D34: 激光打印机 | F34: 2200150 | G34: 15 | H34: 台 | I34: =J34 -> 18000 | J34: =K34 -> 18000 | K34: 18000
A35: 9 | B35: 401005 | C35: 汨罗市国土资源局乡镇国土所 | D35: 扫描仪 | F35: 2200150 | G35: 15 | H35: 台 | I35: =J35 -> 60000 | J35: =K35 -> 60000 | K35: 60000
B36: 401006 | C36: 汨罗市土地综合整治中心 | D36: 设备采购 | G36: =G37+G38+G39+G40 -> 20 | I36: =J36 -> 71000 | J36: =K36 -> 71000 | K36: =K37+K38+K39+K40 -> 71000
A37: 1 | B37: 401006 | C37: 汨罗市土地综合整治中心 | D37: 打印设备 | F37: 2200150 | G37: 5 | H37: 台 | I37: =J37 -> 15000 | J37: =K37 -> 15000 | K37: 15000
A38: 2 | B38: 401006 | C38: 汨罗市土地综合整治中心 | D38: 激光打印机 | F38: 2200150 | G38: 5 | H38: 台 | I38: =J38 -> 6000 | J38: =K38 -> 6000 | K38: 6000
A39: 3 | B39: 401006 | C39: 汨罗市土地综合整治中心 | D39: 台式计算机 | F39: 2200150 | G39: 5 | H39: 台 | I39: =J39 -> 25000 | J39: =K39 -> 25000 | K39: 25000
A40: 4 | B40: 401006 | C40: 汨罗市土地综合整治中心 | D40: 台式计算机 | F40: 2200150 | G40: 5 | H40: 台 | I40: =J40 -> 25000 | J40: =K40 -> 25000 | K40: 25000
B41: 401008 | C41: 汨罗市不动产登记中心 | D41: 办公设备 | G41: =G42+G43+G44+G45+G46+G47+G48+G49+G50 -> 80 | I41: =I42+I43+I44+I45+I46+I47+I48+I49+I50 -> 592000 | J41: =J42+J43+J44+J45+J46+J47+J48+J49+J50 -> 592000 | K41: =K42+K43+K44+K45+K46+K47+K48+K49+K50 -> 592000
A42: 1 | B42: 401008 | C42: 汨罗市不动产登记中心 | D42: 办公设备 | E42: 办公设备 | G42: 20 | I42: =J42 -> 370000 | J42: =K42 -> 370000 | K42: 370000
A43: 2 | B43: 401008 | C43: 汨罗市不动产登记中心 | D43: 办公设备 | E43: 台式计算机 | G43: 10 | I43: =J43 -> 50000 | J43: =K43 -> 50000 | K43: 50000
A44: 3 | B44: 401008 | C44: 汨罗市不动产登记中心 | D44: 办公设备 | E44: 台式计算机 | G44: 20 | I44: =J44 -> 100000 | J44: =K44 -> 100000 | K44: 100000
A45: 4 | B45: 401008 | C45: 汨罗市不动产登记中心 | D45: 办公设备 | E45: 条码打印机 | G45: 2 | I45: =J45 -> 12000 | J45: =K45 -> 12000 | K45: 12000
A46: 5 | B46: 401008 | C46: 汨罗市不动产登记中心 | D46: 办公设备 | E46: 激光打印机 | G46: 10 | I46: =J46 -> 12000 | J46: =K46 -> 12000 | K46: 12000
A47: 6 | B47: 401008 | C47: 汨罗市不动产登记中心 | D47: 办公设备 | E47: 打印设备 | G47: 5 | I47: =J47 -> 20000 | J47: =K47 -> 20000 | K47: 20000
A48: 7 | B48: 401008 | C48: 汨罗市不动产登记中心 | D48: 办公设备 | E48: 扫描仪 | G48: 2 | I48: =J48 -> 8000 | J48: =K48 -> 8000 | K48: 8000
A49: 8 | B49: 401008 | C49: 汨罗市不动产登记中心 | D49: 办公设备 | E49: 装订机 | G49: 1 | I49: =J49 -> 10000 | J49: =K49 -> 10000 | K49: 10000
A50: 9 | B50: 401008 | C50: 汨罗市不动产登记中心 | D50: 办公家具 | E50: 办公套件 | G50: 10 | I50: =J50 -> 10000 | J50: =K50 -> 10000 | K50: 10000

Sheet 支出总体情况表(政府预算)
S1: 预算17表
A2: 支出总体情况表(政府预算)
S3: 单位：元
A4: 功能科目 | B4: 单位代码 | C4: 单位名称(功能科目) | D4: 总 计 | E4: 机关工资福利支出 | F4: 机关商品和服务支出 | G4: 机关资本性支出(一) | H4: 机关资本性支出(二) | I4: 对事业单位经常性补助 | J4: 对事业单位资本性补助 | K4: 对企业补助 | L4: 对企业资本性支出 | M4: 对个人和家庭的补助 | N4: 对社会保障基金补助 | O4: 债务利息及费用支出 | P4: 债务还本支出 | Q4: 转移性支出 | R4: 预备费及预留 | S4: 其他支出
B7: 401 | C7: 汨罗市自然资源局系统 | D7: =D8+D21+D31+D50 -> 71299397 | E7: =E8+E50 -> 19519089 | F7: =F8+F21+F50 -> 29201915 | G7: =G8+G50 -> 0 | H7: =H8+H50 -> 0 | I7: =I21+I31+I50 -> 21849753 | J7: =J8+J50 -> 0 | K7: =K8+K50 -> 0 | L7: =L8+L50 -> 0 | M7: =M8+M50 -> 62640 | N7: =N8+N50 -> 0 | O7: =O8+O50 -> 0 | P7: =P8+P50 -> 0 | Q7: =Q8+Q50 -> 0 | ... S7: =S8+S50 -> 666000 | XFD7: =SUM(A7:XFC7) -> 142598794
B8: 401001 | C8: 汨罗市自然资源局本级 | D8: =SUM(E8:S8) -> 48783644 | E8: =E9+E13+E16 -> 19519089 | F8: =F9+F13+F16 -> 29201915 | G8: =G9 -> 0 | H8: =H9 -> 0 | I8: =I9 -> 0 | J8: =J9 -> 0 | K8: =K9 -> 0 | L8: =L9 -> 0 | M8: =M9 -> 62640 | N8: =N9 -> 0 | O8: =O9 -> 0
A9: 220 | B9: 401001 | C9: 自然资源海洋气象等支出 | D9: =D10+D13+D16 -> 48721004 | E9: =E11+E12 -> 18038865 | F9: =F11+F12 -> 5511915 | M9: =M10+M13+M16 -> 62640
A10: 22001 | B10: 401001 | C10: 自然资源事务 | D10: =D11+D12 -> 23550780 | E10: =E11+E12 -> 18038865 | F10: =F11+F12 -> 5511915 | M10: =M11+M12 -> 62640
A11: 2200101 | B11: 401001 | C11: 行政运行 | D11: =E11+F11+G11 -> 20937907 | E11: 18038865 | F11: 2899042 | M11: 62640
A12: 2200102 | B12: 401001 | C12: 一般行政管理事务 | D12: =E12+F12+G12 -> 2612873 | F12: 2612873
A13: 221 | B13: 401001 | C13: 住房保障支出 | D13: =D14 -> 1480224 | E13: =E14 -> 1480224 | M13: =M14 -> 0
A14: 22102 | B14: 401001 | C14: 住房改革支出 | D14: =D15 -> 1480224 | E14: =E15 -> 1480224
A15: 2210201 | B15: 401001 | C15: 住房公积金 | D15: =E15+F15+G15 -> 1480224 | E15: 1480224
A16: 212 | B16: 401001 | C16: 城乡社区支出 | D16: =D17+D19 -> 23690000 | E16: =E17+E19 -> 0 | F16: =F17+F19 -> 23690000
A17: 21208 | B17: 401001 | C17: 国有土地使用权出让收入安排的支出 | D17: 22550000 | E17: =E18 -> 0 | F17: 22550000
A18: 2120899 | B18: 401001 | C18: 其他国有土地使用权出让收入安排的支出 | D18: 22550000 | F18: 22550000
A19: 21202 | B19: 401001 | C19: 城乡社区规划与管理 | D19: 1140000 | F19: 1140000
A20: 2120201 | B20: 401001 | C20: 城乡社区规划与管理 | D20: 1140000 | F20: 1140000
B21: 401005 | C21: 汨罗市国土资源局乡镇国土所 | D21: =F21+I21 -> 14493504 | E21: 0 | G21: 0 | H21: 0 | I21: 14493504 | J21: 0 | K21: 0 | L21: 0 | M21: 0 | N21: 0 | O21: 0 | P21: 0 | Q21: 0 | R21: 0 | S21: 0
A22: 220 | B22: 401005 | C22: 自然资源海洋气象等支出 | D22: 12271056 | E22: 0 | G22: 0 | H22: 0 | I22: 12271056 | J22: 0 | K22: 0 | L22: 0 | M22: 0 | N22: 0 | O22: 0 | P22: 0 | Q22: 0 | R22: 0 | S22: 0
A23: 22001 | B23: 401005 | C23: 自然资源海洋事务 | D23: 12271056 | E23: 0 | G23: 0 | H23: 0 | I23: 12271056 | J23: 0 | K23: 0 | L23: 0 | M23: 0 | N23: 0 | O23: 0 | P23: 0 | Q23: 0 | R23: 0 | S23: 0
A24: 2200150 | B24: 401005 | C24: 事业运行 | D24: 12271056 | E24: 0 | G24: 0 | H24: 0 | I24: 12271056 | J24: 0 | K24: 0 | L24: 0 | M24: 0 | N24: 0 | O24: 0 | P24: 0 | Q24: 0 | R24: 0 | S24: 0
A25: 221 | B25: 401005 | C25: 住房保障支出 | D25: 952477.2 | I25: 952477.2
A26: 22102 | B26: 401005 | C26: 住房改革支出 | D26: 952478 | I26: 952478
A27: 2210201 | B27: 401005 | C27: 住房公积金 | D27: 952478 | I27: 952478
A28: 208 | B28: 401005 | C28: 社会保障和就业支出 | D28: 1269970.6 | I28: 1269970.6
A29: 20805 | B29: 401005 | C29: 行政事业单位养老支出 | D29: 1269971 | I29: 1269971
A30: 2080505 | B30: 401005 | C30: 机关事业单位基本养老保险缴费支出 | D30: 1269971 | I30: 1269971
B31: 401006 | C31: 汨罗市土地综合整治中心 | D31: =I31 -> 2357013 | E31: 0 | F31: 0 | G31: 0 | H31: 0 | I31: 2357013 | J31: 0 | K31: 0 | L31: 0 | M31: 0 | N31: 0 | O31: 0 | P31: 0 | Q31: 0 | R31: 0 | S31: 0
A32: 201 | B32: 401006 | C32: 一般公共服务支出 | D32: =I32 -> 132011 | G32: 0 | H32: 0 | I32: 132011 | J32: 0 | K32: 0 | L32: 0 | M32: 0 | N32: 0 | O32: 0 | P32: 0 | Q32: 0 | R32: 0 | S32: 0
A33: 22099 | B33: 401006 | C33: 其他一般公共服务支出 | D33: =I33 -> 132011 | G33: 0 | H33: 0 | I33: 132011
A34: 2019999 | B34: 401006 | C34: 其他一般公共服务支出 | D34: =I34 -> 132011 | G34: 0 | H34: 0 | I34: 132011
A35: 208 | B35: 401006 | C35: 社会保障和就业支出 | D35: =I35 -> 162309 | I35: =I36+I39 -> 162309
A36: 20805 | B36: 401006 | C36: 行政事业单位养老支出 | D36: =I36 -> 112248 | I36: =I37+I38 -> 112248
A37: 2080505 | B37: 401006 | C37: 机关事业单位基本养老保险缴费支出 | D37: =I37 -> 74832 | I37: 74832
A38: 2080506 | B38: 401006 | C38: 机关事业单位职业年金缴费支出 | D38: =I38 -> 37416 | I38: 37416
A39: 20899 | B39: 401006 | C39: 其他社会保障和就业支出 | D39: =I39 -> 50061 | I39: 50061
A40: 2089999 | B40: 401006 | C40: 其他社会保障和就业支出 | D40: =I40 -> 50061 | I40: 50061
A41: 220 | B41: 401006 | C41: 自然资源海洋气象等支出 | D41: =I41 -> 506569 | I41: 506569
A42: 22001 | B42: 401006 | C42: 自然资源事务 | D42: =I42 -> 506569 | I42: 506569
A43: 2200150 | B43: 401006 | C43: 事业运行 | D43: =I43 -> 506569 | I43: 506569
A44: 221 | B44: 401006 | C44: 住房保障支出 | D44: =I44 -> 56124 | I44: 56124
A45: 22102 | B45: 401006 | C45: 住房改革支出 | D45: =I45 -> 56124 | I45: 56124
A46: 2210201 | B46: 401006 | C46: 住房公积金 | D46: =I46 -> 56124 | I46: 56124
A47: 229 | B47: 401006 | C47: 其他支出 | D47: =I47 -> 1500000 | I47: 1500000
A48: 22904 | B48: 401006 | C48: 其他政府性基金及对应专项债务收入安排的支出 | D48: =I48 -> 1500000 | I48: 1500000
A49: 2290401 | B49: 401006 | C49: 其他政府性基金安排的支出 | D49: =I49 -> 1500000 | I49: 1500000
B50: 401008 | C50: 汨罗市不动产登记中心 | D50: =I50+S50 -> 5665236 | E50: =E57+E60 -> 0 | I50: =I52+I58+I61 -> 4999236 | S50: =S54 -> 666000
A51: 201 | B51: 401008 | C51: 一般公共服务支出 | D51: =I51 -> 784733 | I51: =784212+521 -> 784733
A52: 20199 | B52: 401008 | C52: 其他一般公共服务支出 | D52: =D51 -> 784733 | I52: =I51 -> 784733
A53: 2019999 | B53: 401008 | C53: 其他一般公共服务支出 | D53: =D52 -> 784733 | I53: =784212+521 -> 784733
A54: 212 | B54: 401008 | C54: 城乡社区支出 | D54: =E54+H54+M54+S54 -> 666000 | S54: 666000
A55: 21208 | B55: 401008 | C55: 国有土地使用权出让收入安排的支出 | D55: =E55+H55+M55+S55 -> 666000 | S55: 666000
A56: 2120899 | B56: 401008 | C56: 其他国有土地使用权出让收入安排的支出 | D56: =E56+H56+M56+S56 -> 666000 | S56: 666000
A57: 220 | B57: 401008 | C57: 自然资源海洋气象等支出 | D57: 3886249 | I57: 3886249
A58: 22001 | B58: 401008 | C58: 自然资源海洋事务 | D58: 3886249 | I58: 3886249
A59: 2200150 | B59: 401008 | C59: 事业运行 | D59: 3886249 | I59: 3886249
A60: 221 | B60: 401008 | C60: 住房保障支出 | D60: 328254 | I60: 328254
A61: 22102 | B61: 401008 | C61: 住房改革支出 | D61: 328254 | I61: 328254
A62: 2210201 | B62: 401008 | C62: 住房公积金 | D62: 328254 | I62: 328254

Sheet 一般公共预算支出情况表—工资福利支出(政府预算)
K1: 预算18表
A2: 一般公共预算支出情况表--工资福利支出(政府预算)
L3: 单位：元
A4: 功能科目 | B4: 单位代码 | C4: 单位名称(功能科目) | D4: 总 计 | E4: 机关工资福利支出 | J4: 对事业单位经常性补助
E5: 合计 | F5: 工资奖金津补贴 | G5: 社会保障缴费 | H5: 住房公积金 | I5: 其他工资福利支出 | J5: 合计 | K5: 工资福利支出 | L5: 其他对事业单位补助
B6: 401 | C6: 汨罗市自然资源局系统 | D6: =E6+J6 -> 36709536 | E6: =E7+E14+E24+E37 -> 19519090 | F6: =F7+F14+F24+F37 -> 13466871 | G6: =G7+G14+G24+G37 -> 4249254.1 | H6: =H7+H14+H24+H37 -> 0 | I6: =I7+I14+I24+I37 -> 322740.48 | J6: =J7+J14+J24+J37 -> 17190447 | K6: =K7+K14+K24+K37 -> 17190447 | L6: =L7+L14+L24+L37 -> 0
B7: 401001 | C7: 汨罗市自然资源局本级 | D7: =E7 -> 19519090 | E7: =E8+E11 -> 19519090 | F7: =F8 -> 13466871 | G7: =G8 -> 4249254.1 | H7: =H8 -> 0 | I7: =I8 -> 322740.48 | J7: =J8 -> 0 | K7: =K8 -> 0 | L7: =L8 -> 0
A8: 220 | B8: 401001 | C8: 自然资源海洋气象等支出 | D8: =D9 -> 18038866 | E8: =E9 -> 18038866 | F8: =F9 -> 13466871 | G8: =G9 -> 4249254.1 | I8: =I9 -> 322740.48 | J8: =J9 -> 0 | K8: =K9 -> 0 | L8: =L9 -> 0
A9: 22001 | B9: 401001 | C9: 自然资源事务 | D9: =D10 -> 18038866 | E9: =E10 -> 18038866 | F9: =F10 -> 13466871 | G9: =G10 -> 4249254.1 | I9: =I10 -> 322740.48 | J9: =J10 -> 0 | K9: =K10 -> 0 | L9: =L10 -> 0
A10: 2200101 | B10: 401001 | C10: 行政运行 | D10: =E10+J10 -> 18038866 | E10: =F10+G10+H10+I10 -> 18038866 | F10: =11986647+1480224 -> 13466871 | G10: 4249254.1 | I10: 322740.48
A11: 221 | B11: 401001 | C11: 住房保障支出 | D11: 1480224 | E11: 1480224 | H11: 1480224
A12: 22102 | B12: 401001 | C12: 住房改革支出 | D12: 1480224 | E12: 1480224 | H12: 1480224
A13: 2210201 | B13: 401001 | C13: 住房公积金 | D13: 1480224 | E13: 1480224 | H13: 1480224
B14: 401005 | C14: 汨罗市国土资源局乡镇国土所 | D14: =J14 -> 12250942 | E14: 0 | F14: 0 | G14: 0 | H14: 0 | I14: 0 | J14: =K14 -> 12250942 | K14: 12250942 | L14: 0
A15: 220 | B15: 401005 | C15: 自然资源海洋气象等支出 | D15: 10028493 | E15: 0 | F15: 0 | G15: 0 | H15: 0 | I15: 0 | J15: 10028493 | K15: 10028493 | L15: 0
A16: 22001 | B16: 401005 | C16: 自然资源海洋事务 | D16: 10028493 | E16: 0 | F16: 0 | G16: 0 | H16: 0 | I16: 0 | J16: 10028493 | K16: 10028493 | L16: 0
A17: 2200150 | B17: 401005 | C17: 事业运行 | D17: 10028493 | E17: 0 | F17: 0 | G17: 0 | H17: 0 | I17: 0 | J17: 10028493 | K17: 10028493 | L17: 0
A18: 221 | B18: 401005 | C18: 住房保障支出 | D18: 952478 | J18: 952478 | K18: 952478
A19: 22102 | B19: 401005 | C19: 住房改革支出 | D19: 952478 | J19: 952478 | K19: 952478
A20: 2210201 | B20: 401005 | C20: 住房公积金 | D20: 952478 | J20: 952478 | K20: 952478
A21: 208 | B21: 401005 | C21: 社会保障和就业支出 | D21: 1269971 | J21: 1269971 | K21: 1269971
A22: 20805 | B22: 401005 | C22: 行政事业单位养老支出 | D22: 1269971 | J22: 1269971 | K22: 1269971
A23: 2080505 | B23: 401005 | C23: 机关事业单位基本养老保险缴费支出 | D23: 1269971 | J23: 1269971 | K23: 1269971
B24: 401006 | C24: 汨罗市土地综合整治中心 | D24: =J24+E24 -> 725002 | E24: 0 | F24: 0 | G24: 0 | H24: 0 | I24: 0 | J24: =K24 -> 725002 | K24: 725002 | L24: 0
A25: 208 | B25: 401006 | C25: 社会保障和就业支出 | D25: =J25+E25 -> 162309 | J25: =K25 -> 162309 | K25: =K26+K29 -> 162309
A26: 20805 | B26: 401006 | C26: 行政事业单位养老支出 | D26: =J26+E26 -> 112248 | J26: =K26 -> 112248 | K26: =K27+K28 -> 112248
A27: 2080505 | B27: 401006 | C27: 机关事业单位基本养老保险缴费支出 | D27: =J27+E27 -> 74832 | J27: =K27 -> 74832 | K27: 74832
A28: 2080506 | B28: 401006 | C28: 机关事业单位职业年金缴费支出 | D28: =J28+E28 -> 37416 | J28: =K28 -> 37416 | K28: 37416
A29: 20899 | B29: 401006 | C29: 其他社会保障和就业支出 | D29: =J29+E29 -> 50061 | J29: =K29 -> 50061 | K29: 50061
A30: 2089999 | B30: 401006 | C30: 其他社会保障和就业支出 | D30: =J30+E30 -> 50061 | J30: =K30 -> 50061 | K30: 50061
A31: 220 | B31: 401006 | C31: 自然资源海洋气象等支出 | D31: =J31+E31 -> 506569 | J31: =K31 -> 506569 | K31: 506569
A32: 22001 | B32: 401006 | C32: 自然资源事务 | D32: =J32+E32 -> 506569 | J32: =K32 -> 506569 | K32: 506569
A33: 2200150 | B33: 401006 | C33: 事业运行 | D33: =J33+E33 -> 506569 | J33: =K33 -> 506569 | K33: 506569
A34: 221 | B34: 401006 | C34: 住房保障支出 | D34: =J34+E34 -> 56124 | J34: =K34 -> 56124 | K34: 56124
A35: 22102 | B35: 401006 | C35: 住房改革支出 | D35: =J35+E35 -> 56124 | J35: =K35 -> 56124 | K35: 56124
A36: 2210201 | B36: 401006 | C36: 住房公积金 | D36: =J36+E36 -> 56124 | J36: =K36 -> 56124 | K36: 56124
B37: 401008 | C37: 汨罗市不动产登记中心 | D37: =E37+J37 -> 4214502.5 | J37: =K37 -> 4214502.5 | K37: 4214502.5
A38: 220 | B38: 401008 | C38: 自然资源海洋气象等支出 | D38: 3886249 | J38: 3886249 | K38: 3886249
A39: 22001 | B39: 401008 | C39: 自然资源海洋事务 | D39: 3886249 | J39: 3886249 | K39: 3886249
A40: 2200150 | B40: 401008 | C40: 事业运行 | D40: 3886249 | J40: 3886249 | K40: 3886249
A41: 221 | B41: 401008 | C41: 住房保障支出 | D41: 328254 | J41: 328254 | K41: 328254
A42: 22102 | B42: 401008 | C42: 住房改革支出 | D42: 328254 | J42: 328254 | K42: 328254
A43: 2210201 | B43: 401008 | C43: 住房公积金 | D43: 328254 | J43: 328254 | K43: 328254

Sheet 一般公共预算支出情况表—商品和服务支出(政府预算)
P1: 预算19表
A2: 一般公共预算支出情况表--商品和服务支出(政府预算)
P3: 单位：元
A4: 功能科目 | B4: 单位代码 | C4: 单位名称(功能科目) | D4: 总计 | E4: 机关商品和服务支出 | O4: 对事业单位经常性补助
E5: 合计 | F5: 办公经费 | G5: 会议费 | H5: 培训费 | I5: 委托业务费 | J5: 公务接待费 | K5: 因公出国（境）费用 | L5: 公务用车运行维护费 | M5: 维修(护)费 | N5: 其他商品和服务支出 | O5: 合计 | P5: 商品和服务支出 | Q5: 其他对事业单位补助
B6: 401 | C6: 汨罗市自然资源局系统 | D6: =E6+O6 -> 32056713 | E6: 29682139 | F6: 28569339 | G6: 214000 | H6: 0 | I6: 0 | J6: 428000 | K6: 0 | L6: 0 | M6: 107000 | N6: 363800 | O6: =O18+O22+O26 -> 2374574 | P6: =P18+P22+P26 -> 2374574
B7: 401001 | C7: 汨罗市自然资源局本级 | D7: 29682139 | E7: =E8+E12+E15 -> 29682139 | F7: =F8+F12+F15 -> 28569339 | G7: =G8+G12+G15 -> 214000 | H7: =H8+H12+H15 -> 0 | I7: =I8+I12+I15 -> 0 | J7: =J8+J12+J15 -> 428000 | K7: =K8+K12+K15 -> 0 | L7: =L8+L12+L15 -> 0 | ... Q7: =Q8+Q12+Q15 -> 0
A8: 220 | C8: 自然资源海洋气象等支出 | D8: 4511915 | E8: =E9 -> 4511915 | F8: =F9 -> 3399115 | G8: =G9 -> 214000 | H8: =H9 -> 0 | I8: =I9 -> 0 | J8: =J9 -> 428000 | K8: =K9 -> 0 | L8: =L9 -> 0 | ... Q8: =Q9 -> 0
A9: 22001 | C9: 自然资源事务 | D9: 4511915 | E9: =E10+E11 -> 4511915 | F9: =F10+F11 -> 3399115 | G9: =G10+G11 -> 214000 | H9: =H10+H11 -> 0 | I9: =I10+I11 -> 0 | J9: =J10+J11 -> 428000 | K9: =K10+K11 -> 0 | L9: =L10+L11 -> 0 | ... Q9: =Q10+Q11 -> 0
A10: 2200101 | C10: 行政运行 | D10: 1899042 | E10: =SUM(F10:N10) -> 1899042 | F10: =1899042-G10-H10-I10-J10-K10-L10-M10-N10 -> 786242 | G10: 214000 | J10: 428000 | M10: 107000 | N10: 363800
A11: 2200102 | C11: 一般行政管理事务 | D11: 2612873 | E11: =SUM(F11:N11) -> 2612873 | F11: 2612873
A12: 221 | C12: 住房保障支出 | D12: 1480224 | E12: =E13 -> 1480224 | F12: =F13 -> 1480224
A13: 22102 | C13: 住房改革支出 | D13: 1480224 | E13: =E14 -> 1480224 | F13: =F14 -> 1480224
A14: 2210201 | C14: 住房公积金 | D14: 1480224 | E14: =SUM(F14:N14) -> 1480224 | F14: 1480224
A15: 212 | C15: 城乡社区支出 | D15: 23690000 | E15: =SUM(F15:N15) -> 23690000 | F15: =F16+F18 -> 23690000
A16: 21202 | C16: 城乡社区规划与管理 | D16: 1140000 | E16: =SUM(F16:N16) -> 1140000 | F16: =F17 -> 1140000
A17: 2120201 | C17: 城乡社区规划与管理 | D17: 1140000 | E17: =SUM(F17:N17) -> 1140000 | F17: 1140000
A18: 21208 | C18: 国有土地使用权出让收入安排的支出 | D18: 22550000 | E18: =SUM(F18:N18) -> 22550000 | F18: 22550000
A19: 2120899 | C19: 其他国有土地使用权出让收入安排的支出 | D19: 22550000 | E19: =SUM(F19:N19) -> 22550000 | F19: 22550000
B20: 401005 | C20: 汨罗市国土资源局乡镇国土所 | D20: 2242563 | E20: 0 | F20: 0 | G20: 0 | H20: 0 | I20: 0 | J20: 0 | K20: 0 | L20: 0 | M20: 0 | N20: 0 | O20: 2242563 | P20: 2242563 | Q20: 0
A21: 220 | B21: 401005 | C21: 自然资源海洋气象等支出 | D21: 2242563 | E21: 0 | F21: 0 | G21: 0 | H21: 0 | I21: 0 | J21: 0 | K21: 0 | L21: 0 | M21: 0 | N21: 0 | O21: 2242563 | P21: 2242563 | Q21: 0
A22: 22001 | B22: 401005 | C22: 自然资源海洋事务 | D22: 2242563 | E22: 0 | F22: 0 | G22: 0 | H22: 0 | I22: 0 | J22: 0 | K22: 0 | L22: 0 | M22: 0 | N22: 0 | O22: 2242563 | P22: 2242563 | Q22: 0
A23: 2200150 | B23: 401005 | C23: 事业运行 | D23: 2242563 | E23: 0 | F23: 0 | G23: 0 | H23: 0 | I23: 0 | J23: 0 | K23: 0 | L23: 0 | M23: 0 | N23: 0 | O23: 2242563 | P23: 2242563 | Q23: 0
B24: 401006 | C24: 汨罗市土地综合整治中心 | D24: 132011 | E24: 0 | F24: 0 | G24: 0 | H24: 0 | I24: 0 | J24: 0 | K24: 0 | L24: 0 | M24: 0 | N24: 0 | O24: 132011 | P24: 132011 | Q24: 0
A25: 220 | B25: 401006 | C25: 自然资源海洋气象等支出 | D25: 132011 | E25: 0 | F25: 0 | G25: 0 | H25: 0 | I25: 0 | J25: 0 | K25: 0 | L25: 0 | M25: 0 | N25: 0 | O25: 132011 | P25: 132011 | Q25: 0
A26: 22001 | B26: 401006 | C26: 自然资源事务 | D26: 132011 | E26: 0 | F26: 0 | G26: 0 | H26: 0 | I26: 0 | J26: 0 | K26: 0 | L26: 0 | M26: 0 | N26: 0 | O26: 132011 | P26: 132011
A27: 2200150 | B27: 401006 | C27: 事业运行（自然资源事务） | D27: 132011 | E27: 0 | F27: 0 | G27: 0 | H27: 0 | I27: 0 | J27: 0 | K27: 0 | L27: 0 | M27: 0 | N27: 0 | O27: 132011 | P27: 132011
B28: 401008 | C28: 汨罗市不动产登记中心 | D28: 784733 | O28: 784733 | P28: 784733
A29: 220 | B29: 401008 | C29: 自然资源海洋气象等支出 | D29: 784733 | O29: 784733 | P29: 784733
A30: 22001 | B30: 401008 | C30: 自然资源海洋事务 | D30: 784733 | O30: 784733 | P30: 784733
A31: 2200150 | B31: 401008 | C31: 事业运行 | D31: 784733 | O31: 784733 | P31: 784733

Sheet 一般公共预算支出情况表—对个人和家庭的补助(政府预算)
J1: 预算20表
A2: 一般公共预算支出情况表--对个人和家庭的补助(政府预算) | B2: 一般公共预算基本支出情况表--对个人和家庭的补助(政府预算)
J3: 单位：元
A4: 功能科目 | B4: 功能科目 | C4: 单位代码 | D4: 单位名称(功能科目) | E4: 总计 | F4: 社会福利和救济 | G4: 助学金 | H4: 个人农业生产补贴 | I4: 离退休费 | J4: 其他对个人和家庭的补助
C6: 401 | D6: 汨罗市自然资源局系统 | E6: =E7 -> 62640 | F6: =F7 -> 0 | G6: =G7 -> 0 | H6: =H7 -> 0 | I6: =I7 -> 0 | J6: =J7 -> 62640
A7: 2200101 | C7: 401001 | D7: 汨罗市自然资源局本级 | E7: =E8 -> 62640 | F7: =F8 -> 0 | G7: =G8 -> 0 | H7: =H8 -> 0 | I7: =I8 -> 0 | J7: =J8 -> 62640
B8: 220 | C8: 401001 | D8: 自然资源海洋气象等支出 | E8: =E9 -> 62640 | F8: =F9 -> 0 | G8: =G9 -> 0 | H8: =H9 -> 0 | I8: =I9 -> 0 | J8: =J9 -> 62640
B9: 22001 | C9: 401001 | D9: 自然资源事务 | E9: =E10 -> 62640 | F9: =F10 -> 0 | G9: =G10 -> 0 | H9: =H10 -> 0 | I9: =I10 -> 0 | J9: =J10 -> 62640
B10: 2200101 | C10: 401001 | D10: 行政运行 | E10: =J10 -> 62640 | J10: 62640

Sheet 政府性基金拨款支出预算表(政府预算)
P1: 预算21表
A2: 政府性基金拨款支出预算表(政府预算)
P3: 单位：元
A4: 功能科目 | B4: 单位代码 | C4: 单位名称(功能科目) | D4: 总 计 | E4: 机关工资福利支出 | F4: 机关商品和服务支出 | G4: 机关资本性支出(一) | H4: 机关资本性支出(二) | I4: 对事业单位经常性补助 | J4: 对事业单位资本性补助 | K4: 对企业补助 | L4: 对企业资本性支出 | M4: 对个人和家庭的补助 | N4: 对社会保障基金补助 | O4: 债务利息及费用支出 | P4: 其他支出
B7: 401 | C7: 汨罗市自然资源局系统 | D7: =D12+D8 -> 23216000 | F7: 22550000 | P7: 666000
B8: 401001 | C8: 汨罗市自然资源局本级 | D8: 22550000 | F8: 22550000 | G8: =G9 -> 0 | H8: =H9 -> 0 | I8: =I9 -> 0 | J8: =J9 -> 0 | K8: =K9 -> 0 | L8: =L9 -> 0 | M8: =M9 -> 0 | N8: =N9 -> 0 | ... P8: =P9 -> 0
A9: 212 | B9: 401001 | C9: 城乡社区支出 | D9: 22550000 | F9: 22550000 | G9: =G10 -> 0 | H9: =H10 -> 0 | I9: =I10 -> 0 | J9: =J10 -> 0 | K9: =K10 -> 0 | L9: =L10 -> 0 | M9: =M10 -> 0 | N9: =N10 -> 0 | ... P9: =P10 -> 0
A10: 21208 | B10: 401001 | C10: 国有土地使用权出让收入安排的支出 | D10: 22550000 | F10: 22550000 | G10: =G11 -> 0 | H10: =H11 -> 0 | I10: =I11 -> 0 | J10: =J11 -> 0 | K10: =K11 -> 0 | L10: =L11 -> 0 | M10: =M11 -> 0 | N10: =N11 -> 0 | ... P10: =P11 -> 0
A11: 2120899 | B11: 401001 | C11: 其他国有土地使用权出让收入安排的支出 | D11: 22550000 | F11: 22550000 | G11: =H11+L11+Q11 -> 0 | H11: =I11+M11+R11 -> 0 | I11: =J11+N11+S11 -> 0 | J11: =K11+O11+T11 -> 0 | K11: =L11+P11+U11 -> 0 | L11: =M11+Q11+V11 -> 0 | M11: =N11+R11+W11 -> 0 | N11: =O11+S11+X11 -> 0 | ... P11: =Q11+U11+Z11 -> 0
B12: 401008 | C12: 汨罗市不动产登记中心 | D12: 666000 | P12: 666000
A13: 220 | B13: 401008 | C13: 自然资源海洋气象等支出 | D13: 666000 | P13: 666000
A14: 22001 | B14: 401008 | C14: 自然资源海洋事务 | D14: 666000 | P14: 666000
A15: 2200150 | B15: 401008 | C15: 事业运行 | D15: 666000 | P15: 666000

Sheet 上年结转支出预算表(政府预算)
P1: 预22表
A2: 上年结转支出预算表(政府预算)
P3: 单位：元
A4: 功能科目 | B4: 单位代码 | C4: 单位名称(功能科目) | D4: 总 计 | E4: 机关工资福利支出 | F4: 机关商品和服务支出 | G4: 机关资本性支出(一) | H4: 机关资本性支出(二) | I4: 对事业单位经常性补助 | J4: 对事业单位资本性补助 | K4: 对企业补助 | L4: 对企业资本性支出 | M4: 对个人和家庭的补助 | N4: 对社会保障基金补助 | O4: 债务利息及费用支出 | P4: 其他支出
B7: 401 | C7: 汨罗市自然资源局系统 | D7: 0
B8: 401001 | C8: 汨罗市自然资源局本级 | D8: 0
B9: 401005 | C9: 汨罗市国土资源局乡镇国土所 | D9: 0
B10: 401006 | C10: 汨罗市土地综合整治中心 | D10: 0
B11: 401008 | C11: 汨罗市不动产登记中心 | D11: 0

Sheet 一般公共预算拨款--经费拨款预算表(按部门预算经济分类)
V1: 预算23表
A2: 一般公共预算拨款--经费拨款预算表(按部门预算经济分类)
V4: 单位：元
A5: 功能科目 | B5: 单位代码 | C5: 单位名称(功能科目) | D5: 经济科目 | E5: 基本支出 | I5: 项目支出 | S5: 事业单位经营服务支出 | T5: 上缴上级支出 | U5: 对附属单位补助支出 | V5: 结转下年
E7: 小计 | F7: 工资福利支出 | G7: 一般商品和服务支出 | H7: 对个人和家庭的补助 | I7: 小计 | J7: 商品和服务支出 | K7: 对个人和家庭的补助 | L7: 债务利息及费用支出 | M7: 资本性支出(基本建设) | N7: 资本性支出 | O7: 对企业补助(基本建设) | P7: 对企业补助 | Q7: 对社会保障基金补助 | R7: 其他支出
B8: 401 | C8: 汨罗市自然资源局系统 | E8: =SUM(F8:H8) -> 46583397 | F8: =F9+F22+F33+F52 -> 36709535 | G8: =G9+G22+G33+G52 -> 9811222 | H8: 62640 | I8: =J8 -> 1500000 | J8: 1500000
B9: 401001 | C9: 汨罗市自然资源局本级 | E9: =E10+E16+E19 -> 26233644 | F9: =F10 -> 19519089 | G9: =G10 -> 6651915 | H9: =H10 -> 62640 | K9: =SUM(K10:K16) -> 0 | L9: =SUM(L10:L16) -> 0 | M9: =SUM(M10:M16) -> 0 | N9: =SUM(N10:N16) -> 0 | O9: =SUM(O10:O16) -> 0 | P9: =SUM(P10:P16) -> 0 | Q9: =SUM(Q10:Q16) -> 0 | R9: =SUM(R10:R16) -> 0 | ... V9: =SUM(V10:V16) -> 0
A10: 220 | B10: 401001 | C10: 自然资源海洋气象等支出 | E10: =E11 -> 23613420 | F10: =F11+F16+F19 -> 19519089 | G10: =G11+G16+G19 -> 6651915 | H10: =H11+H16+H19 -> 62640
A11: 22001 | B11: 401001 | C11: 自然资源事务 | E11: =F11+G11+H11 -> 23613420 | F11: =F12+F15+F13+F14 -> 18038865 | G11: =G12+G15+G13+G14 -> 5511915 | H11: =H12+H15+H13+H14 -> 62640
A12: 2200101 | B12: 401001 | C12: 行政运行 | D12: 工资性支出 | E12: =F12+G12+H12 -> 18038865 | F12: 18038865
A13: 2200101 | B13: 401001 | C13: 行政运行 | D13: 对个人和家庭的补助 | E13: =F13+G13+H13 -> 62640 | H13: 62640
A14: 2200101 | B14: 401001 | C14: 行政运行 | D14: 一般商品和服务支出 | E14: =F14+G14+H14 -> 2899042 | G14: 2899042
A15: 2200102 | B15: 401001 | C15: 一般行政管理事务 | D15: 一般商品和服务支出 | E15: =F15+G15+H15 -> 2612873 | G15: 2612873
A16: 221 | B16: 401001 | C16: 住房保障支出 | D16: 住房公积金 | E16: =E17 -> 1480224 | F16: =F17 -> 1480224 | H16: =H17 -> 0
A17: 22102 | B17: 401001 | C17: 住房改革支出 | D17: 住房公积金 | E17: =E18 -> 1480224 | F17: =F18 -> 1480224
A18: 2210201 | B18: 401001 | C18: 住房公积金 | D18: 住房公积金 | E18: =F18+G18+H18 -> 1480224 | F18: 1480224
A19: 212 | B19: 401001 | C19: 城乡社区支出 | D19: 一般商品和服务支出 | E19: =F19+G19+H19 -> 1140000 | G19: 1140000
A20: 21202 | B20: 401001 | C20: 城乡社区规划与管理 | D20: 一般商品和服务支出 | E20: =E21 -> 1140000 | G20: 1140000
A21: 2120201 | B21: 401001 | C21: 城乡社区规划与管理 | D21: 一般商品和服务支出 | E21: =F21+G21+H21 -> 1140000 | G21: 1140000
B22: 401005 | C22: 汨罗市国土资源局乡镇国土所 | E22: =F22+G22 -> 14493504 | F22: =F23+F27+F30 -> 12250941 | G22: 2242563
A23: 220 | B23: 401005 | C23: 自然资源海洋气象等支出 | E23: =F23+G23 -> 12271056 | F23: =10028493 -> 10028493 | G23: 2242563
A24: 22001 | B24: 401005 | C24: 自然资源海洋事务 | E24: =F24+G24 -> 12271056 | F24: =10028493 -> 10028493 | G24: 2242563
A25: 2200150 | B25: 401005 | C25: 事业运行 | D25: 工资福利支出 | E25: =F25+G25 -> 10028493 | F25: =10028493 -> 10028493
A26: 2200150 | B26: 401005 | C26: 事业运行 | D26: 一般商品和服务支出 | G26: 2242563
A27: 221 | B27: 401005 | C27: 住房保障支出 | F27: 952477.2
A28: 22102 | B28: 401005 | C28: 住房改革支出 | F28: 952478
A29: 2210201 | B29: 401005 | C29: 住房公积金 | D29: 工资福利支出 | F29: 952478
A30: 208 | B30: 401005 | C30: 社会保障和就业支出 | F30: 1269970.6
A31: 20805 | B31: 401005 | C31: 行政事业单位养老支出 | F31: 1269971
A32: 2080505 | B32: 401005 | C32: 机关事业单位基本养老保险缴费支出 | D32: 工资福利支出 | F32: 1269971
B33: 401006 | C33: 汨罗市土地综合整治中心 | E33: =F33+G33 -> 857013 | F33: 725002 | G33: 132011 | I33: =J33 -> 1500000 | J33: 1500000
A34: 201 | B34: 401006 | C34: 一般公共服务支出 | E34: =F34+G34 -> 132011 | G34: 132011
A35: 22099 | B35: 401006 | C35: 其他一般公共服务支出 | E35: =F35+G35 -> 132011 | G35: 132011
A36: 2019999 | B36: 401006 | C36: 其他一般公共服务支出 | D36: 一般商品和服务支出 | E36: =F36+G36 -> 132011 | G36: 132011
A37: 208 | B37: 401006 | C37: 社会保障和就业支出 | E37: =F37+G37 -> 162309 | F37: =F38+F41 -> 162309
A38: 20805 | B38: 401006 | C38: 行政事业单位养老支出 | E38: =F38+G38 -> 112248 | F38: =F39+F40 -> 112248
A39: 2080505 | B39: 401006 | C39: 机关事业单位基本养老保险缴费支出 | D39: 工资福利支出 | E39: =F39+G39 -> 74832 | F39: 74832
A40: 2080506 | B40: 401006 | C40: 机关事业单位职业年金缴费支出 | D40: 工资福利支出 | E40: =F40+G40 -> 37416 | F40: 37416
A41: 20899 | B41: 401006 | C41: 其他社会保障和就业支出 | E41: =F41+G41 -> 50061 | F41: 50061
A42: 2089999 | B42: 401006 | C42: 其他社会保障和就业支出 | D42: 工资福利支出 | E42: =F42+G42 -> 50061 | F42: 50061
A43: 220 | B43: 401006 | C43: 自然资源海洋气象等支出 | E43: =F43+G43 -> 506569 | F43: 506569
A44: 22001 | B44: 401006 | C44: 自然资源事务 | E44: =F44+G44 -> 506569 | F44: 506569
A45: 2200150 | B45: 401006 | C45: 事业运行 | D45: 工资福利支出 | E45: =F45+G45 -> 506569 | F45: 506569
A46: 221 | B46: 401006 | C46: 住房保障支出 | E46: =F46+G46 -> 56124 | F46: 56124
A47: 22102 | B47: 401006 | C47: 住房改革支出 | E47: =F47+G47 -> 56124 | F47: 56124
A48: 2210201 | B48: 401006 | C48: 住房公积金 | D48: 工资福利支出 | E48: =F48+G48 -> 56124 | F48: 56124
A49: 229 | B49: 401006 | C49: 其他支出 | I49: 1500000 | J49: 1500000
A50: 22999 | B50: 401006 | C50: 其他支出 | I50: 1500000 | J50: 1500000
A51: 2299999 | B51: 401006 | C51: 其他支出 | D51: 商品和服务支出 | I51: 1500000 | J51: 1500000
B52: 401008 | C52: 汨罗市不动产登记中心 | E52: =E53+E56+E59 -> 4999236 | F52: =F53+F56+F59 -> 4214503 | G52: =G53+G56+G59 -> 784733
A53: 220 | B53: 401008 | C53: 自然资源海洋气象等支出 | E53: =E54 -> 3886249 | F53: =F54 -> 3886249
A54: 22001 | B54: 401008 | C54: 自然资源海洋事务 | E54: =E55 -> 3886249 | F54: =F55 -> 3886249
A55: 2200150 | B55: 401008 | C55: 事业运行 | D55: 工资福利支出 | E55: =F55+H55 -> 3886249 | F55: 3886249
A56: 201 | B56: 401008 | C56: 一般公共服务支出 | E56: =E57 -> 784733 | G56: =G57 -> 784733
A57: 20199 | B57: 401008 | C57: 其他一般公共服务支出 | E57: =E58 -> 784733 | G57: =G58 -> 784733
A58: 2019999 | B58: 401008 | C58: 其他一般公共服务支出 | D58: 商品和服务支出 | E58: =G58 -> 784733 | G58: 784733
A59: 221 | B59: 401008 | C59: 住房保障支出 | E59: =E60 -> 328254 | F59: =F60 -> 328254
A60: 22102 | B60: 401008 | C60: 住房改革支出 | E60: =E61 -> 328254 | F60: =F61 -> 328254
A61: 2210201 | B61: 401008 | C61: 住房公积金 | D61: 住房公积金 | E61: =F61 -> 328254 | F61: 328254

Sheet 一般公共预算拨款--经费拨款预算表(按政府预算经济分类)
P1: 预算24表
A2: 一般公共预算拨款--经费拨款预算表(按政府预算经济分类)
P3: 单位：元
A4: 功能科目 | B4: 单位代码 | C4: 单位名称(功能科目) | D4: 总 计 | E4: 机关工资福利支出 | F4: 机关商品和服务支出 | G4: 机关资本性支出(一) | H4: 机关资本性支出(二) | I4: 对事业单位经常性补助 | J4: 对事业单位资本性补助 | K4: 对企业补助 | L4: 对企业资本性支出 | M4: 对个人和家庭的补助 | N4: 对社会保障基金补助 | O4: 债务利息及费用支出 | P4: 其他支出
B7: 401 | C7: 汨罗市自然资源局系统 | D7: =D8+D19+D29+D48 -> 48083397 | E7: =E8+E19+E29+E48 -> 19519089 | F7: =F8+F19+F29+F48 -> 6651915 | G7: =G8+G19+G29+G48 -> 0 | H7: =H8+H19+H29+H48 -> 0 | I7: =I8+I19+I29+I48 -> 21849753 | J7: =J8+J19+J29+J48 -> 0 | K7: =K8+K19+K29+K48 -> 0 | ... P7: =P8+P19+P29+P48 -> 0
B8: 401001 | C8: 汨罗市自然资源局本级 | D8: =SUM(E8:P8) -> 26233644 | E8: =E9+E13+E16 -> 19519089 | F8: =F9+F13+F16 -> 6651915 | I8: =I9 -> 0 | J8: =J9 -> 0 | K8: =K9 -> 0 | L8: =L9 -> 0 | M8: 62640 | N8: =N9 -> 0 | O8: =O9 -> 0 | P8: =P9 -> 0
A9: 220 | B9: 401001 | C9: 自然资源海洋气象等支出 | D9: =SUM(E9:P9) -> 23613420 | E9: 18038865 | F9: =SUM(F11:F12) -> 5511915 | G9: =G10 -> 0 | H9: =H10 -> 0 | I9: =I10 -> 0 | J9: =J10 -> 0 | K9: =K10 -> 0 | L9: =L10 -> 0 | M9: =M10 -> 62640 | N9: =N10 -> 0 | ... P9: =P10 -> 0
A10: 22001 | B10: 401001 | C10: 自然资源事务 | D10: =SUM(E10:P10) -> 23613420 | E10: 18038865 | F10: 5511915 | G10: =G11 -> 0 | H10: =H11 -> 0 | I10: =I11 -> 0 | J10: =J11 -> 0 | K10: =K11 -> 0 | L10: =L11 -> 0 | M10: =M11 -> 62640 | N10: =N11 -> 0 | ... P10: =P11 -> 0
A11: 2200101 | B11: 401001 | C11: 行政运行 | D11: =SUM(E11:P11) -> 21000547 | E11: 18038865 | F11: 2899042 | M11: 62640
A12: 2200102 | B12: 401001 | C12: 一般行政管理事务 | D12: =SUM(E12:P12) -> 2612873 | F12: 2612873
A13: 221 | B13: 401001 | C13: 住房保障支出 | D13: =SUM(E13:P13) -> 1480224 | E13: 1480224
A14: 22102 | B14: 401001 | C14: 住房改革支出 | D14: =SUM(E14:P14) -> 1480224 | E14: 1480224
A15: 2210201 | B15: 401001 | C15: 住房公积金 | D15: =SUM(E15:P15) -> 1480224 | E15: 1480224
A16: 212 | B16: 401001 | C16: 城乡社区支出 | D16: =SUM(E16:P16) -> 1140000 | F16: 1140000
A17: 21202 | B17: 401001 | C17: 城乡社区规划与管理 | D17: =SUM(E17:P17) -> 1140000 | F17: 1140000
A18: 2120201 | B18: 401001 | C18: 城乡社区规划与管理 | D18: =SUM(E18:P18) -> 1140000 | F18: 1140000
B19: 401005 | C19: 汨罗市国土资源局乡镇国土所 | D19: =I19 -> 14493504 | E19: 0 | F19: 0 | G19: 0 | H19: 0 | I19: 14493504 | J19: 0 | K19: 0 | L19: 0 | M19: 0 | N19: 0 | O19: 0 | P19: 0
A20: 220 | B20: 401005 | C20: 自然资源海洋气象等支出 | D20: 12271056 | E20: =SUM(G20:H20) -> 0 | F20: 0 | G20: 0 | H20: 0 | I20: 12271056
A21: 22001 | B21: 401005 | C21: 自然资源海洋事务 | D21: 12271056 | E21: =SUM(G21:H21) -> 0 | F21: 0 | G21: 0 | H21: 0 | I21: 12271056
A22: 2200150 | B22: 401005 | C22: 事业运行 | D22: 12271056 | E22: =SUM(G22:H22) -> 0 | F22: 0 | G22: 0 | H22: 0 | I22: 12271056
A23: 221 | B23: 401005 | C23: 住房保障支出 | D23: 952477.2 | E23: =G23 -> 0 | I23: 952477.2
A24: 22102 | B24: 401005 | C24: 住房改革支出 | D24: 952478 | E24: =G24 -> 0 | I24: 952478
A25: 2210201 | B25: 401005 | C25: 住房公积金 | D25: 952478 | E25: =G25 -> 0 | I25: 952478
A26: 208 | B26: 401005 | C26: 社会保障和就业支出 | D26: 1269970.6 | E26: =G26 -> 0 | I26: 1269970.6
A27: 20805 | B27: 401005 | C27: 行政事业单位养老支出 | D27: 1269971 | E27: =G27 -> 0 | I27: 1269971
A28: 2080505 | B28: 401005 | C28: 机关事业单位基本养老保险缴费支出 | D28: 1269971 | E28: =G28 -> 0 | I28: 1269971
B29: 401006 | C29: 汨罗市土地综合整治中心 | D29: =I29 -> 2357013 | I29: 2357013
A30: 201 | B30: 401006 | C30: 一般公共服务支出 | D30: =I30 -> 132011 | E30: =F30+J30 -> 0 | F30: 0 | G30: 0 | H30: 0 | I30: 132011 | J30: 0 | K30: 0 | L30: 0 | M30: 0 | N30: 0 | O30: 0 | P30: 0
A31: 22099 | B31: 401006 | C31: 其他一般公共服务支出 | D31: =I31 -> 132011 | E31: =F31+J31 -> 0 | I31: 132011
A32: 2019999 | B32: 401006 | C32: 其他一般公共服务支出 | D32: =I32 -> 132011 | E32: =F32+J32 -> 0 | I32: 132011
A33: 208 | B33: 401006 | C33: 社会保障和就业支出 | D33: =I33 -> 162309 | E33: =F33+J33 -> 0 | I33: 162309
A34: 20805 | B34: 401006 | C34: 行政事业单位养老支出 | D34: =I34 -> 112248 | E34: =F34+J34 -> 0 | I34: 112248
A35: 2080505 | B35: 401006 | C35: 机关事业单位基本养老保险缴费支出 | D35: =I35 -> 74832 | E35: =F35+J35 -> 0 | I35: 74832
A36: 2080506 | B36: 401006 | C36: 机关事业单位职业年金缴费支出 | D36: =I36 -> 37416 | E36: =F36+J36 -> 0 | I36: 37416
A37: 20899 | B37: 401006 | C37: 其他社会保障和就业支出 | D37: =I37 -> 50061 | E37: =F37+J37 -> 0 | I37: 50061
A38: 2089999 | B38: 401006 | C38: 其他社会保障和就业支出 | D38: =I38 -> 50061 | E38: =F38+J38 -> 0 | I38: 50061
A39: 220 | B39: 401006 | C39: 自然资源海洋气象等支出 | D39: =I39 -> 506569 | E39: =F39+J39 -> 0 | I39: 506569
A40: 22001 | B40: 401006 | C40: 自然资源事务 | D40: =I40 -> 506569 | E40: =F40+J40 -> 0 | I40: 506569
A41: 2200150 | B41: 401006 | C41: 事业运行 | D41: =I41 -> 506569 | E41: =F41+J41 -> 0 | I41: 506569
A42: 221 | B42: 401006 | C42: 住房保障支出 | D42: =I42 -> 56124 | E42: =F42+J42 -> 0 | I42: 56124
... A47: 2299999 | B47: 401006 | C47: 其他支出 | D47: =I47 -> 1500000 | E47: =F47+J47 -> 0 | I47: 1500000
B48: 401008 | C48: 汨罗市不动产登记中心 | D48: =SUM(E48:P48) -> 4999236 | I48: 4999236
A49: 220 | B49: 401008 | C49: 自然资源海洋气象等支出 | D49: =SUM(E49:P49) -> 4999236 | I49: 4999236
A50: 22001 | B50: 401008 | C50: 自然资源海洋事务 | D50: =SUM(E50:P50) -> 4999236 | I50: 4999236
A51: 2200150 | B51: 401008 | C51: 事业运行 | D51: =SUM(E51:P51) -> 4999236 | I51: 4999236

Sheet 纳入专户管理的非税收入拨款支出预算表(按部门预算经济分类)
V1: 预算25表
A2: 纳入专户管理的非税收入拨款支出预算表(按部门预算经济分类)
V3: 单位：元
A5: 功能科目 | B5: 单位代码 | C5: 单位名称(功能科目) | D5: 经济科目 | E5: 基本支出 | I5: 项目支出 | S5: 事业单位经营服务支出 | T5: 上缴上级支出 | U5: 对附属单位补助支出 | V5: 结转下年
E6: 合计 | F6: 工资福利支出 | G6: 一般商品和服务支出 | H6: 对个人和家庭的补助 | I6: 合计 | J6: 商品和服务支出 | K6: 对个人和家庭的补助 | L6: 债务利息及费用支出 | M6: 资本性支出(基本建设) | N6: 资本性支出 | O6: 对企业补助(基本建设) | P6: 对企业补助 | Q6: 对社会保障基金补助 | R6: 其他支出
E7: 0 | F7: 0 | G7: 0 | H7: 0 | I7: 0 | J7: 0 | K7: 0 | L7: 0 | M7: 0 | N7: 0 | O7: 0 | P7: 0 | Q7: 0 | R7: 0 | S7: 0 | T7: 0 | U7: 0 | V7: 0

Sheet 纳入专户管理的非税收入拨款支出预算表(按政府预算经济分类)
P1: 预算26表
A2: 纳入专户管理的非税收入拨款支出预算表(按政府预算经济分类)
P3: 单位：元
A4: 功能科目 | B4: 单位代码 | C4: 单位名称(功能科目) | D4: 总 计 | E4: 机关工资福利支出 | F4: 机关商品和服务支出 | G4: 机关资本性支出(一) | H4: 机关资本性支出(二) | I4: 对事业单位经常性补助 | J4: 对事业单位资本性补助 | K4: 对企业补助 | L4: 对企业资本性支出 | M4: 对个人和家庭的补助 | N4: 对社会保障基金补助 | O4: 债务利息及费用支出 | P4: 其他支出
B7: 401 | C7: 汨罗市自然资源局系统 | D7: 0
B8: 401001 | C8: 汨罗市自然资源局本级 | D8: 0
B9: 401005 | C9: 汨罗市国土资源局乡镇国土所 | D9: 0
B10: 401006 | C10: 汨罗市土地综合整治中心 | D10: 0
B11: 401008 | C11: 汨罗市不动产登记中心 | D11: 0

Sheet 部门（单位）整体支出预算绩效目标申报表
H1: 预算27表
A2: 部门（单位）整体支出预算绩效目标申报表
A3: （20 22 年度）
A4: 填报单位（盖章）：汨罗市自然资源局 | F4: 单位负责人： | G4: 陶文轩
A5: 部门基本信息 | B5: 预算单位 | D5: 汨罗市自然资源局
B6: 绩效管理 联络员 | D6: 刘宁 | F6: 联系电话 | G6: 18473080326
B7: 人员编制数 | D7: 415 | F7: 实有人数 | G7: 407
B8: 部门职能 职责概述 | D8: 1、依法履行全民所有土地、矿产、森林、湿地、水等自然资源资产所有者职责和国土空间用途管制职责。拟订自然资源和国土空间规划、测绘等规范性文件及相关技术规定，依法组织实施和监督检查。 2、负责自然资源调查监测评价。 3、负责自然资源统一确权登记工作。 4、负责自然资源资产有偿使用工作。 5、负责自然资源的合理开发利用。 6、负责建立国土空间规划体系并监督实施。 7、负责制定国土空间规划编制计划和近期建设规划，制定土地利用及储备供应、矿产资源保护利用、基础测绘、新增建设用地等年度计划，并组织实施；参与城市发展建设计划及实施工作。 8、负责统筹国土空间生态修复。 9、负责组织实施最严格的耕地保护制度。 10、负责管理地质勘查行业和全市地质工作。 11、负责地质灾害预防和治理。 12、负责矿产资源管理工作。 13、推动自然资源领域科技发展。 14、负责测绘地理信息管理工作。 15、根据授权，对各镇人民政府及相关部门落实市委、市政府关于自然资源、国土空间规划重大政策、决策部署及法规规章及测绘领域违法案件。负责涉及自然资源管理事项的信访处理、行政应诉等工作。 16、承担市国土空间规划委员办公室的日常工作。 17、统一领导和管理市林业局。 18、完成市委、市政府交办的其他任务。 19、职能转变。市自然资源局要落实中央关于统一行使全民所有自然资源资产所有者职责，统一行使所有国土空间用途管制和生态保护修护职责的要求，强化顶层设计，发挥国土空间规划管控作用，为保护和合理开发利用自然资源提供科学指引。
B9: 单位年度收入预算7129.93（万元）
B10: 收入合计 | D10: 公共财政拨款 | E10: 政府性基金拨款 | F10: 非税收入拨款 | G10: 其他拨款
B11: 收入合计
B12: 单位年度支出预算7129.93（万元）
B13: 支出合计 | D13: 基本支出 | F13: 项目支出
B14: 7129.93 | D14: 4658.33 | F14: 2471.6
B15: 其中 | D15: 三公经费预算（万元）
B16: 合计 | D16: 公务用车运行和购置费 | F16: 因公出国（境）费 | H16: 公务接待费
B17: =D17+F17+H17 -> 169.7 | D17: 66.42 | F17: 0 | H17: 103.28
A18: 年度绩效目标 部门整体支出 | B18: 目标1：使有限的土地、矿产资源得到合理利用； 目标2：确保耕地和基本农田面积不减少； 目标3：保护地质环境，加强地质勘查管理和地质灾害防治； 目标4：规范土地、矿业权、测绘市场秩序； 目标5：规范国土资源权属，及时准确提供全市土地利用各种数据； 目标6：依法征收资源收益，规范监督资金使用。
A19: 年度绩效指标 部门整体支出 | B19: 一级指标 | D19: 二级指标 | E19: 三级指标 | G19: 指标值
B20: 产出指标 （预期提供的公共产品或服务，包括数量、质量、时效、成本等） | D20: 数量指标 | E20: 1.确保耕地和基本农田面积不变 2.提供土地利用数据 | G20: 1、还新增开垦基本农田及耕地 2、按需提供
D21: 质量指标 | E21: 1.资源得到合理利用 2.保护地质环境、加强地灾防治. | G21: 1.充分利用闲置土地资源(荒地、空心房变绿) 2.增加绿化面积，有灾无险
D22: 时效指标 | E22: 1.规范土地、矿业权、测绘市场秩序 2.征收土地出让金 | G22: 1.实行招拍挂网上交易 2.完成征收土地出让金10个亿
D23: 成本指标 | E23: 1.控制人工成本 2.控制材料成本 | G23: 1.成立不动产登记中心专人专管 2.询价采购证书，降低成本9%，
B24: 一级指标 | D24: 二级指标 | E24: 三级指标 | G24: 指标值
B25: 效益指标 （预期可能实现的效益，包括经济效益、社会效益、环境效益、可持续影响以及服务对象满意度等） | D25: 经济效益 | E25: 1.征收土地出让金 2.经费及人员 | G25: 1.完成征收土地出让金10个亿 2.充分发挥资金的用途，保护人民生命和财产安全
D26: 社会效益 | E26: 1.确保耕地和基本农田面积不变 2.保护地质环境、加强地灾防治 | G26: 1.将空心房拆除开垦成基本农田及林地 2.增加了绿化植被面积，保护水土避免地灾发生
D27: 环境效益 | E27: 1.资源得到合理利用 2.保护地质环境、加强地灾防治. | G27: 很少有荒地荒山，充分发挥生态循环作用
D28: 可持续影响 | E28: 1.确保耕地和基本农田面积不变 2.规范土地、矿业权、测绘市场秩序 | G28: 1.已确保耕地和基本农田面积不变的基础上还有增加 2.实行招拍挂网上交，增加交易透明度
D29: 服务对象满意度 | E29: 1.得到群众好评 2.得到服务对象的认可 | G29: 1.群众满意度≧95% 2.服务对象有的都送感谢旗到单位。
A30: 问题 其他说明的 | B30: 无其他问题
A31: 审核意见 财政部门 | B31: （盖章） 年 月 日

Sheet “一窗办事”平台
M1: 28表
A2: 不动产登记省互联网+不动产网上“一窗办事”平台支出预算绩效目标申报表
A3: （2022年度）
A4: 填报单位（盖章）：汨罗市不动产登记中心 | I4: 单位负责人：伏波
A5: 项目基本情况 | B5: 项目名称 | D5: 不动产登记一体化平台建设
B6: 项目属性 | D6: 新增项目 | N6: R
B7: 主管部门 | D7: 汨罗市不动产登记中心 | G7: 项目起止时间 | J7: 2022年1月-2022年12月
B8: 项目负责人 | D8: 伏波 | G8: 联系电话 | J8: 13974059561
B9: 绩效管理 联络员 | D9: 龚正伟 | G9: 联系电话 | J9: 13874077248
B10: 项目类型 | D10: 行政事业类
B11: 项目概况 | D11: 1、查清查实土地底数； 2、完善调查管理制度； 3、推动成果共享应用。
B12: 项目立项 依据
A13: 项目资金情况 | B13: 项目资金申请（万元） | D13: 项 目 | F13: 上年度安排资金 | J13: 本年度申请资金
D14: 合 计 | J14: 5
D15: 市级资金 | J15: 5
D16: 省级资金
D17: 中央资金
D18: 自有资金
B19: 支出明细预算（万元） | D19: 项 目 | F19: 上年度安排资金 | I19: 本年度申请资金 | L19: 测算依据及说明
D20: 合 计 | I20: 5
D21: 1、专用材料费 | I21: 3
D22: 2、劳务费 | I22: 2
A23: 单位已有的（或拟订的）保障项目实施的制度、措施 | D23: 建立了相关业务专项财务管理制度，加强资金管理，对项目资金使用情况，实行跟踪监控。一是实行专款专用。二是健全财务机制。建立专项资金管理制度、领导责任制、会计制度和出纳制度等。制定了专项资金使用管理暂行办法，从资金取得-使用管理-用后监管都进行了规定，加强了专项资金使用过程的控制和追踪问效。会计科目设置规范，账务处理正确，入账依据充分，各种审批手续完备。三是执行预决算管理。严格按预算管理要求使用资金，严格按进度和合同拨付资金，严格执行政府采购制度；四是严格审批程序。按照“先报再审后用”的原则，由实施方提出申请，相关单位签署意见确认资金额度，经财务股初审后，报局分管领导审批。五是全程接受财政等部门的监管。严格执行国库集中支付制度，严防截留、挪用资金，打造相关业务专项资金在阳光下运行。
A24: 项目年度实施进度计划 | C24: 项目实施内容 | H24: 开始时间 | K24: 结束时间
H25: 44562 | K25: 44926
A26: 项目年度绩效目标情况 | B26: 长期绩效目标 | C26: 负责全市不动产登记工作
B27: 本年度绩效目标 | C27: 完成本年度不动产登记任务
B28: 项目年度绩效指标 | C28: 一级指标 | E28: 二级指标 | H28: 三级指标 | L28: 指标值
C29: 产出 指标 | E29: 数量指标 | H29: 1.确保准确程度 2.按时完成调查工作
E30: 质量指标 | H30: 1.调查准确程度高 2.调查错误率低 | L30: 1.全面推进不动产初始库及工作底图精细度， 2.不动产登记错误率为零
E31: 时效指标 | H31: 1.保证所有的工作能按时完成 2.保证过程中资金的按时到位
E32: 成本指标 | H32: 1.控制人工成本 2.控制材料成本 | L32: 1.成立不动产登记中心 2.集中人员集中时间，降低成本完成本次不动产登记工作
C33: 一级指标 | E33: 二级指标 | H33: 三级指标 | L33: 指标值
C34: 产出 指标 | E34: 经济效益 | H34: 1.确保不动产工作顺利进行 2.按时公布调查成果 | L34: 1.完成市县数据更新、成果核查、成果汇总 2.不动产登记列入本级财政预算，省市给予适当补助
E35: 社会效益 | H35: 1.群众接受程度 2.调查工作普及程度 | L35: 1.全市不动产登记工作涉及范围广、参与部门多、工作任务重、技术要求高 2.做到省、市、县、乡、村层层部署
E36: 环境效益
E37: 可持续影响 | H37: 1.提供不动产登记数据 2.资源得到合理利用 | L37: 1.全面推进不动产登记初始库及工作底图生产、外业调查、数据库建设。并可持续影响。 2.大部分利用荒地荒山建房，根本不占用基本农田
E38: 服务对象满意度 | H38: 1.得到群众好评 2.得到服务对象的认可 | L38: 群众满意度≧95%
A40: 其他说明的问题 | D40: 无
A41: 财政部门 审核意见 | D41: （盖章） 年 月 日

Sheet 城镇历史存量
M1: 28表
A2: 不动产登记存量数据整合支出预算绩效目标申报表
A3: （2022年度）
A4: 填报单位（盖章）：汨罗市不动产登记中心 | I4: 单位负责人：伏波
A5: 项目基本情况 | B5: 项目名称 | D5: 不动产登记存量数据整合
B6: 项目属性 | D6: 延续项目
B7: 主管部门 | D7: 汨罗市不动产登记中心 | G7: 项目起止时间 | J7: 2022年1月-2022年12月
B8: 项目负责人 | D8: 伏波 | G8: 联系电话 | J8: 13974059561
B9: 绩效管理 联络员 | D9: 龚正伟 | G9: 联系电话 | J9: 13874077248
B10: 项目类型 | D10: 行政事业类
B11: 项目概况 | D11: 1、查清查实土地底数； 2、完善调查管理制度； 3、推动成果共享应用。
B12: 项目立项 依据 | D12: 湘政办发[2017]39号
A13: 项目资金情况 | B13: 项目资金申请（万元） | D13: 项 目 | F13: 上年度安排资金 | J13: 本年度申请资金
D14: 合 计 | F14: 100 | J14: 58.6
D15: 市级资金 | F15: 100 | J15: 58.6
D16: 省级资金
D17: 中央资金
D18: 自有资金
B19: 支出明细预算（万元） | D19: 项 目 | F19: 上年度安排资金 | I19: 本年度申请资金 | L19: 测算依据及说明
D20: 合 计 | F20: 100 | I20: 58.6
D21: 1、专用材料费 | F21: 60 | I21: 35.16
D22: 2、劳务费 | F22: 40 | I22: 23.44
A23: 单位已有的（或拟订的）保障项目实施的制度、措施
A24: 项目年度实施进度计划 | C24: 项目实施内容 | H24: 开始时间 | K24: 结束时间
H25: 44562 | K25: 44926
A26: 项目年度绩效目标情况 | B26: 长期绩效目标 | C26: 市县中心城区国有建设用地使用权和房屋所有权的数据整合和汇交入库
B27: 本年度绩效目标 | C27: 市县中心城区国有建设用地使用权和房屋所有权的数据整合和汇交入库
B28: 项目年度绩效指标 | C28: 一级指标 | E28: 二级指标 | H28: 三级指标 | L28: 指标值
C29: 产出 指标 | E29: 数量指标 | H29: 1.确保准确程度 2.按时完成调查工作
E30: 质量指标 | H30: 1.调查准确程度高 2.调查错误率低 | L30: 1.全面推进不动产初始库及工作底图精细度， 2.不动产登记错误率为零
E31: 时效指标 | H31: 1.保证所有的工作能按时完成 2.保证过程中资金的按时到位
E32: 成本指标 | H32: 1.控制人工成本 2.控制材料成本 | L32: 1.成立不动产登记中心 2.集中人员集中时间，降低成本完成本次数据整合和汇交工作
C33: 一级指标 | E33: 二级指标 | H33: 三级指标 | L33: 指标值
C34: 产出 指标 | E34: 经济效益 | H34: 1.确保不动产工作顺利进行 2.按时公布调查成果 | L34: 1.完成市县数据更新、成果核查、成果汇总 2.不动产登记列入本级财政预算，省市给予适当补助
E35: 社会效益 | H35: 1.群众接受程度 2.调查工作普及程度 | L35: 1.全市不动产登记工作涉及范围广、参与部门多、工作任务重、技术要求高 2.做到省、市、县、乡、村层层部署
E36: 环境效益
E37: 可持续影响 | H37: 1.提供不动产登记数据 2.资源得到合理利用 | L37: 1.全面推进不动产登记初始库及工作底图生产、外业调查、数据库建设。并可持续影响。 2.大部分利用荒地荒山建房，根本不占用基本农田
E38: 服务对象满意度 | H38: 1.得到群众好评 2.得到服务对象的认可 | L38: 群众满意度≧95%
A40: 其他说明的问题 | D40: 无
A41: 财政部门 审核意见 | D41: （盖章） 年 月 日

Sheet 不动产证书使用管理费用
M1: 28表
A2: 不动产登记存量数据整合支出预算绩效目标申报表
A3: （2022年度）
A4: 填报单位（盖章）：汨罗市不动产登记中心 | I4: 单位负责人：伏波
A5: 项目基本情况 | B5: 项目名称 | D5: 不动产登记证书使用管理费用
B6: 项目属性 | D6: 新增项目
B7: 主管部门 | D7: 汨罗市不动产登记中心 | G7: 项目起止时间 | J7: 2022年1月-2022年12月
B8: 项目负责人 | D8: 伏波 | G8: 联系电话 | J8: 13974059561
B9: 绩效管理 联络员 | D9: 龚正伟 | G9: 联系电话 | J9: 13874077248
B10: 项目类型 | D10: 行政事业类
B11: 项目概况 | D11: 1、查清查实土地底数； 2、完善调查管理制度； 3、推动成果共享应用。
B12: 项目立项 依据 | D12: 湘政办发[2017]39号
A13: 项目资金情况 | B13: 项目资金申请（万元） | D13: 项 目 | F13: 上年度安排资金 | J13: 本年度申请资金
D14: 合 计 | J14: 3
D15: 市级资金 | J15: 3
D16: 省级资金
D17: 中央资金
D18: 自有资金
B19: 支出明细预算（万元） | D19: 项 目 | F19: 上年度安排资金 | I19: 本年度申请资金 | L19: 测算依据及说明
D20: 合 计 | I20: 3
D21: 1、专用材料费 | I21: 1.8
D22: 2、劳务费 | I22: 1.2
A23: 单位已有的（或拟订的）保障项目实施的制度、措施
A24: 项目年度实施进度计划 | C24: 项目实施内容 | H24: 开始时间 | K24: 结束时间
H25: 44562 | K25: 44926
A26: 项目年度绩效目标情况 | B26: 长期绩效目标 | C26: 完成全市不动产证书的颁布与管理
B27: 本年度绩效目标 | C27: 完成全市不动产证书的颁布与管理
B28: 项目年度绩效指标 | C28: 一级指标 | E28: 二级指标 | H28: 三级指标 | L28: 指标值
C29: 产出 指标 | E29: 数量指标 | H29: 1.确保准确程度 2.按时完成调查工作
E30: 质量指标 | H30: 1.调查准确程度高 2.调查错误率低 | L30: 1.全面推进不动产初始库及工作底图精细度， 2.不动产登记错误率为零
E31: 时效指标 | H31: 1.保证所有的工作能按时完成 2.保证过程中资金的按时到位
E32: 成本指标 | H32: 1.控制人工成本 2.控制材料成本 | L32: 1.成立不动产登记中心 2.集中人员集中时间，降低成本完成本次数据整合和汇交工作
C33: 一级指标 | E33: 二级指标 | H33: 三级指标 | L33: 指标值
C34: 产出 指标 | E34: 经济效益 | H34: 1.确保不动产工作顺利进行 2.按时公布调查成果 | L34: 1.完成市县数据更新、成果核查、成果汇总 2.不动产登记列入本级财政预算，省市给予适当补助
E35: 社会效益 | H35: 1.群众接受程度 2.调查工作普及程度 | L35: 1.全市不动产登记工作涉及范围广、参与部门多、工作任务重、技术要求高 2.做到省、市、县、乡、村层层部署
E36: 环境效益
E37: 可持续影响 | H37: 1.提供不动产登记数据 2.资源得到合理利用 | L37: 1.全面推进不动产登记初始库及工作底图生产、外业调查、数据库建设。并可持续影响。 2.大部分利用荒地荒山建房，根本不占用基本农田
E38: 服务对象满意度 | H38: 1.得到群众好评 2.得到服务对象的认可 | L38: 群众满意度≧95%
A40: 其他说明的问题 | D40: 无
A41: 财政部门 审核意见 | D41: （盖章） 年 月 日

Sheet 村庄规划编制
M1: 28表
A2: 村庄规划编制全覆盖专项支出预算绩效目标申报表
A3: （2022年度）
A4: 填报单位（盖章）：汨罗市自然资源局 | I4: 单位负责人：陶文轩
A5: 项目基本情况 | B5: 项目名称 | D5: 村庄规划编制专项
B6: 项目属性 | D6: 延续项目
B7: 主管部门 | D7: 汨罗市自然资源局 | G7: 项目起止时间 | J7: 2022年1月-2022年12月
B8: 项目负责人 | D8: 阳舟 | G8: 联系电话 | J8: 13874078366
B9: 绩效管理联络员 | D9: 龚正伟 | G9: 联系电话 | J9: 13874077248
B10: 项目类型 | D10: 行政事业类
B11: 项目概况
B12: 项目立项 依据 | D12: 湖南省住房和城乡建设厅关于印发《湖南省村庄规划编制“全覆盖”工作方案》的通知（湘建规函[2017]377号）
A13: 项目资金情况 | B13: 项目资金申请（万元） | D13: 项 目 | F13: 上年度安排资金 | J13: 本年度申请资金
D14: 合 计 | F14: 50 | J14: 300
D15: 市级资金 | F15: 50 | J15: 300
D16: 省级资金
D17: 中央资金
D18: 自有资金
B19: 支出明细预算（万元） | D19: 项 目 | F19: 上年度安排资金 | I19: 本年度申请资金 | L19: 测算依据及说明
D20: 合 计 | F20: 50 | I20: 300
D21: 1、专用材料费 | F21: 30 | I21: 180
D22: 2、劳务费 | F22: 20 | I22: 120
A23: 单位已有的（或拟订的）保障项目实施的制度、措施 | D23: 建立了相关业务专项财务管理制度，加强资金管理，对项目资金使用情况，实行跟踪监控。一是实行专款专用。二是健全财务机制。建立专项资金管理制度、领导责任制、会计制度和出纳制度等。制定了专项资金使用管理暂行办法，从资金取得-使用管理-用后监管都进行了规定，加强了专项资金使用过程的控制和追踪问效。会计科目设置规范，账务处理正确，入账依据充分，各种审批手续完备。三是执行预决算管理。严格按预算管理要求使用资金，严格按进度和合同拨付资金，严格执行政府采购制度；四是严格审批程序。按照“先报再审后用”的原则，由实施方提出申请，相关单位签署意见确认资金额度，经财务股初审后，报局分管领导审批。五是全程接受财政等部门的监管。严格执行国库集中支付制度，严防截留、挪用资金，打造相关业务专项资金在阳光下运行。
A24: 项目年度实施进度计划 | C24: 项目实施内容 | H24: 开始时间 | K24: 结束时间
H25: 44562 | K25: 44926
A26: 项目年度绩效目标情况 | B26: 长期绩效目标 | C26: 完成村庄规划编制任务，建设美丽乡村。
B27: 本年度绩效目标 | C27: 完成村庄规划编制任务，建设美丽乡村。
B28: 项目年度绩效指标 | C28: 一级指标 | E28: 二级指标 | H28: 三级指标 | L28: 指标值
C29: 产出 指标 | E29: 数量指标 | H29: 1.确保准确程度 2.按时完成工作 | L29: 1.确保村庄规划编制准确程度在1：2000基础数据 2.2020年下半年完成基本数据，2021年完成成果验收，发布成果，实在村庄规划全覆盖
E30: 质量指标 | H30: 1.调查准确程度高 2.调查错误率低 | L30: 1.全面推进土地调查初始库及工作底图精细度 2.村庄规划编制错误率为零
E31: 时效指标 | H31: 1.保证所有的工作能按时完成 2.保证过程中资金的按时到位 | L31: 1、2020年下半年完成基本数据，2021年完成成果验收，发布成果，完成村庄规划编制 2、不导致资金资产流失
E32: 成本指标 | H32: 1.控制人工成本 2.控制材料成本 | L32: 1.成立村庄规划编制工作小组 2.集中人员集中时间，降低成本完成本次大调查
C34: 一级指标 | E34: 二级指标 | H34: 三级指标 | L34: 指标值
C35: 产出 指标 | E35: 经济效益 | H35: 1.确保村庄规划编制全覆盖工作顺利进行 2.按时公布调查成果 | L35: 1.完成市县数据更新、成果核查、成果汇总 2.村庄规划编制列入本级财政预算，省市给予适当补助
E36: 社会效益 | H36: 1.群众接受程度 2.调查工作普及程度 | L36: 1.村庄规划编制涉及范围广、参与部门多、工作任务重、技术要求高 2.做到省、市、县、乡、村层层部署
E37: 环境效益 | H37: 1.资源得到合理利用 2、保护环境资源、饮用水资源。 | L37: 1.合理利用资源，充分发挥生态循环作用 2、环保、林业、农业、水利、国土相结合，查清自然保护区、饮用水源保护。
E38: 可持续影响 | H38: 1.提供土地利用数据 2.资源得到合理利用 | L38: 1.全面推进村庄规划编制全覆盖初始库及工作底图生产、外业调查、数据库建设。并可持续影响。 2.大部分利用荒地荒山建房，根本不占用基本农田
E39: 服务对象满意度 | H39: 1.得到群众好评 2.得到服务对象的认可 | L39: 1.群众满意度≧95% 2.服务对象有的都送感谢旗到单位
A41: 其他说明的问题 | D41: 无
A42: 财政部门 审核意见 | D42: （盖章） 年 月 日

Sheet 社会垫资指挥部
A1: 项目支出预算绩效目标申报表 预算28表
A2: （2022年度）
A3: 填报单位（盖章）： | E3: 汨罗市自然资源局 | I3: 单位负责人： 陶文轩
A4: 项目基本情况 | B4: 项目名称 | D4: 耕地开发建设项目重点工程指挥部专项
B5: 项目属性 | D5: 延续项目
B6: 主管部门 | D6: 汨罗市自然资源局 | G6: 项目起止时间 | J6: 2022年1月-12月
B7: 项目负责人 | D7: 龚政伟 | G7: 联系电话 | J7: 13874078366
B8: 绩效管理联络员 | D8: 王海波 | G8: 联系电话 | J8: 13807406978
B9: 项目类型 | D9: 耕地保护
B10: 项目概况 | D10: 耕地开发建设项目重点工程
B11: 项目立项 依据 | D11: 《汩罗市重点项目建设指挥部管理暂行办法》（汨办发[2017]48号）和《关于将汨罗市社会垫资耕地开发项目建设指挥部纳入市重点工程指挥部报告》
A12: 项目资金情况 | B12: 项目资金申请（万元） | D12: 项 目 | F12: 上年度安排资金 | J12: 本年度申请资金
D13: 合 计 | F13: 150 | J13: 150
D14: 市级资金 | F14: 150 | J14: 150
D15: 省级资金
D16: 中央资金
D17: 自有资金
B18: 支出明细预算（万元） | D18: 项 目 | F18: 上年度安排资金 | I18: 本年度申请资金 | L18: 测算依据及说明
D19: 合 计 | F19: 150 | I19: =I20+I21 -> 150
D20: 1专用材料 | F20: 90 | I20: 90
D21: 2劳务费 | F21: 60 | I21: 60
D22: 3
D23: ……
A24: 单位已有的（或拟订的）保障项目实施的制度、措施 | D24: 建立了相关业务专项财务管理制度，加强资金管理，对项目资金使用情况，实行跟踪监控。一是实行专款专用。二是健全财务机制。建立专项资金管理制度、领导责任制、会计制度和出纳制度等。制定了专项资金使用管理暂行办法，从资金取得-使用管理-用后监管都进行了规定，加强了专项资金使用过程的控制和追踪问效。会计科目设置规范，账务处理正确，入账依据充分，各种审批手续完备。三是执行预决算管理。严格按预算管理要求使用资金，严格按进度和合同拨付资金，严格执行政府采购制度；四是严格审批程序。按照“先报再审后用”的原则，由实施方提出申请，相关单位签署意见确认资金额度，经财务股初审后，报局分管领导审批。五是全程接受财政等部门的监管。严格执行国库集中支付制度，严防截留、挪用资金，打造相关业务专项资金在阳光下运行。
A25: 项目年度实施进度计划 | C25: 项目实施内容 | H25: 开始时间 | K25: 结束时间
C26: 耕地开发建设项目重点工程指挥部专项 | H26: 2022年1月1日 | K26: 2022年12月31号
A27: 项目年度绩效目标情况 | B27: 长期绩效目标 | C27: 对耕地进行长期保护，保持耕地面积不变。
B28: 本年度绩效目标 | C28: 完成本年度耕地保护任务，实现耕地面积不减少，并开垦耕地。
B29: 项目年度绩效指标 | C29: 一级指标 | E29: 二级指标 | H29: 三级指标 | L29: 指标值
C30: 产出 指标 | E30: 数量指标 | H30: 1.完成耕地保护建设 | L30: 1、保持耕地面积不变。 2.实现耕地面积不减少，并开垦耕地。
E31: 质量指标 | H31: 1.高标准、严要求保护耕地 | L31: 1.培养出优质耕地
E32: 时效指标 | H32: 1.保证所有的工作能按时完成 2.保证过程中资金的按时到位 | L32: 1.按时跟踪 2.按时拨款
E33: 成本指标 | H33: 1.控制人工成本 2.控制材料成本 | L33: 1.耕地保护建设专项资金专款专用 2.询价采购材料，降低成本
C35: 一级指标 | E35: 二级指标 | H35: 三级指标 | L35: 指标值
C36: 产出 指标 | E36: 经济效益 | H36: 1.确保耕地和基本农田面积不变 2.资源得到合理利用 | L36: 本项目实施后大大提高耕地综合生产能力，每年增加净收益25.53万元
E37: 社会效益 | H37: 1.群众接受程度 2.登记工作普及程度 | L37: 有利于带动城乡县场的发展, 提高耕地质量，促进农民增收入，增强合理利用土地，切实保护耕地的意识。
E38: 环境效益 | H38: 1.资源得到合理利用 | L38: 通过土地整治可以增强抵御自然灾害的能力，提高资源的利用率，促进生态农业的发展。
E39: 可持续影响 | H39: 1.提供耕地利用数据 2.资源得到合理利用 | L39: 1.提供已建房面积和未利用地面积 2.大部分利用荒地荒山建房，根本不占用耕地面积
E40: 服务对象满意度 | H40: 1.得到群众好评 2.得到服务对象的认可 | L40: 1.群众满意度≧95% 2.服务对象有的都送感谢旗到单位
A42: 其他说明的问题 | D42: 无
A43: 财政部门 审核意见 | D43: （盖章） 年 月 日

Sheet 三调
M1: 28表
A2: 全国第三次土地调查项目支出预算绩效目标申报表
A3: （2022年度）
A4: 填报单位（盖章）：汨罗市自然资源局 | I4: 单位负责人：陶文轩
A5: 项目基本情况 | B5: 项目名称 | D5: 全国第三次土地调查
B6: 项目属性 | D6: 延续项目
B7: 主管部门 | D7: 汨罗市自然资源局 | G7: 项目起止时间 | J7: 2021年1月-2021年12月
B8: 项目负责人 | D8: 阳舟 | G8: 联系电话 | J8: 13874078366
B9: 绩效管理联络员 | D9: 潘玲 | G9: 联系电话 | J9: 13874088798
B10: 项目类型 | D10: 行政事业类
B11: 项目概况 | D11: 1、查清查实土地底数； 2、完善调查管理制度； 3、推动成果共享应用。
B12: 项目立项 依据 | D12: 国务院关于开展全国第三次土地调查的通知（国发[2017]48号） 湖南省人民政府关于切实做好全国第三次土地调查的通知（湘政发[2018]14号）
A13: 项目资金情况 | B13: 项目资金申请（万元） | D13: 项 目 | F13: 上年度安排资金 | J13: 本年度申请资金
D14: 合 计 | F14: 95 | J14: 170
D15: 市级资金 | F15: 95 | J15: 170
D16: 省级资金
D17: 中央资金
D18: 自有资金
B19: 支出明细预算（万元） | D19: 项 目 | F19: 上年度安排资金 | I19: 本年度申请资金 | L19: 测算依据及说明
D20: 合 计 | F20: 95 | I20: 170
D21: 1、专用材料费 | F21: 57 | I21: 102
D22: 2、劳务费 | F22: 38 | I22: 58
A23: 单位已有的（或拟订的）保障项目实施的制度、措施 | D23: 建立了相关业务专项财务管理制度，加强资金管理，对项目资金使用情况，实行跟踪监控。一是实行专款专用。二是健全财务机制。建立专项资金管理制度、领导责任制、会计制度和出纳制度等。制定了专项资金使用管理暂行办法，从资金取得-使用管理-用后监管都进行了规定，加强了专项资金使用过程的控制和追踪问效。会计科目设置规范，账务处理正确，入账依据充分，各种审批手续完备。三是执行预决算管理。严格按预算管理要求使用资金，严格按进度和合同拨付资金，严格执行政府采购制度；四是严格审批程序。按照“先报再审后用”的原则，由实施方提出申请，相关单位签署意见确认资金额度，经财务股初审后，报局分管领导审批。五是全程接受财政等部门的监管。严格执行国库集中支付制度，严防截留、挪用资金，打造相关业务专项资金在阳光下运行。
A24: 项目年度实施进度计划 | C24: 项目实施内容 | H24: 开始时间 | K24: 结束时间
H25: 44562 | K25: 44926
A26: 项目年度绩效目标情况 | B26: 长期绩效目标 | C26: 负责全国第三次土地调查工作
B27: 本年度绩效目标 | C27: 完成本年度全国第三次土地调查工作
B28: 项目年度绩效指标 | C28: 一级指标 | E28: 二级指标 | H28: 三级指标 | L28: 指标值
C29: 产出 指标 | E29: 数量指标 | H29: 1.确保准确程度 2.按时完成调查工作 | L29: 1.确保大调查数据准确程度在1：2000基础数据， 2.2021年下半年完成基本数据2022年完成成果验收，发布成果
E30: 质量指标 | H30: 1.调查准确程度高 2.调查错误率低 | L30: 1.全面推进土地调查初始库及工作底图精细度 2.大调查错误率为零
E31: 时效指标 | H31: 1.保证所有的工作能按时完成 2.保证过程中资金的按时到位 | L31: 1、2021年下半年完成基本数据2022年完成成果验收，发布成果 2、不导致资金资产流失
E32: 成本指标 | H32: 1.控制人工成本 2.控制材料成本 | L32: 1.成立第三次土地调查小组 2.集中人员集中时间，降低成本完成本次大调查
C34: 一级指标 | E34: 二级指标 | H34: 三级指标 | L34: 指标值
C35: 产出 指标 | E35: 经济效益 | H35: 1.确保大调查顺利进行 2.按时公布调查成果 | L35: 1.完成市县数据更新、成果核查、成果汇总 2.大调查列入本级财政预算，省市给予适当补助
E36: 社会效益 | H36: 1.群众接受程度 2.调查工作普及程度 | L36: 1.第三次大调查涉及范围广、参与部门多、工作任务重、技术要求高 2.做到省、市、县、乡、村层层部署
E37: 环境效益 | H37: 1.资源得到合理利用 2、保护环境资源、饮用水资源。 | L37: 1.合理利用资源，充分发挥生态循环作用 2、环保、林业、农业、水利、国土相结合，查清自然保护区、饮用水源保护
E38: 可持续影响 | H38: 1.提供土地利用数据 2.资源得到合理利用 | L38: 1.全面推进土地调查初始库及工作底图生产、外业调查、数据库建设，并可持续影响 2.大部分利用荒地荒山建房，根本不占用基本农田
E39: 服务对象满意度 | H39: 1.得到群众好评 2.得到服务对象的认可 | L39: 1.群众满意度≧95% 2.服务对象有的都送感谢旗到单位
A40: 其他说明的问题 | D40: 无
A41: 财政部门 审核意见 | D41: （盖章） 年 月 日

Sheet 房地一体
M1: 28表
A2: 农村宅基地和集体建设用地房地一体确权登记颁证项目支出预算绩效目标申报表
A3: （2022年度）
A4: 填报单位（盖章）：汨罗市自然资源局 | I4: 单位负责人：陶文轩
A5: 项目基本情况 | B5: 项目名称 | D5: 农村宅基地和集体建设用地房地一体确权登记颁证项目
B6: 项目属性 | D6: 延续项目
B7: 主管部门 | D7: 汨罗市自然资源局 | G7: 项目起止时间 | J7: 2022年1月-2022年12月
B8: 项目负责人 | D8: 陶文轩 | G8: 联系电话 | J8: 13874078366
B9: 绩效管理联络员 | D9: 潘玲 | G9: 联系电话 | J9: 13874088798
B10: 项目类型 | D10: 行政事业类
B11: 项目概况 | D11: 1、查清查实土地底数； 2、完善调查管理制度； 3、推动成果共享应用。
B12: 项目立项 依据 | D12: 湘自然资发[2019]29号
A13: 项目资金情况 | B13: 项目资金申请（万元） | D13: 项 目 | F13: 上年度安排资金 | J13: 本年度申请资金
D14: 合 计 | F14: 1000 | J14: 1500
D15: 市级资金 | F15: 1000 | J15: 1500
D16: 省级资金
D17: 中央资金
D18: 自有资金
B19: 支出明细预算（万元） | D19: 项 目 | F19: 上年度安排资金 | I19: 本年度申请资金 | L19: 测算依据及说明
D20: 合 计 | F20: 1000 | I20: 1500
D21: 1、专用材料费 | F21: 600 | I21: 900
D22: 2、劳务费 | F22: 400 | I22: 600
A23: 单位已有的（或拟订的）保障项目实施的制度、措施 | D23: 建立了相关业务专项财务管理制度，加强资金管理，对项目资金使用情况，实行跟踪监控。一是实行专款专用。二是健全财务机制。建立专项资金管理制度、领导责任制、会计制度和出纳制度等。制定了专项资金使用管理暂行办法，从资金取得-使用管理-用后监管都进行了规定，加强了专项资金使用过程的控制和追踪问效。会计科目设置规范，账务处理正确，入账依据充分，各种审批手续完备。三是执行预决算管理。严格按预算管理要求使用资金，严格按进度和合同拨付资金，严格执行政府采购制度；四是严格审批程序。按照“先报再审后用”的原则，由实施方提出申请，相关单位签署意见确认资金额度，经财务股初审后，报局分管领导审批。五是全程接受财政等部门的监管。严格执行国库集中支付制度，严防截留、挪用资金，打造相关业务专项资金在阳光下运行。
A24: 项目年度实施进度计划 | C24: 项目实施内容 | H24: 开始时间 | K24: 结束时间
H25: 44562 | K25: 44926
A26: 项目年度绩效目标情况 | B26: 长期绩效目标 | C26: 实现乡村振兴，深化农村宅基地房地一体确权登记
B27: 本年度绩效目标 | C27: 实现乡村振兴，深化农村宅基地房地一体确权登记
B28: 项目年度绩效指标 | C28: 一级指标 | E28: 二级指标 | H28: 三级指标 | L28: 指标值
C29: 产出 指标 | E29: 数量指标 | H29: 1.确保准确程度 2.按时完成工作 | L29: 1.确保农村宅基地房地一体确权登记准确程度在1：2000基础数据 2.2021年下半年完成基本数据，2022年完成成果验收，发布成果，实在村庄宅基地确权登记
E30: 质量指标 | H30: 1.调查准确程度高 2.调查错误率低
E31: 时效指标 | H31: 1.保证所有的工作能按时完成 2.保证过程中资金的按时到位 | L31: 1、2021年下半年完成基本数据，2022年完成成果验收，发布成果，实现农村宅基地确权 2、不导致资金资产流失
E32: 成本指标 | H32: 1.控制人工成本 2.控制材料成本
C34: 一级指标 | E34: 二级指标 | H34: 三级指标 | L34: 指标值
C35: 产出 指标 | E35: 经济效益 | H35: 1.确保村庄规划编制全覆盖工作顺利进行 2.按时公布调查成果 | L35: 1.完成市县数据更新、成果核查、成果汇总 2.该项目列入本级财政预算，省市给予适当补助
E36: 社会效益 | H36: 1.群众接受程度 2.调查工作普及程度 | L36: 1.涉及范围广、参与部门多、工作任务重、技术要求高 2.做到省、市、县、乡、村层层部署
E37: 环境效益 | H37: 1.资源得到合理利用 2、保护环境资源、饮用水资源 | L37: 1.合理利用资源，充分发挥生态循环作用 2、环保、林业、农业、水利、国土相结合，查清自然保护区、饮用水源保护。
E38: 可持续影响 | H38: 1.提供土地利用数据 2.资源得到合理利用
E39: 服务对象满意度 | H39: 1.得到群众好评 2.得到服务对象的认可 | L39: 1.群众满意度≧95% 2.服务对象有的都送感谢旗到单位
A41: 其他说明的问题 | D41: 无
A42: 财政部门 审核意见 | D42: （盖章） 年 月 日

Sheet 基本农田补划
M1: 预算28表
A2: 永久基本农田补划工作计数单位服务经费项目支出预算绩效目标申报表
A3: （2022年度）
A4: 填报单位（盖章）：汨罗市自然资源局 | I4: 单位负责人：陶文轩
A5: 项目基本情况 | B5: 项目名称 | D5: 永久基本农田补划工作计数单位服务经费项目
B6: 项目属性 | D6: 延续项目
B7: 主管部门 | D7: 汨罗市自然资源局 | G7: 项目起止时间 | J7: 2022年1月-2022年12月
B8: 项目负责人 | D8: 陶文轩 | G8: 联系电话 | J8: 13787985855
B9: 绩效管理 联络员 | D9: 龚正伟 | G9: 联系电话 | J9: 13874077248
B10: 项目类型 | D10: 行政事业类
B11: 项目概况 | D11: 根据永久基本农田补划工作任务和计划安排，落实技术力量和内业、外业和整改工作经费，保障工作顺利完成
B12: 项目立项 依据 | D12: 湘自然资发 【2020】158号
A13: 项目资金情况 | B13: 项目资金申请（万元） | D13: 项 目 | F13: 上年度安排资金 | J13: 本年度申请资金
D14: 合 计 | F14: 5 | J14: 5
D15: 市级资金 | F15: 5 | J15: 5
D16: 省级资金
D17: 中央资金
D18: 自有资金
B19: 支出明细预算（万元） | D19: 项 目 | F19: 上年度安排资金 | I19: 本年度申请资金 | L19: 测算依据及说明
D20: 合 计 | F20: 5 | I20: 5
D21: 1、专用材料费 | F21: 3 | I21: 3
D22: 2、劳务费 | F22: 2 | I22: 2
D23: 3
D24: ……
A25: 单位已有的（或拟订的）保障项目实施的制度、措施 | D25: 建立了相关业务专项财务管理制度，加强资金管理，对项目资金使用情况，实行跟踪监控。一是实行专款专用。二是健全财务机制。建立专项资金管理制度、领导责任制、会计制度和出纳制度等。制定了专项资金使用管理暂行办法，从资金取得-使用管理-用后监管都进行了规定，加强了专项资金使用过程的控制和追踪问效。会计科目设置规范，账务处理正确，入账依据充分，各种审批手续完备。三是执行预决算管理。严格按预算管理要求使用资金，严格按进度和合同拨付资金，严格执行政府采购制度；四是严格审批程序。按照“先报再审后用”的原则，由实施方提出申请，相关单位签署意见确认资金额度，经财务股初审后，报局分管领导审批。五是全程接受财政等部门的监管。严格执行国库集中支付制度，严防截留、挪用资金，打造相关业务专项资金在阳光下运行。
A26: 项目年度实施进度计划 | C26: 项目实施内容 | H26: 开始时间 | K26: 结束时间
H27: 44562 | K27: 44926
A30: 项目年度绩效目标情况 | B30: 长期绩效目标 | C30: 落实工作安排，保障工作完成
B31: 本年度绩效目标 | C31: 落实工作安排，保障工作完成
B32: 项目年度绩效指标 | C32: 一级指标 | E32: 二级指标 | H32: 三级指标 | L32: 指标值
C33: 产出 指标 | E33: 数量指标 | H33: 1.确保准确程度 2.按时完成工作 | L33: 1.确保农村宅基地房地一体确权登记准确程度在1：2000基础数据 2.2021年下半年完成基本数据，2022年完成成果验收，发布成果，实在村庄宅基地确权登记
E34: 质量指标 | H34: 1.调查准确程度高 2.调查错误率低
E35: 时效指标 | H35: 1.保证所有的工作能按时完成 2.保证过程中资金的按时到位 | L35: 1、2021年下半年完成基本数据，2022年完成成果验收，发布成果，实现农村宅基地确权 2、不导致资金资产流失
E36: 成本指标 | H36: 1.控制人工成本 2.控制材料成本
C38: 一级指标 | E38: 二级指标 | H38: 三级指标 | L38: 指标值
C39: 产出 指标 | E39: 经济效益 | H39: 1.确保村庄规划编制全覆盖工作顺利进行 2.按时公布调查成果 | L39: 1.完成市县数据更新、成果核查、成果汇总 2.该项目列入本级财政预算，省市给予适当补助
E40: 社会效益 | H40: 1.群众接受程度 2.调查工作普及程度 | L40: 1.涉及范围广、参与部门多、工作任务重、技术要求高 2.做到省、市、县、乡、村层层部署
E41: 环境效益 | H41: 1.资源得到合理利用 2、保护环境资源、饮用水资源 | L41: 1.合理利用资源，充分发挥生态循环作用 2、环保、林业、农业、水利、国土相结合，查清自然保护区、饮用水源保护。
E42: 可持续影响 | H42: 1.提供土地利用数据 2.资源得到合理利用
E43: 服务对象满意度 | H43: 1.得到群众好评 2.得到服务对象的认可 | L43: 1.群众满意度≧95% 2.服务对象有的都送感谢旗到单位
A45: 其他说明的问题 | D45: 无其他说明的问题
A46: 财政部门 审核意见 | D46: （盖章） 年 月 日

Sheet 耕地保护一张图编制
M1: 预算28表
A2: 耕地保护专项规划和耕地保护一张图编制工作技术服务经费项目支出预算绩效目标申报表
A3: （2022年度）
A4: 填报单位（盖章）：汨罗市自然资源局 | I4: 单位负责人：陶文轩
A5: 项目基本情况 | B5: 项目名称 | D5: 耕地保护专项规划和耕地保护一张图编制工作技术服务经费项目
B6: 项目属性 | D6: 新增项目
B7: 主管部门 | D7: 汨罗市自然资源局 | G7: 项目起止时间 | J7: 2022年1月-2022年12月
B8: 项目负责人 | D8: 陶文轩 | G8: 联系电话 | J8: 13787985855
B9: 绩效管理 联络员 | D9: 龚正伟 | G9: 联系电话 | J9: 13874077248
B10: 项目类型 | D10: 行政事业类
B11: 项目概况 | D11: 统筹保障好规划编制工作经费，并依法择优选取规划编制单位。
B12: 项目立项 依据 | D12: 湘自然资发 【2021】44号
A13: 项目资金情况 | B13: 项目资金申请（万元） | D13: 项 目 | F13: 上年度安排资金 | J13: 本年度申请资金
D14: 合 计 | J14: 40
D15: 市级资金 | J15: 40
D16: 省级资金
D17: 中央资金
D18: 自有资金
B19: 支出明细预算（万元） | D19: 项 目 | F19: 上年度安排资金 | I19: 本年度申请资金 | L19: 测算依据及说明
D20: 合 计 | I20: 40
D21: 1、专用材料费 | I21: 24
D22: 2、劳务费 | I22: 16
D23: 3
D24: ……
A25: 单位已有的（或拟订的）保障项目实施的制度、措施 | D25: 建立了相关业务专项财务管理制度，加强资金管理，对项目资金使用情况，实行跟踪监控。一是实行专款专用。二是健全财务机制。建立专项资金管理制度、领导责任制、会计制度和出纳制度等。制定了专项资金使用管理暂行办法，从资金取得-使用管理-用后监管都进行了规定，加强了专项资金使用过程的控制和追踪问效。会计科目设置规范，账务处理正确，入账依据充分，各种审批手续完备。三是执行预决算管理。严格按预算管理要求使用资金，严格按进度和合同拨付资金，严格执行政府采购制度；四是严格审批程序。按照“先报再审后用”的原则，由实施方提出申请，相关单位签署意见确认资金额度，经财务股初审后，报局分管领导审批。五是全程接受财政等部门的监管。严格执行国库集中支付制度，严防截留、挪用资金，打造相关业务专项资金在阳光下运行。
A26: 项目年度实施进度计划 | C26: 项目实施内容 | H26: 开始时间 | K26: 结束时间
H27: 44562 | K27: 44926
A30: 项目年度绩效目标情况 | B30: 长期绩效目标 | C30: 各部门联动共同做好耕地保护国土空间专项规划和耕地保护一张图编制。
B31: 本年度绩效目标 | C31: 各部门联动共同做好耕地保护国土空间专项规划和耕地保护一张图编制。
B32: 项目年度绩效指标 | C32: 一级指标 | E32: 二级指标 | H32: 三级指标 | L32: 指标值
C33: 产出 指标 | E33: 数量指标 | H33: 1.确保准确程度 2.按时完成工作 | L33: 1.确保农村宅基地房地一体确权登记准确程度在1：2000基础数据 2.2021年下半年完成基本数据，2022年完成成果验收，发布成果，实在村庄宅基地确权登记
E34: 质量指标 | H34: 1.调查准确程度高 2.调查错误率低
E35: 时效指标 | H35: 1.保证所有的工作能按时完成 2.保证过程中资金的按时到位 | L35: 1、2021年下半年完成基本数据，2022年完成成果验收，发布成果，实现农村宅基地确权 2、不导致资金资产流失
E36: 成本指标 | H36: 1.控制人工成本 2.控制材料成本
C38: 一级指标 | E38: 二级指标 | H38: 三级指标 | L38: 指标值
C39: 产出 指标 | E39: 经济效益 | H39: 1.确保村庄规划编制全覆盖工作顺利进行 2.按时公布调查成果 | L39: 1.完成市县数据更新、成果核查、成果汇总 2.该项目列入本级财政预算，省市给予适当补助
E40: 社会效益 | H40: 1.群众接受程度 2.调查工作普及程度 | L40: 1.涉及范围广、参与部门多、工作任务重、技术要求高 2.做到省、市、县、乡、村层层部署
E41: 环境效益 | H41: 1.资源得到合理利用 2、保护环境资源、饮用水资源 | L41: 1.合理利用资源，充分发挥生态循环作用 2、环保、林业、农业、水利、国土相结合，查清自然保护区、饮用水源保护。
E42: 可持续影响 | H42: 1.提供土地利用数据 2.资源得到合理利用
E43: 服务对象满意度 | H43: 1.得到群众好评 2.得到服务对象的认可 | L43: 1.群众满意度≧95% 2.服务对象有的都送感谢旗到单位
A45: 其他说明的问题 | D45: 无其他说明的问题
A46: 财政部门 审核意见 | D46: （盖章） 年 月 日

Sheet 控建拆违
M1: 28表
A2: 控建拆违执法专项支出预算绩效目标申报表
A3: （2022年度）
A4: 填报单位（盖章）：汨罗市自然资源局 | I4: 单位负责人：陶文轩
A5: 项目基本情况 | B5: 项目名称 | D5: 控建拆违执法专项
B6: 项目属性 | D6: 延续项目
B7: 主管部门 | D7: 汨罗市自然资源局 | G7: 项目起止时间 | J7: 2022年1月-2022年12月
B8: 项目负责人 | D8: 朱新明 | G8: 联系电话 | J8: 13974056886
B9: 绩效管理联络员 | D9: 龚正伟 | G9: 联系电话 | J9: 13874077248
B10: 项目类型 | D10: 行政事业类
B11: 项目概况 | D11: 大型拆违行动；控建拆违执法、巡查、监管工作和规划宣传工作
B12: 项目立项 依据 | D12: 湘政办发[2017]4号
A13: 项目资金情况 | B13: 项目资金申请（万元） | D13: 项 目 | F13: 上年度安排资金 | J13: 本年度申请资金
D14: 合 计 | F14: 100 | J14: 100
D15: 市级资金 | F15: 100 | J15: 100
D16: 省级资金
D17: 中央资金
D18: 自有资金
B19: 支出明细预算（万元） | D19: 项 目 | F19: 上年度安排资金 | I19: 本年度申请资金 | L19: 测算依据及说明
D20: 合 计 | F20: 100 | I20: 100
D21: 1、专用材料费 | F21: 60 | I21: 60
D22: 2、劳务费 | F22: 40 | I22: 40
A23: 单位已有的（或拟订的）保障项目实施的制度、措施 | D23: 建立了相关业务专项财务管理制度，加强资金管理，对项目资金使用情况，实行跟踪监控。一是实行专款专用。二是健全财务机制。建立专项资金管理制度、领导责任制、会计制度和出纳制度等。制定了专项资金使用管理暂行办法，从资金取得-使用管理-用后监管都进行了规定，加强了专项资金使用过程的控制和追踪问效。会计科目设置规范，账务处理正确，入账依据充分，各种审批手续完备。三是执行预决算管理。严格按预算管理要求使用资金，严格按进度和合同拨付资金，严格执行政府采购制度；四是严格审批程序。按照“先报再审后用”的原则，由实施方提出申请，相关单位签署意见确认资金额度，经财务股初审后，报局分管领导审批。五是全程接受财政等部门的监管。严格执行国库集中支付制度，严防截留、挪用资金，打造相关业务专项资金在阳光下运行。
A24: 项目年度实施进度计划 | C24: 项目实施内容 | H24: 开始时间 | K24: 结束时间
H25: 44562 | K25: 44926
A26: 项目年度绩效目标情况 | B26: 长期绩效目标 | C26: 实现我市“新增违法建设零增长，存量违法建设负增长”
B27: 本年度绩效目标 | C27: 实现我市“新增违法建设零增长，存量违法建设负增长”
B28: 项目年度绩效指标 | C28: 一级指标 | E28: 二级指标 | H28: 三级指标 | L28: 指标值
C29: 产出 指标 | E29: 数量指标 | H29: 1.确保准确程度 2.按时完成控建拆违相关工作 | L29: 1.确保控建拆违数据准确程度在1：2000基础数据， 2.2020年下半年完成基本数据，2021年完成成果验收，发布成果
E30: 质量指标 | H30: 1.调查准确程度高 2.调查错误率低 | L30: 1.全面推进控建拆违初始库及工作底图精细度， 2.控建拆违错误率为零
E31: 时效指标 | H31: 1.保证所有的工作能按时完成 2.保证过程中资金的按时到位 | L31: 1、2021年下半年完成基本数据，2022年完成成果验收，发布成果 2、不导致资金资产流失
E32: 成本指标 | H32: 1.控制人工成本 2.控制材料成本 | L32: 1.成立控建拆违工作小组 2.集中人员集中时间，降低成本完成本次工作
C33: 一级指标 | E33: 二级指标 | H33: 三级指标 | L33: 指标值
C34: 产出 指标 | E34: 经济效益 | H34: 1.确保大调查顺利进行 2.按时公布调查成果 | L34: 1.完成市县数据更新、成果核查、成果汇总 2.控建拆违列入本级财政预算，省市给予适当补助
E35: 社会效益 | H35: 1.群众接受程度 2.调查工作普及程度 | L35: 1.控建拆违相关工作涉及范围广、参与部门多、工作任务重、技术要求高 2.做到省、市、县、乡、村层层部署
E36: 环境效益 | H36: 1.资源得到合理利用 2、保护环境资源、饮用水资源。 | L36: 1.合理利用资源，充分发挥生态循环作用 2、环保、林业、农业、水利、国土相结合，查清自然保护区、饮用水源保护。
E37: 可持续影响 | H37: 1.提供土地利用数据 2.资源得到合理利用 | L37: 1.全面推进控建拆违初始库及工作底图生产、外业调查、数据库建设。并可持续影响。 2.大部分利用荒地荒山建房，根本不占用基本农田
E38: 服务对象满意度 | H38: 1.得到群众好评 2.得到服务对象的认可 | L38: 1.群众满意度≧95% 2.服务对象有的都送感谢旗到单位
A39: 其他说明的问题 | D39: 无
A40: 财政部门 审核意见 | D40: （盖章） 年 月 日

Sheet 土地储备
M1: 28表
A2: 储备委员会专项支出预算绩效目标申报表
A3: （2022年度）
A4: 填报单位（盖章）：汨罗市自然资源局 | I4: 单位负责人：陶文轩
A5: 项目基本情况 | B5: 项目名称 | D5: 储备委员会专项
B6: 项目属性 | D6: 新增项目R 延续项目□
B7: 主管部门 | D7: 汨罗市自然资源局 | G7: 项目起止时间 | J7: 2022年1月-2022年12月
B8: 项目负责人 | D8: 陶文轩 | G8: 联系电话 | J8: 13787985855
B9: 绩效管理 联络员 | D9: 龚正伟 | G9: 联系电话 | J9: 13874077248
B10: 项目类型 | D10: 行政事业类
B11: 项目概况 | D11: 1、查清查实土地底数； 2、完善调查管理制度； 3、推动成果共享应用。
B12: 项目立项 依据 | D12: 汨罗市土地储备委员会议纪要[2020]第一次
A13: 项目资金情况 | B13: 项目资金申请（万元） | D13: 项 目 | F13: 上年度安排资金 | J13: 本年度申请资金
D14: 合 计 | F14: 35 | J14: 35
D15: 市级资金 | F15: 35 | J15: 35
D16: 省级资金
D17: 中央资金
D18: 自有资金
B19: 支出明细预算（万元） | D19: 项 目 | F19: 上年度安排资金 | I19: 本年度申请资金 | L19: 测算依据及说明
D20: 合 计 | F20: 35 | I20: 35
D21: 1、专用材料费 | F21: 21 | I21: 21
D22: 2、劳务费 | F22: 14 | I22: 14
A23: 单位已有的（或拟订的）保障项目实施的制度、措施 | D23: 建立了相关业务专项财务管理制度，加强资金管理，对项目资金使用情况，实行跟踪监控。一是实行专款专用。二是健全财务机制。建立专项资金管理制度、领导责任制、会计制度和出纳制度等。制定了专项资金使用管理暂行办法，从资金取得-使用管理-用后监管都进行了规定，加强了专项资金使用过程的控制和追踪问效。会计科目设置规范，账务处理正确，入账依据充分，各种审批手续完备。三是执行预决算管理。严格按预算管理要求使用资金，严格按进度和合同拨付资金，严格执行政府采购制度；四是严格审批程序。按照“先报再审后用”的原则，由实施方提出申请，相关单位签署意见确认资金额度，经财务股初审后，报局分管领导审批。五是全程接受财政等部门的监管。严格执行国库集中支付制度，严防截留、挪用资金，打造相关业务专项资金在阳光下运行。
A24: 项目年度实施进度计划 | C24: 项目实施内容 | H24: 开始时间 | K24: 结束时间
H25: 44562 | K25: 44926
A26: 项目年度绩效目标情况 | B26: 长期绩效目标 | C26: 促进节约用地，提高建设用地保障能力
B27: 本年度绩效目标 | C27: 促进节约用地，提高建设用地保障能力
B28: 项目年度绩效指标 | C28: 一级指标 | E28: 二级指标 | H28: 三级指标 | L28: 指标值
C29: 产出 指标 | E29: 数量指标 | H29: 1.确保准确程度 2.按时完成工作 | L29: 1.确保储备委员会准确程度在1：2000基础数据 2.2021年下半年完成基本数据，2022年完成成果验收，发布成果
E30: 质量指标 | H30: 1.调查准确程度高 2.调查错误率低 | L30: 1.全面推进土地储备初始库及工作底图精细度 2.村庄规划全覆盖错误率为零
E31: 时效指标 | H31: 1.保证所有的工作能按时完成 2.保证过程中资金的按时到位 | L31: 1、2020年下半年完成基本数据，2022年完成成果验收，发布成果 2、不导致资金资产流失
E32: 成本指标 | H32: 1.控制人工成本 2.控制材料成本 | L32: 1.成立储备委员工作小组 2.集中人员集中时间，降低成本完成工作
C34: 一级指标 | E34: 二级指标 | H34: 三级指标 | L34: 指标值
C35: 产出 指标 | E35: 经济效益 | H35: 1.确保村庄规划编制全覆盖工作顺利进行 2.按时公布调查成果 | L35: 1.完成市县数据更新、成果核查、成果汇总 2.土地储备列入本级财政预算，省市给予适当补助
E36: 社会效益 | H36: 1.群众接受程度 2.调查工作普及程度 | L36: 1.土地储备涉及范围广、参与部门多、工作任务重、技术要求高 2.做到省、市、县、乡、村层层部署
E37: 环境效益 | H37: 1.资源得到合理利用 2、保护环境资源、饮用水资源 | L37: 1.合理利用资源，充分发挥生态循环作用 2、环保、林业、农业、水利、国土相结合
E38: 可持续影响 | H38: 1.提供土地利用数据 2.资源得到合理利用 | L38: 利用土地数据，合理利用土地
E39: 服务对象满意度 | H39: 1.得到群众好评 2.得到服务对象的认可 | L39: 1.群众满意度≧95% 2.服务对象有的都送感谢旗到单位
A41: 其他说明的问题 | D41: 无
A42: 财政部门 审核意见 | D42: （盖章） 年 月 日

Sheet 地质灾害
M1: 预算28表
A2: 地质灾害防治专项支出预算绩效目标申报表
A3: （2022年度）
A4: 填报单位（盖章）：汨罗市自然资源局 | I4: 单位负责人：陶文轩
A5: 项目基本情况 | B5: 项目名称 | D5: 地质灾害防治专项
B6: 项目属性 | D6: 延续项目
B7: 主管部门 | D7: 汨罗市自然资源局 | G7: 项目起止时间 | J7: 2022年1月-2022年12月
B8: 项目负责人 | D8: 陶文轩 | G8: 联系电话 | J8: 13787985855
B9: 绩效管理联络员 | D9: 龚正伟 | G9: 联系电话 | J9: 13874077248
B10: 项目类型 | D10: 行政事业类
B11: 项目概况 | D11: 为保证各灾害点安全，进行综合防治，开展应急值班、进行应急处置、群测群防、监测预警及气象监测
B12: 项目立项 依据 | D12: 湘政发【2018】12号
A13: 项目资金情况 | B13: 项目资金申请（万元） | D13: 项 目 | F13: 上年度安排资金 | J13: 本年度申请资金
D14: 合 计 | F14: 3 | J14: 5
D15: 市级资金 | F15: 3 | J15: 5
D16: 省级资金
D17: 中央资金
D18: 自有资金
B19: 支出明细预算（万元） | D19: 项 目 | F19: 上年度安排资金 | I19: 本年度申请资金 | L19: 测算依据及说明
D20: 合 计 | F20: 3 | I20: 5
D21: 1、专用材料费 | F21: 1.8 | I21: 3
D22: 2、劳务费 | F22: 1.2 | I22: 2
D23: 3
D24: ……
A25: 单位已有的（或拟订的）保障项目实施的制度、措施 | D25: 建立了相关业务专项财务管理制度，加强资金管理，对项目资金使用情况，实行跟踪监控。一是实行专款专用。二是健全财务机制。建立专项资金管理制度、领导责任制、会计制度和出纳制度等。制定了专项资金使用管理暂行办法，从资金取得-使用管理-用后监管都进行了规定，加强了专项资金使用过程的控制和追踪问效。会计科目设置规范，账务处理正确，入账依据充分，各种审批手续完备。三是执行预决算管理。严格按预算管理要求使用资金，严格按进度和合同拨付资金，严格执行政府采购制度；四是严格审批程序。按照“先报再审后用”的原则，由实施方提出申请，相关单位签署意见确认资金额度，经财务股初审后，报局分管领导审批。五是全程接受财政等部门的监管。严格执行国库集中支付制度，严防截留、挪用资金，打造相关业务专项资金在阳光下运行。
A26: 项目年度实施进度计划 | C26: 项目实施内容 | H26: 开始时间 | K26: 结束时间
C27: 地质灾害防治专项 | H27: 44562 | K27: 44926
A30: 项目年度绩效目标情况 | B30: 长期绩效目标 | C30: 进行地质灾害防治，确保各方安全
B31: 本年度绩效目标 | C31: 进行地质灾害防治，确保各方安全
B32: 项目年度绩效指标 | C32: 一级指标 | E32: 二级指标 | H32: 三级指标 | L32: 指标值
C33: 产出 指标 | E33: 数量指标 | H33: 1.确保准确程度 2.按时完成工作 | L33: 1.开展群测群防提高安全意识 2.进行监测预警、气象预测防治灾害发生
E34: 质量指标 | H34: 1.调查准确程度高 2.调查错误率低 | L34: 1.全面推进土地储备初始库及工作底图精细度 2.村庄规划全覆盖错误率为零
E35: 时效指标 | H35: 1.保证所有的工作能按时完成 2.保证过程中资金的按时到位 | L35: 1、2020年下半年完成基本数据，2022年完成成果验收，发布成果 2、不导致资金资产流失
E36: 成本指标 | H36: 1.控制人工成本 2.控制材料成本 | L36: 集中人员集中时间，降低成本完成工作
C38: 一级指标 | E38: 二级指标 | H38: 三级指标 | L38: 指标值
C39: 产出 指标 | E39: 经济效益 | H39: 1.确保村庄规划编制全覆盖工作顺利进行 2.按时公布调查成果 | L39: 1.完成市县数据更新、成果核查、成果汇总 2.土地储备列入本级财政预算，省市给予适当补助
E40: 社会效益 | H40: 1.群众接受程度 2.调查工作普及程度 | L40: 1.地质灾害涉及范围广、参与部门多、工作任务重、技术要求高 2.做到省、市、县、乡、村层层部署
E41: 环境效益 | H41: 1.资源得到合理利用 2、保护环境资源、饮用水资源 | L41: 1.合理利用资源，充分发挥生态循环作用 2、环保、林业、农业、水利、自然资源相结合
E42: 可持续影响 | H42: 1.提供土地利用数据 2.资源得到合理利用 | L42: 利用土地数据，合理利用土地
E43: 服务对象满意度 | H43: 1.得到群众好评 2.得到服务对象的认可 | L43: 1.群众满意度≧95% 2.服务对象有的都送感谢旗到单位
A45: 其他说明的问题 | D45: 无其他说明的问题
A46: 财政部门 审核意见 | D46: （盖章） 年 月 日

Sheet 城镇开发
M1: 预算28表
A2: 城镇开发边界内1:500DLG生产项目支出预算绩效目标申报表
A3: （2022年度）
A4: 填报单位（盖章）：汨罗市自然资源局 | I4: 单位负责人：陶文轩
A5: 项目基本情况 | B5: 项目名称 | D5: 城镇开发边界内1:500DLG生产项目
B6: 项目属性 | D6: 延续项目
B7: 主管部门 | D7: 汨罗市自然资源局 | G7: 项目起止时间 | J7: 2022年1月-2022年12月
B8: 项目负责人 | D8: 陶文轩 | G8: 联系电话 | J8: 13787985855
B9: 绩效管理联络员 | D9: 龚正伟 | G9: 联系电话 | J9: 13874077248
B10: 项目类型 | D10: 行政事业类
B11: 项目概况 | D11: 保障基础地理信息平台的唯一性、实时性与权威性，对现有数据进行定期更新、补充并整合现有基础地理信息数据
B12: 项目立项 依据 | D12: 湘自资办发 【2020】189号
A13: 项目资金情况 | B13: 项目资金申请（万元） | D13: 项 目 | F13: 上年度安排资金 | J13: 本年度申请资金
D14: 合 计 | J14: 100
D15: 市级资金 | J15: 100
D16: 省级资金
D17: 中央资金
D18: 自有资金
B19: 支出明细预算（万元） | D19: 项 目 | F19: 上年度安排资金 | I19: 本年度申请资金 | L19: 测算依据及说明
D20: 合 计 | I20: 100
D21: 1、专用材料费 | I21: 60
D22: 2、劳务费 | I22: 40
D23: 3
D24: ……
A25: 单位已有的（或拟订的）保障项目实施的制度、措施 | D25: 建立了相关业务专项财务管理制度，加强资金管理，对项目资金使用情况，实行跟踪监控。一是实行专款专用。二是健全财务机制。建立专项资金管理制度、领导责任制、会计制度和出纳制度等。制定了专项资金使用管理暂行办法，从资金取得-使用管理-用后监管都进行了规定，加强了专项资金使用过程的控制和追踪问效。会计科目设置规范，账务处理正确，入账依据充分，各种审批手续完备。三是执行预决算管理。严格按预算管理要求使用资金，严格按进度和合同拨付资金，严格执行政府采购制度；四是严格审批程序。按照“先报再审后用”的原则，由实施方提出申请，相关单位签署意见确认资金额度，经财务股初审后，报局分管领导审批。五是全程接受财政等部门的监管。严格执行国库集中支付制度，严防截留、挪用资金，打造相关业务专项资金在阳光下运行。
A26: 项目年度实施进度计划 | C26: 项目实施内容 | H26: 开始时间 | K26: 结束时间
C27: 城镇开发边界内1:500DLG生产项目 | H27: 44562 | K27: 44926
A30: 项目年度绩效目标情况 | B30: 长期绩效目标 | C30: 全面组织实施好城镇开发边界内1:500地形图生产与更新，进一步推进汨罗市基础测绘生产与更新工作
B31: 本年度绩效目标 | C31: 全面组织实施好城镇开发边界内1:500地形图生产与更新，进一步推进汨罗市基础测绘生产与更新工作
B32: 项目年度绩效指标 | C32: 一级指标 | E32: 二级指标 | H32: 三级指标 | L32: 指标值
C33: 产出 指标 | E33: 数量指标 | H33: 1.确保准确程度 2.按时完成工作 | L33: 1.开展群测群防提高安全意识 2.进行监测预警、气象预测防治灾害发生
E34: 质量指标 | H34: 1.调查准确程度高 2.调查错误率低 | L34: 1.全面推进数据更新精细度 2.基础数据错误率为零
E35: 时效指标 | H35: 1.保证所有的工作能按时完成 2.保证过程中资金的按时到位 | L35: 1、2020年下半年完成基本数据，2022年完成成果验收，发布成果 2、不导致资金资产流失
E36: 成本指标 | H36: 1.控制人工成本 2.控制材料成本 | L36: 集中人员集中时间，降低成本完成工作
C38: 一级指标 | E38: 二级指标 | H38: 三级指标 | L38: 指标值
C39: 产出 指标 | E39: 经济效益 | H39: 1.确保村庄规划编制全覆盖工作顺利进行 2.按时公布调查成果 | L39: 1.完成市县数据更新、成果核查、成果汇总 2.土地储备列入本级财政预算，省市给予适当补助
E40: 社会效益 | H40: 1.群众接受程度 2.调查工作普及程度 | L40: 1.数据更新涉及范围广、参与部门多、工作任务重、技术要求高 2.做到省、市、县、乡、村层层部署
E41: 环境效益 | H41: 1.资源得到合理利用 2、保护环境资源、饮用水资源 | L41: 1.合理利用资源，充分发挥生态循环作用 2、环保、林业、农业、水利、国土相结合
E42: 可持续影响 | H42: 1.提供土地利用数据 2.资源得到合理利用 | L42: 利用土地数据，合理利用土地
E43: 服务对象满意度 | H43: 1.得到群众好评 2.得到服务对象的认可 | L43: 1.群众满意度≧95% 2.服务对象有的都送感谢旗到单位
A45: 其他说明的问题 | D45: 无其他说明的问题
A46: 财政部门 审核意见 | D46: （盖章） 年 月 日
